Workbook
Name Salaire_chercheur: #REF!
Name Salaire_chercheur: #REF!
Name Salaire_chercheur: #REF!
Name Salaire_chercheur: #REF!
Name Salaire_chercheur: #REF!
Name Salaire_chercheur: #REF!
Name Salaire_chercheur: #REF!
Name Salaire_chercheur: #REF!
Name Salaire_chercheur: Listes!#REF!
Name Salaire_directeur: #REF!
Name Salaire_directeur: #REF!
Name Salaire_directeur: #REF!
Name Salaire_directeur: #REF!
Name Salaire_directeur: #REF!
Name Salaire_directeur: #REF!
Name Salaire_directeur: #REF!
Name Salaire_directeur: #REF!
Name Salaire_directeur: Listes!#REF!
Name Salaire_ingénieur: #REF!
Name Salaire_ingénieur: #REF!
Name Salaire_ingénieur: #REF!
Name Salaire_ingénieur: #REF!
Name Salaire_ingénieur: #REF!
Name Salaire_ingénieur: #REF!
Name Salaire_ingénieur: #REF!
Name Salaire_ingénieur: #REF!
Name Salaire_ingénieur: Listes!#REF!
Name Salaire_technicien: #REF!
Name Salaire_technicien: #REF!
Name Salaire_technicien: #REF!
Name Salaire_technicien: #REF!
Name Salaire_technicien: #REF!
Name Salaire_technicien: #REF!
Name Salaire_technicien: #REF!
Name Salaire_technicien: #REF!
Name Salaire_technicien: Listes!#REF!

Sheet Versions
A1: FEUILLE DE SYNTHESE DES DEPENSES
A2: N° de version | B2: Date de livraison | C2: Modifications apportées
A3: V1.0 | B3: /07/2026 | C3: Création de la feuille

Sheet Notice
A9: FEADER 2023-2027 MAYOTTE Fiche Intervention 77.07 - SOUTIEN AUX PROJETS PILOTES ET DEVELOPPEMENT DE NOUVEAUX PRODUITS, PRATIQUES, PROCEDES ET TECHNIQUES
L10: Version 2 de la fiche de synthèse des dépenses 77.07 (15/12/2025)
A12: Consignes d'utilisation
A13: Chaque colonne avec un " * " doit être obligatoirement remplie. Une zone de commentaire est présente et nous vous invitons à l'utiliser le plus souvent.
D14: Merci de consulter le guide du bénéficiaire et la notice transversale à la demande d'aide au lien suivant : | M14: https://daaf.mayotte.agriculture.gouv.fr/guide-du-beneficiaire-et-notice-transversale-a618.html
A16: Attention : les acomptes sont possibles dans la limite de 80 % du montant total de la subvention publique, après déduction de l’avance (Seuil minimum : 1 500 € de dépenses éligibles par acompte).
A18: Si vous n'avez pas Excel, ce document peut etre utilisé avec LibreOffice. Une fois le dossier complété, merci de le déposer au format Excel sur Safran.
A21: Rappels réglementaires
A22: Dépenses sur factures
A23: Remboursement des dépenses sur la base des factures acquittées.
A24: Dépenses sur frais de personnel
A25: Les frais de personnel (salaire brut chargé) sont remboursés au réel. Les salaires sont plafonnés de la manière suivante :
H26: Niveau d’étude - Poste | J26: Salaire brut chargé maximal annuel pour un temps plein (1607 heures annuelles)
H27: Technicien | J27: 60000
H28: Ingénieur | J28: 80000
H29: Directeur | J29: 110000
H30: Chercheur | J30: 140000
A31: Les dépenses sur rémunérations sont calculées sur une base unique de 1607 heures par an. Exemple : Salaire annuel / 1607h = Coût horaire Coût horaire * Nombre d’heures travaillées = Montant demandé
A32: Dépenses sur frais de structure
A33: Les frais de structures correspondent aux frais de fonctionnement liés au projet déposé. Ils sont calculés sur la base d’une option de coûts simplifiés (OCS). Aucune pièce justificative n’est attendu pour ce type de dépense. Les frais de structures seront calculés automatiquement et correspondent à un forfait fixe de 15% des frais de personnels éligibles retenues.
A34: Dépenses sur frais réels
A35: Les déplacements en avion et en train sont admissibles et pris en compte sur frais réels, selon les modalités suivantes : - Uniquement en classe économique (avion) ou seconde classe (train), - Plafonnés à hauteur de 1 900 € pour un Aller-Retour entre Mayotte et l’Hexagone (Avion), - Plafonnés à hauteur de 700 € pour un Aller-Retour entre Mayotte et La Réunion (Avion), - Plafonnés 2200 € pour un Aller-Retour entre Mayotte et les Caraïbes (Avion). Attention : La location de véhicules individuels est inéligible en frais réels dans le cadre de la programmation 2023 – 2027. En revanche des dépenses de déplacement sur barèmes kilométriques peuvent être présentées, en utilisant un véhicule de location.
A36: Dépenses forfaitaires (hébergement, restauration, déplacements sur base forfaitaire)
A37: Pour les dépenses de restauration et d’hébergement, le calcul du montant des dépenses s’effectue sur la base du barème de la fonction publique en cours au moment du dépôt de la demande d’aide (pour la demande d’aide). Les forfaits applicables aux dépenses de déplacement sur base forfaitaire sont ceux de l'arrêté du 27 mars 2023 fixant le barème forfaitaire permettant l'évaluation des frais de déplacement relatifs à l'utilisation d'un véhicule par les bénéficiaires de traitements et salaires optant pour le régime des frais réels déductibles.
A38: Frais de restauration : 20 € (à hauteur de deux repas maximum par jour)
A39: Frais de d'hébergement : Voir l'arrêté du 20 septembre 2023
A40: Frais de déplacement : Voir l'arrêté du 27 mars 2023
I42: Catégories de dépenses | L42: Sous-catégories de dépenses
I43: Dépenses sur devis | L43: Publicité européenne
L44: Achat de prestation
L45: Communication et promotion
L46: Achat de matériel
L47: Etude préalable
I48: Frais de personnel | L48: Salaire chercheur
L49: Salaire directeur
L50: Salaire ingénieur
L51: Salaire technicien
I52: Frais de structure | L52: 15% des frais de personnel
I53: Dépenses sur frais réels | L53: Billets d'avion
L54: Billets de train
I55: Dépenses sur barèmes | L55: Frais de déplacement (barèmes kilométriques)
L56: Frais d'hébergement
L57: Frais de restauration
A59: Règles de plafond de dépenses
A60: L'achat de matériel sont plafonnés à 20% du montant total éligible retenu après application des plafonds. Les dépenses liées au « Hors-Transfert » sont plafonnées à 80% des montant éligibles totaux du projet.

Sheet Synthèse dépenses bénéficiaire
A9: FEADER 2023-2027 MAYOTTE Fiche Intervention 77.07 - SOUTIEN AUX PROJETS PILOTES ET DEVELOPPEMENT DE NOUVEAUX PRODUITS, PRATIQUES, PROCEDES ET TECHNIQUES
A10: Nom ou raison sociale du porteur de projet
A11: Intitulé du projet
A12: N°dossier SAFRAN
A13: Objet Demande de Paiement
A14: Synthèse des montants présentées à la demande de paiement
C16: Type de dépenses | D16: Montant présenté | F16: Catégories de dépenses et Sous-catégories de dépenses | G16: Montant présenté
C17: Dépenses sur factures | D17: =G17 -> 0 | F17: Dépenses sur factures | G17: =IF(C31="",0,SUM(G18:G22)) -> 0
C18: Dépenses sur frais de personnel | D18: =G23 -> 0 | F18: Publicité européenne | G18: =IF($C$31="",0,SUMIF('Dépenses sur factures'!$E$7:$E$506,'Synthèse dépenses bénéficiaire'!F18,'Dépenses sur factures'!$I$7:$I$506)) -> 0 | M18: Transfert | N18: Hors transfert
C19: Dépenses sur frais de structures | D19: =G28 -> 0 | F19: Achat de matériel | G19: =IF($C$31="",0,SUMIF('Dépenses sur factures'!$E$7:$E$506,'Synthèse dépenses bénéficiaire'!F19,'Dépenses sur factures'!$I$7:$I$506)) -> 0 | M19: =SUMIFS('Dépenses rémunération au réel'!$M$7:$M$506,'Dépenses rémunération au réel'!$F$7:$F$506,"Transfert") -> 0 | N19: =SUMIFS('Dépenses rémunération au réel'!$M$7:$M$506,'Dépenses rémunération au réel'!$F$7:$F$506,"Hors-Transfert") -> 0
C20: Dépenses sur frais réels | D20: =G30 -> 0 | F20: Achat de prestation | G20: =IF($C$31="",0,SUMIF('Dépenses sur factures'!$E$7:$E$506,'Synthèse dépenses bénéficiaire'!F20,'Dépenses sur factures'!$I$7:$I$506)) -> 0 | M20: =IF(C31="Oui",M19*0.15,0) -> 0 | N20: =IF(C31="Oui",N19*0.15,0) -> 0
C21: Dépenses forfaitaires | D21: =G33 -> 0 | F21: Communication et promotion | G21: =IF($C$31="",0,SUMIF('Dépenses sur factures'!$E$7:$E$506,'Synthèse dépenses bénéficiaire'!F21,'Dépenses sur factures'!$I$7:$I$506)) -> 0
C22: Total | D22: =SUM(D17:D21) -> 0 | F22: Etude préalable | G22: =IF($C$31="",0,SUMIF('Dépenses sur factures'!$E$7:$E$506,'Synthèse dépenses bénéficiaire'!F22,'Dépenses sur factures'!$I$7:$I$506)) -> 0
F23: Dépenses de rémunération au réel | G23: =IF(C31="",0,SUM(G24:G27)) -> 0
C24: Montant en "Transfert" | D24: Montant en "Hors-Transfert" | F24: Salaire_chercheur | G24: =IF($C$31="",0,SUMIF('Dépenses rémunération au réel'!$E$7:$E$506,'Synthèse dépenses bénéficiaire'!F24,'Dépenses rémunération au réel'!$M$7:$M$506)) -> 0 | N24: Hors-Transfert
C25: =IF(C31="",0,SUMIFS('Dépenses sur factures'!$I$7:$I$506,'Dépenses sur factures'!$F$7:$F$506,"Transfert")+SUMIFS('Dépenses rémunération au réel'!$M$7:$M$506,'Dépenses rémunération au réel'!$F$7:$F$506,"Transfert")+SUMIFS('Dépenses sur frais réels'!$J$7:$J$506,'Dépenses sur frais réels'!$F$7:$F$506,"Transfert")+SUMIFS('Dépenses forfaitaires'!$Q$7:$Q$506,'Dépenses forfaitaires'!$J$7:$J$506,"Transfert")+M20) -> 0 | D25: =IF(C31="",0,SUMIFS('Dépenses sur factures'!$I$7:$I$506,'Dépenses sur factures'!$F$7:$F$506,"Hors-Transfert")+SUMIFS('Dépenses rémunération au réel'!$M$7:$M$506,'Dépenses rémunération au réel'!$F$7:$F$506,"Hors-Transfert")+SUMIFS('Dépenses sur frais réels'!$J$7:$J$506,'Dépenses sur frais réels'!$F$7:$F$506,"Hors-Transfert")+SUMIFS('Dépenses forfaitaires'!$Q$7:$Q$506,'Dépenses forfaitaires'!$J$7:$J$506,"Hors-Transfert")+N20) -> 0 | F25: Salaire_directeur | G25: =IF($C$31="",0,SUMIF('Dépenses rémunération au réel'!$E$7:$E$506,'Synthèse dépenses bénéficiaire'!F25,'Dépenses rémunération au réel'!$M$7:$M$506)) -> 0
C26: =IFERROR(IF(C29=0,0,C25/D22),0) -> 0 | D26: =IFERROR(IF(C29=0,0,D25/D22),0) -> 0 | F26: Salaire_ingénieur | G26: =IF($C$31="",0,SUMIF('Dépenses rémunération au réel'!$E$7:$E$506,'Synthèse dépenses bénéficiaire'!F26,'Dépenses rémunération au réel'!$M$7:$M$506)) -> 0
F27: Salaire_technicien | G27: =IF($C$31="",0,SUMIF('Dépenses rémunération au réel'!$E$7:$E$506,'Synthèse dépenses bénéficiaire'!F27,'Dépenses rémunération au réel'!$M$7:$M$506)) -> 0
F28: Dépenses sur frais de structure | G28: =IF(C31="",0,G29) -> 0
C29: Souhaitez-vous solliciter la prise en charge des frais de structure ? * | F29: 15% des frais de personnel | G29: =IF(C31="Non",0,G23*0.15) -> 0
C30: Dans le cadre de votre projet, si vous avez déjà obtenu d'autres financements pour vos frais de structure, ou si vous êtes en cours de démarche pour les obtenir, répondez "Non", sinon répondez "Oui". | F30: Déplacements sur frais réels | G30: =IF(C31="",0,G31+G32) -> 0
F31: Billets d'avion | G31: =IF($C$31="",0,SUMIF('Dépenses sur frais réels'!$E$7:$E$506,'Synthèse dépenses bénéficiaire'!F31,'Dépenses sur frais réels'!$J$7:$J$506)) -> 0
F32: Billets de train | G32: =IF($C$31="",0,SUMIF('Dépenses sur frais réels'!$E$7:$E$506,'Synthèse dépenses bénéficiaire'!F32,'Dépenses sur frais réels'!$J$7:$J$506)) -> 0
F33: Dépenses forfaitaires | G33: =IF(C31="",0,SUM(G34:G36)) -> 0
F34: Frais de déplacement (barèmes kilométriques) | G34: =IF($C$31="",0,SUMIF('Dépenses forfaitaires'!$H$7:$H$506,'Synthèse dépenses bénéficiaire'!F34,'Dépenses forfaitaires'!$Q$7:$Q$506)) -> 0
F35: Frais d'hébergement | G35: =IF($C$31="",0,SUMIF('Dépenses forfaitaires'!$H$7:$H$506,'Synthèse dépenses bénéficiaire'!F35,'Dépenses forfaitaires'!$Q$7:$Q$506)) -> 0
F36: Frais de restauration | G36: =IF($C$31="",0,SUMIF('Dépenses forfaitaires'!$H$7:$H$506,'Synthèse dépenses bénéficiaire'!F36,'Dépenses forfaitaires'!$Q$7:$Q$506)) -> 0
F37: Total | G37: =G17+G23+G28+G30+G33 -> 0

Sheet Dépenses sur factures
A1: DEMANDEUR
A2: Dépenses sur Factures Les colonnes marquées d'un " * " sont à remplir obligatoirement pour chaque ligne de dépense. Merci de ne pas modifier ce document.
A3: N° | B3: Description de la dépense * | C3: Dénomination du fournisseur du devis choisi * | D3: Identifiant du justificatif * | E3: Sous catégories de dépenses * | F3: Type de transfert * | G3: Date d'émission* | H3: Date d'acquittement * | I3: Montant HT présenté * | J3: Commentaires
B4: (nature de la dépense indiquée sur le justificatif de dépense. Ex : désignation de l'article, de l'objet…) | C4: (nom de l'entreprise, de la structure émettrice du justificatif) | D4: (information présente sur le justificatif joint. Ex: numéro de facture,...) | E4: Sélectionner la sous-catégorie de dépenses | F4: Choisissez "Transfert" ou "Hors-Transfert" | G4: Date d'émission du justificatif | H4: Date d'acquittement du justificatif | I4: (montant hors taxes de la facture, en euros) | J4: (le cas échéant, pour préciser un point saillant au Service Instructeur)
A5: Exemple | B5: Imprimante | C5: Design Print | D5: 20240223-0001 | E5: Equipement bureau | F5: Hors-Transfert | G5: 45689 | H5: 45747 | I5: 2850
H6: TOTAL | I6: =SUM(I7:I506) -> 0
A7: 1
A8: 2
A9: 3
A10: 4
A11: 5
A12: 6
A13: 7
A14: 8
A15: 9
A16: 10
A17: 11
A18: 12
... A506: 500
E507: TOTAL | I507: =SUM(I7:I506) -> 0

Sheet Dépenses rémunération au réel
A1: DEMANDEUR
A2: Dépenses de rémunération au réel Les colonnes marquées d'un " * " sont à remplir obligatoirement pour chaque ligne de dépense. Merci de ne pas modifier ce document.
A3: N° | B3: Description de l'intervention * | C3: Nom de l'intervenant * | D3: Qualification de l'intervenant * | E3: Sous catégories de dépenses * | F3: Type de transfert * | G3: Identifiant du justificatif * | H3: Date de début * | I3: Date de fin * | J3: Coût salarial sur la période * | K3: Temps de travail sur la période * | L3: Temps de travail sur l'opération * | M3: Montant HT demandé | N3: Commentaires
B4: Description de la mission de la personne | C4: Nom et prénom de la personne | D4: Diplôme, niveau d'etude, etc…. | E4: Sélectionner la sous-catégorie de dépense | F4: Choisissez "Transfert" ou "Hors-Transfert" | G4: Ex: Bulletin de paie,... | H4: Date de début de l'intervention | I4: Date de fin de l'intervention | J4: Les dépenses sur rémunérations sont calculées sur une base unique de 1607 heures par an. | N4: (le cas échéant, pour préciser un point saillant au Service Instructeur)
A5: Exemple | B5: Salaire du chargée de mission | C5: M. Salaire | D5: Ingénieur | E5: Salaire_ingénieur | F5: Hors-Transfert | H5: 45292 | I5: 45474 | J5: 34000 | K5: 212 | L5: 204 | M5: =IF($E5="","",IF(OR(($J5=0),($K5=0)),0,$J5/$K5*$L5)) -> 32716.981
L6: TOTAL | M6: =SUM(M7:M506) -> 0
A7: 1 | M7: =IF($E7="","",IF(OR(($J7=0),($K7=0)),0,$J7/$K7*$L7))
A8: 2 | M8: =IF($E8="","",IF(OR(($J8=0),($K8=0)),0,$J8/$K8*$L8))
A9: 3 | M9: =IF($E9="","",IF(OR(($J9=0),($K9=0)),0,$J9/$K9*$L9))
A10: 4 | M10: =IF($E10="","",IF(OR(($J10=0),($K10=0)),0,$J10/$K10*$L10))
A11: 5 | M11: =IF($E11="","",IF(OR(($J11=0),($K11=0)),0,$J11/$K11*$L11))
A12: 6 | M12: =IF($E12="","",IF(OR(($J12=0),($K12=0)),0,$J12/$K12*$L12))
A13: 7 | M13: =IF($E13="","",IF(OR(($J13=0),($K13=0)),0,$J13/$K13*$L13))
A14: 8 | M14: =IF($E14="","",IF(OR(($J14=0),($K14=0)),0,$J14/$K14*$L14))
A15: 9 | M15: =IF($E15="","",IF(OR(($J15=0),($K15=0)),0,$J15/$K15*$L15))
A16: 10 | M16: =IF($E16="","",IF(OR(($J16=0),($K16=0)),0,$J16/$K16*$L16))
A17: 11 | M17: =IF($E17="","",IF(OR(($J17=0),($K17=0)),0,$J17/$K17*$L17))
A18: 12 | M18: =IF($E18="","",IF(OR(($J18=0),($K18=0)),0,$J18/$K18*$L18))
... A506: 500 | M506: =IF($E506="","",IF(OR(($J506=0),($K506=0)),0,$J506/$K506*$L506))
K507: TOTAL | M507: =SUM(M7:M506) -> 0

Sheet Dépenses sur frais réels
A1: DEMANDEUR
A2: Dépenses sur frais réels Les colonnes marquées d'un " * " sont à remplir obligatoirement pour chaque ligne de dépense. Merci de ne pas modifier ce document.
A3: N° | B3: Description de la dépense * | C3: Nom de l'intervenant * | D3: Identifiant du justificatif * | E3: Sous catégories de dépenses * | F3: Type de transfert * | G3: Nature du billet d'avion | H3: Date d'émission* | I3: Date d'acquittement * | J3: Montant HT demandé * | K3: Montant du plafond | L3: Commentaires
B4: (Veuillez saisir qu'un seul billet d'avion ou de train par ligne) | C4: (information présente sur le justificatif joint) | E4: Sélectionner la sous-catégorie de dépense | F4: Choisissez "Transfert" ou "Hors-Transfert" | G4: (Demandé uniquement pour les billets d'avion) | H4: Date d'émission du justificatif | I4: Date d'acquittement du justificatif | J4: (montant hors taxes) | K4: (Rappel du plafond en vigueur pour ce type de dépenses) | L4: (le cas échéant, pour préciser un point saillant au Service Instructeur)
A5: Exemple | B5: Billets d'avion Aller - Retour Mayotte - Paris | C5: M. Avion | D5: OM 1412 | E5: Billets d'avion | F5: Hors-Transfert | G5: Aller - Retour Mayotte - Hexagone | H5: 45292 | I5: 45292 | J5: 1900 | L5: Déplacement dans le cadre de la formation lié au projet
I6: TOTAL | J6: =SUM(J7:J506) -> 0
A7: 1 | K7: =IF(G7="", "", IF(E7="Billets de train", "", IF(E7="", "", VLOOKUP(G7, Listes!$G$31:$H$33, 2, FALSE))))
A8: 2 | K8: =IF(G8="", "", IF(E8="Billets de train", "", IF(E8="", "", VLOOKUP(G8, Listes!$G$31:$H$33, 2, FALSE))))
A9: 3 | K9: =IF(G9="", "", IF(E9="Billets de train", "", IF(E9="", "", VLOOKUP(G9, Listes!$G$31:$H$33, 2, FALSE))))
A10: 4 | K10: =IF(G10="", "", IF(E10="Billets de train", "", IF(E10="", "", VLOOKUP(G10, Listes!$G$31:$H$33, 2, FALSE))))
A11: 5 | K11: =IF(G11="", "", IF(E11="Billets de train", "", IF(E11="", "", VLOOKUP(G11, Listes!$G$31:$H$33, 2, FALSE))))
A12: 6 | K12: =IF(G12="", "", IF(E12="Billets de train", "", IF(E12="", "", VLOOKUP(G12, Listes!$G$31:$H$33, 2, FALSE))))
A13: 7 | K13: =IF(G13="", "", IF(E13="Billets de train", "", IF(E13="", "", VLOOKUP(G13, Listes!$G$31:$H$33, 2, FALSE))))
A14: 8 | K14: =IF(G14="", "", IF(E14="Billets de train", "", IF(E14="", "", VLOOKUP(G14, Listes!$G$31:$H$33, 2, FALSE))))
A15: 9 | K15: =IF(G15="", "", IF(E15="Billets de train", "", IF(E15="", "", VLOOKUP(G15, Listes!$G$31:$H$33, 2, FALSE))))
A16: 10 | K16: =IF(G16="", "", IF(E16="Billets de train", "", IF(E16="", "", VLOOKUP(G16, Listes!$G$31:$H$33, 2, FALSE))))
A17: 11 | K17: =IF(G17="", "", IF(E17="Billets de train", "", IF(E17="", "", VLOOKUP(G17, Listes!$G$31:$H$33, 2, FALSE))))
A18: 12 | K18: =IF(G18="", "", IF(E18="Billets de train", "", IF(E18="", "", VLOOKUP(G18, Listes!$G$31:$H$33, 2, FALSE))))
... A506: 500 | K506: =IF(G506="", "", IF(E506="Billets de train", "", IF(E506="", "", VLOOKUP(G506, Listes!$G$31:$H$33, 2, FALSE))))
G507: TOTAL | J507: =SUM(J7:J506) -> 0

Sheet Dépenses forfaitaires
A1: DEMANDEUR
A2: Dépenses forfaitaires Les colonnes marquées d'un " * " sont à remplir obligatoirement pour chaque ligne de dépense. Merci de ne pas modifier ce document.
A3: N° | B3: Description de l'intervention * | C3: Description du forfait * | D3: Puissance du véhicule | E3: Nombre de kilomètres total réalisés | F3: Localisation des frais d'hébergement | G3: Identifiant du justificatif * | H3: Sous catégories de dépenses * | I3: Nombre d'intervention * | J3: Type de transfert * | K3: Date de début * | L3: Date de fin * | M3: Unité | N3: Code barème | Q3: Montant HT demandé | R3: Commentaires
B4: (Veuillez précisez la nature du forfait demandé) | C4: (Veuillez choisir le forfait demandé) | D4: (Demandé uniquement pour les frais de déplacement) Merci de renseigner le nombre de kilomètre total de l'intervention | F4: (Demandé uniquement pour les frais d'hébergement) | G4: (information présente sur le justificatif joint. Ex: note de frais,...) | H4: Sélectionner la sous-catégorie de dépense | I4: Pour les Frais de déplacement (barèmes kilométriques) merci de saisir 1 intervention | J4: Choisissez "Transfert" ou "Hors-Transfert" | K4: Date de début de l'intervention | L4: Date de fin de l'intervention | N4: Ces 3 colonnes sont à masquer pour le porteur de projet | Q4: (Montant hors taxes) | R4: (le cas échéant, pour préciser un point saillant au Service Instructeur)
L5: Total | Q5: =SUM(Q7:Q506) -> 0
A6: Exemple | B6: Déplacement Mamoudzou - Coconi | C6: Frais de déplacement Motocyclettes | D6: 3 CV | E6: 24 | G6: note de frais 1 | H6: Frais de déplacement (barèmes kilométriques) | I6: 1 | J6: Hors-Transfert | K6: 45292 | L6: 45292 | M6: Kilomètres | N6: 11.232 | Q6: 44.93
A7: 1 | H7: =IF(C7="","",IF(C7="","",(VLOOKUP(C7,Listes!$B$31:$C$35,2,FALSE)))) | I7: =IF(H7="Frais de déplacement (barèmes kilométriques) ",1,"") | M7: =IF(H7="","",IF(H7="","",(VLOOKUP(H7,Listes!$C$31:$D$35,2,FALSE)))) | N7: =IF($H7="","",IF($C7=Listes!$B$32,IF('Dépenses forfaitaires'!$E7<=Listes!$B$53,('Dépenses forfaitaires'!$E7*(VLOOKUP('Dépenses forfaitaires'!$D7,Listes!$A$54:$E$60,2,FALSE))),IF('Dépenses forfaitaires'!$E7>Listes!$E$53,('Dépenses forfaitaires'!$E7*(VLOOKUP('Dépenses forfaitaires'!$D7,Listes!$A$54:$E$60,5,FALSE))),('Dépenses forfaitaires'!$E7*(VLOOKUP('Dépenses forfaitaires'!$D7,Listes!$A$54:$E$60,3,FALSE)))+(VLOOKUP('Dépenses forfaitaires'!$D7,Listes!$A$54:$E$60,4,FALSE)))))) | O7: =IF($H7="","",IF($C7=Listes!$B$31,IF('Dépenses forfaitaires'!$E7<=Listes!$B$42,('Dépenses forfaitaires'!$E7*(VLOOKUP('Dépenses forfaitaires'!$D7,Listes!$A$43:$E$49,2,FALSE))),IF('Dépenses forfaitaires'!$E7>Listes!$D$42,('Dépenses forfaitaires'!$E7*(VLOOKUP('Dépenses forfaitaires'!$D7,Listes!$A$43:$E$49,5,FALSE))),('Dépenses forfaitaires'!$E7*(VLOOKUP('Dépenses forfaitaires'!$D7,Listes!$A$43:$E$49,3,FALSE)))+(VLOOKUP('Dépenses forfaitaires'!$D7,Listes!$A$43:$E$49,4,FALSE)))))) | P7: =IF($H7="","",IF($C7=Listes!$B$34,Listes!$I$31,IF($C7=Listes!$B$35,(VLOOKUP('Dépenses forfaitaires'!$F7,Listes!$E$31:$F$36,2,FALSE)),IF($C7=Listes!$B$33,IF('Dépenses forfaitaires'!$E7<=Listes!$A$64,'Dépenses forfaitaires'!$E7*Listes!$A$65,IF('Dépenses forfaitaires'!$E7>Listes!$D$64,'Dépenses forfaitaires'!$E7*Listes!$D$65,(('Dépenses forfaitaires'!$E7*Listes!$B$65)+Listes!$C$65))))))) | Q7: =IF($I7="","",($P7+$O7+$N7)*$I7)
A8: 2 | H8: =IF(C8="","",IF(C8="","",(VLOOKUP(C8,Listes!$B$31:$C$35,2,FALSE)))) | I8: =IF(H8="Frais de déplacement (barèmes kilométriques) ",1,"") | M8: =IF(H8="","",IF(H8="","",(VLOOKUP(H8,Listes!$C$31:$D$35,2,FALSE)))) | N8: =IF($H8="","",IF($C8=Listes!$B$32,IF('Dépenses forfaitaires'!$E8<=Listes!$B$53,('Dépenses forfaitaires'!$E8*(VLOOKUP('Dépenses forfaitaires'!$D8,Listes!$A$54:$E$60,2,FALSE))),IF('Dépenses forfaitaires'!$E8>Listes!$E$53,('Dépenses forfaitaires'!$E8*(VLOOKUP('Dépenses forfaitaires'!$D8,Listes!$A$54:$E$60,5,FALSE))),('Dépenses forfaitaires'!$E8*(VLOOKUP('Dépenses forfaitaires'!$D8,Listes!$A$54:$E$60,3,FALSE)))+(VLOOKUP('Dépenses forfaitaires'!$D8,Listes!$A$54:$E$60,4,FALSE)))))) | O8: =IF($H8="","",IF($C8=Listes!$B$31,IF('Dépenses forfaitaires'!$E8<=Listes!$B$42,('Dépenses forfaitaires'!$E8*(VLOOKUP('Dépenses forfaitaires'!$D8,Listes!$A$43:$E$49,2,FALSE))),IF('Dépenses forfaitaires'!$E8>Listes!$D$42,('Dépenses forfaitaires'!$E8*(VLOOKUP('Dépenses forfaitaires'!$D8,Listes!$A$43:$E$49,5,FALSE))),('Dépenses forfaitaires'!$E8*(VLOOKUP('Dépenses forfaitaires'!$D8,Listes!$A$43:$E$49,3,FALSE)))+(VLOOKUP('Dépenses forfaitaires'!$D8,Listes!$A$43:$E$49,4,FALSE)))))) | P8: =IF($H8="","",IF($C8=Listes!$B$34,Listes!$I$31,IF($C8=Listes!$B$35,(VLOOKUP('Dépenses forfaitaires'!$F8,Listes!$E$31:$F$36,2,FALSE)),IF($C8=Listes!$B$33,IF('Dépenses forfaitaires'!$E8<=Listes!$A$64,'Dépenses forfaitaires'!$E8*Listes!$A$65,IF('Dépenses forfaitaires'!$E8>Listes!$D$64,'Dépenses forfaitaires'!$E8*Listes!$D$65,(('Dépenses forfaitaires'!$E8*Listes!$B$65)+Listes!$C$65))))))) | Q8: =IF($I8="","",($P8+$O8+$N8)*$I8)
A9: 3 | H9: =IF(C9="","",IF(C9="","",(VLOOKUP(C9,Listes!$B$31:$C$35,2,FALSE)))) | I9: =IF(H9="Frais de déplacement (barèmes kilométriques) ",1,"") | M9: =IF(H9="","",IF(H9="","",(VLOOKUP(H9,Listes!$C$31:$D$35,2,FALSE)))) | N9: =IF($H9="","",IF($C9=Listes!$B$32,IF('Dépenses forfaitaires'!$E9<=Listes!$B$53,('Dépenses forfaitaires'!$E9*(VLOOKUP('Dépenses forfaitaires'!$D9,Listes!$A$54:$E$60,2,FALSE))),IF('Dépenses forfaitaires'!$E9>Listes!$E$53,('Dépenses forfaitaires'!$E9*(VLOOKUP('Dépenses forfaitaires'!$D9,Listes!$A$54:$E$60,5,FALSE))),('Dépenses forfaitaires'!$E9*(VLOOKUP('Dépenses forfaitaires'!$D9,Listes!$A$54:$E$60,3,FALSE)))+(VLOOKUP('Dépenses forfaitaires'!$D9,Listes!$A$54:$E$60,4,FALSE)))))) | O9: =IF($H9="","",IF($C9=Listes!$B$31,IF('Dépenses forfaitaires'!$E9<=Listes!$B$42,('Dépenses forfaitaires'!$E9*(VLOOKUP('Dépenses forfaitaires'!$D9,Listes!$A$43:$E$49,2,FALSE))),IF('Dépenses forfaitaires'!$E9>Listes!$D$42,('Dépenses forfaitaires'!$E9*(VLOOKUP('Dépenses forfaitaires'!$D9,Listes!$A$43:$E$49,5,FALSE))),('Dépenses forfaitaires'!$E9*(VLOOKUP('Dépenses forfaitaires'!$D9,Listes!$A$43:$E$49,3,FALSE)))+(VLOOKUP('Dépenses forfaitaires'!$D9,Listes!$A$43:$E$49,4,FALSE)))))) | P9: =IF($H9="","",IF($C9=Listes!$B$34,Listes!$I$31,IF($C9=Listes!$B$35,(VLOOKUP('Dépenses forfaitaires'!$F9,Listes!$E$31:$F$36,2,FALSE)),IF($C9=Listes!$B$33,IF('Dépenses forfaitaires'!$E9<=Listes!$A$64,'Dépenses forfaitaires'!$E9*Listes!$A$65,IF('Dépenses forfaitaires'!$E9>Listes!$D$64,'Dépenses forfaitaires'!$E9*Listes!$D$65,(('Dépenses forfaitaires'!$E9*Listes!$B$65)+Listes!$C$65))))))) | Q9: =IF($I9="","",($P9+$O9+$N9)*$I9)
A10: 4 | H10: =IF(C10="","",IF(C10="","",(VLOOKUP(C10,Listes!$B$31:$C$35,2,FALSE)))) | I10: =IF(H10="Frais de déplacement (barèmes kilométriques) ",1,"") | M10: =IF(H10="","",IF(H10="","",(VLOOKUP(H10,Listes!$C$31:$D$35,2,FALSE)))) | N10: =IF($H10="","",IF($C10=Listes!$B$32,IF('Dépenses forfaitaires'!$E10<=Listes!$B$53,('Dépenses forfaitaires'!$E10*(VLOOKUP('Dépenses forfaitaires'!$D10,Listes!$A$54:$E$60,2,FALSE))),IF('Dépenses forfaitaires'!$E10>Listes!$E$53,('Dépenses forfaitaires'!$E10*(VLOOKUP('Dépenses forfaitaires'!$D10,Listes!$A$54:$E$60,5,FALSE))),('Dépenses forfaitaires'!$E10*(VLOOKUP('Dépenses forfaitaires'!$D10,Listes!$A$54:$E$60,3,FALSE)))+(VLOOKUP('Dépenses forfaitaires'!$D10,Listes!$A$54:$E$60,4,FALSE)))))) | O10: =IF($H10="","",IF($C10=Listes!$B$31,IF('Dépenses forfaitaires'!$E10<=Listes!$B$42,('Dépenses forfaitaires'!$E10*(VLOOKUP('Dépenses forfaitaires'!$D10,Listes!$A$43:$E$49,2,FALSE))),IF('Dépenses forfaitaires'!$E10>Listes!$D$42,('Dépenses forfaitaires'!$E10*(VLOOKUP('Dépenses forfaitaires'!$D10,Listes!$A$43:$E$49,5,FALSE))),('Dépenses forfaitaires'!$E10*(VLOOKUP('Dépenses forfaitaires'!$D10,Listes!$A$43:$E$49,3,FALSE)))+(VLOOKUP('Dépenses forfaitaires'!$D10,Listes!$A$43:$E$49,4,FALSE)))))) | P10: =IF($H10="","",IF($C10=Listes!$B$34,Listes!$I$31,IF($C10=Listes!$B$35,(VLOOKUP('Dépenses forfaitaires'!$F10,Listes!$E$31:$F$36,2,FALSE)),IF($C10=Listes!$B$33,IF('Dépenses forfaitaires'!$E10<=Listes!$A$64,'Dépenses forfaitaires'!$E10*Listes!$A$65,IF('Dépenses forfaitaires'!$E10>Listes!$D$64,'Dépenses forfaitaires'!$E10*Listes!$D$65,(('Dépenses forfaitaires'!$E10*Listes!$B$65)+Listes!$C$65))))))) | Q10: =IF($I10="","",($P10+$O10+$N10)*$I10)
A11: 5 | H11: =IF(C11="","",IF(C11="","",(VLOOKUP(C11,Listes!$B$31:$C$35,2,FALSE)))) | I11: =IF(H11="Frais de déplacement (barèmes kilométriques) ",1,"") | M11: =IF(H11="","",IF(H11="","",(VLOOKUP(H11,Listes!$C$31:$D$35,2,FALSE)))) | N11: =IF($H11="","",IF($C11=Listes!$B$32,IF('Dépenses forfaitaires'!$E11<=Listes!$B$53,('Dépenses forfaitaires'!$E11*(VLOOKUP('Dépenses forfaitaires'!$D11,Listes!$A$54:$E$60,2,FALSE))),IF('Dépenses forfaitaires'!$E11>Listes!$E$53,('Dépenses forfaitaires'!$E11*(VLOOKUP('Dépenses forfaitaires'!$D11,Listes!$A$54:$E$60,5,FALSE))),('Dépenses forfaitaires'!$E11*(VLOOKUP('Dépenses forfaitaires'!$D11,Listes!$A$54:$E$60,3,FALSE)))+(VLOOKUP('Dépenses forfaitaires'!$D11,Listes!$A$54:$E$60,4,FALSE)))))) | O11: =IF($H11="","",IF($C11=Listes!$B$31,IF('Dépenses forfaitaires'!$E11<=Listes!$B$42,('Dépenses forfaitaires'!$E11*(VLOOKUP('Dépenses forfaitaires'!$D11,Listes!$A$43:$E$49,2,FALSE))),IF('Dépenses forfaitaires'!$E11>Listes!$D$42,('Dépenses forfaitaires'!$E11*(VLOOKUP('Dépenses forfaitaires'!$D11,Listes!$A$43:$E$49,5,FALSE))),('Dépenses forfaitaires'!$E11*(VLOOKUP('Dépenses forfaitaires'!$D11,Listes!$A$43:$E$49,3,FALSE)))+(VLOOKUP('Dépenses forfaitaires'!$D11,Listes!$A$43:$E$49,4,FALSE)))))) | P11: =IF($H11="","",IF($C11=Listes!$B$34,Listes!$I$31,IF($C11=Listes!$B$35,(VLOOKUP('Dépenses forfaitaires'!$F11,Listes!$E$31:$F$36,2,FALSE)),IF($C11=Listes!$B$33,IF('Dépenses forfaitaires'!$E11<=Listes!$A$64,'Dépenses forfaitaires'!$E11*Listes!$A$65,IF('Dépenses forfaitaires'!$E11>Listes!$D$64,'Dépenses forfaitaires'!$E11*Listes!$D$65,(('Dépenses forfaitaires'!$E11*Listes!$B$65)+Listes!$C$65))))))) | Q11: =IF($I11="","",($P11+$O11+$N11)*$I11)
A12: 6 | H12: =IF(C12="","",IF(C12="","",(VLOOKUP(C12,Listes!$B$31:$C$35,2,FALSE)))) | I12: =IF(H12="Frais de déplacement (barèmes kilométriques) ",1,"") | M12: =IF(H12="","",IF(H12="","",(VLOOKUP(H12,Listes!$C$31:$D$35,2,FALSE)))) | N12: =IF($H12="","",IF($C12=Listes!$B$32,IF('Dépenses forfaitaires'!$E12<=Listes!$B$53,('Dépenses forfaitaires'!$E12*(VLOOKUP('Dépenses forfaitaires'!$D12,Listes!$A$54:$E$60,2,FALSE))),IF('Dépenses forfaitaires'!$E12>Listes!$E$53,('Dépenses forfaitaires'!$E12*(VLOOKUP('Dépenses forfaitaires'!$D12,Listes!$A$54:$E$60,5,FALSE))),('Dépenses forfaitaires'!$E12*(VLOOKUP('Dépenses forfaitaires'!$D12,Listes!$A$54:$E$60,3,FALSE)))+(VLOOKUP('Dépenses forfaitaires'!$D12,Listes!$A$54:$E$60,4,FALSE)))))) | O12: =IF($H12="","",IF($C12=Listes!$B$31,IF('Dépenses forfaitaires'!$E12<=Listes!$B$42,('Dépenses forfaitaires'!$E12*(VLOOKUP('Dépenses forfaitaires'!$D12,Listes!$A$43:$E$49,2,FALSE))),IF('Dépenses forfaitaires'!$E12>Listes!$D$42,('Dépenses forfaitaires'!$E12*(VLOOKUP('Dépenses forfaitaires'!$D12,Listes!$A$43:$E$49,5,FALSE))),('Dépenses forfaitaires'!$E12*(VLOOKUP('Dépenses forfaitaires'!$D12,Listes!$A$43:$E$49,3,FALSE)))+(VLOOKUP('Dépenses forfaitaires'!$D12,Listes!$A$43:$E$49,4,FALSE)))))) | P12: =IF($H12="","",IF($C12=Listes!$B$34,Listes!$I$31,IF($C12=Listes!$B$35,(VLOOKUP('Dépenses forfaitaires'!$F12,Listes!$E$31:$F$36,2,FALSE)),IF($C12=Listes!$B$33,IF('Dépenses forfaitaires'!$E12<=Listes!$A$64,'Dépenses forfaitaires'!$E12*Listes!$A$65,IF('Dépenses forfaitaires'!$E12>Listes!$D$64,'Dépenses forfaitaires'!$E12*Listes!$D$65,(('Dépenses forfaitaires'!$E12*Listes!$B$65)+Listes!$C$65))))))) | Q12: =IF($I12="","",($P12+$O12+$N12)*$I12)
A13: 7 | H13: =IF(C13="","",IF(C13="","",(VLOOKUP(C13,Listes!$B$31:$C$35,2,FALSE)))) | I13: =IF(H13="Frais de déplacement (barèmes kilométriques) ",1,"") | M13: =IF(H13="","",IF(H13="","",(VLOOKUP(H13,Listes!$C$31:$D$35,2,FALSE)))) | N13: =IF($H13="","",IF($C13=Listes!$B$32,IF('Dépenses forfaitaires'!$E13<=Listes!$B$53,('Dépenses forfaitaires'!$E13*(VLOOKUP('Dépenses forfaitaires'!$D13,Listes!$A$54:$E$60,2,FALSE))),IF('Dépenses forfaitaires'!$E13>Listes!$E$53,('Dépenses forfaitaires'!$E13*(VLOOKUP('Dépenses forfaitaires'!$D13,Listes!$A$54:$E$60,5,FALSE))),('Dépenses forfaitaires'!$E13*(VLOOKUP('Dépenses forfaitaires'!$D13,Listes!$A$54:$E$60,3,FALSE)))+(VLOOKUP('Dépenses forfaitaires'!$D13,Listes!$A$54:$E$60,4,FALSE)))))) | O13: =IF($H13="","",IF($C13=Listes!$B$31,IF('Dépenses forfaitaires'!$E13<=Listes!$B$42,('Dépenses forfaitaires'!$E13*(VLOOKUP('Dépenses forfaitaires'!$D13,Listes!$A$43:$E$49,2,FALSE))),IF('Dépenses forfaitaires'!$E13>Listes!$D$42,('Dépenses forfaitaires'!$E13*(VLOOKUP('Dépenses forfaitaires'!$D13,Listes!$A$43:$E$49,5,FALSE))),('Dépenses forfaitaires'!$E13*(VLOOKUP('Dépenses forfaitaires'!$D13,Listes!$A$43:$E$49,3,FALSE)))+(VLOOKUP('Dépenses forfaitaires'!$D13,Listes!$A$43:$E$49,4,FALSE)))))) | P13: =IF($H13="","",IF($C13=Listes!$B$34,Listes!$I$31,IF($C13=Listes!$B$35,(VLOOKUP('Dépenses forfaitaires'!$F13,Listes!$E$31:$F$36,2,FALSE)),IF($C13=Listes!$B$33,IF('Dépenses forfaitaires'!$E13<=Listes!$A$64,'Dépenses forfaitaires'!$E13*Listes!$A$65,IF('Dépenses forfaitaires'!$E13>Listes!$D$64,'Dépenses forfaitaires'!$E13*Listes!$D$65,(('Dépenses forfaitaires'!$E13*Listes!$B$65)+Listes!$C$65))))))) | Q13: =IF($I13="","",($P13+$O13+$N13)*$I13)
A14: 8 | H14: =IF(C14="","",IF(C14="","",(VLOOKUP(C14,Listes!$B$31:$C$35,2,FALSE)))) | I14: =IF(H14="Frais de déplacement (barèmes kilométriques) ",1,"") | M14: =IF(H14="","",IF(H14="","",(VLOOKUP(H14,Listes!$C$31:$D$35,2,FALSE)))) | N14: =IF($H14="","",IF($C14=Listes!$B$32,IF('Dépenses forfaitaires'!$E14<=Listes!$B$53,('Dépenses forfaitaires'!$E14*(VLOOKUP('Dépenses forfaitaires'!$D14,Listes!$A$54:$E$60,2,FALSE))),IF('Dépenses forfaitaires'!$E14>Listes!$E$53,('Dépenses forfaitaires'!$E14*(VLOOKUP('Dépenses forfaitaires'!$D14,Listes!$A$54:$E$60,5,FALSE))),('Dépenses forfaitaires'!$E14*(VLOOKUP('Dépenses forfaitaires'!$D14,Listes!$A$54:$E$60,3,FALSE)))+(VLOOKUP('Dépenses forfaitaires'!$D14,Listes!$A$54:$E$60,4,FALSE)))))) | O14: =IF($H14="","",IF($C14=Listes!$B$31,IF('Dépenses forfaitaires'!$E14<=Listes!$B$42,('Dépenses forfaitaires'!$E14*(VLOOKUP('Dépenses forfaitaires'!$D14,Listes!$A$43:$E$49,2,FALSE))),IF('Dépenses forfaitaires'!$E14>Listes!$D$42,('Dépenses forfaitaires'!$E14*(VLOOKUP('Dépenses forfaitaires'!$D14,Listes!$A$43:$E$49,5,FALSE))),('Dépenses forfaitaires'!$E14*(VLOOKUP('Dépenses forfaitaires'!$D14,Listes!$A$43:$E$49,3,FALSE)))+(VLOOKUP('Dépenses forfaitaires'!$D14,Listes!$A$43:$E$49,4,FALSE)))))) | P14: =IF($H14="","",IF($C14=Listes!$B$34,Listes!$I$31,IF($C14=Listes!$B$35,(VLOOKUP('Dépenses forfaitaires'!$F14,Listes!$E$31:$F$36,2,FALSE)),IF($C14=Listes!$B$33,IF('Dépenses forfaitaires'!$E14<=Listes!$A$64,'Dépenses forfaitaires'!$E14*Listes!$A$65,IF('Dépenses forfaitaires'!$E14>Listes!$D$64,'Dépenses forfaitaires'!$E14*Listes!$D$65,(('Dépenses forfaitaires'!$E14*Listes!$B$65)+Listes!$C$65))))))) | Q14: =IF($I14="","",($P14+$O14+$N14)*$I14)
A15: 9 | H15: =IF(C15="","",IF(C15="","",(VLOOKUP(C15,Listes!$B$31:$C$35,2,FALSE)))) | I15: =IF(H15="Frais de déplacement (barèmes kilométriques) ",1,"") | M15: =IF(H15="","",IF(H15="","",(VLOOKUP(H15,Listes!$C$31:$D$35,2,FALSE)))) | N15: =IF($H15="","",IF($C15=Listes!$B$32,IF('Dépenses forfaitaires'!$E15<=Listes!$B$53,('Dépenses forfaitaires'!$E15*(VLOOKUP('Dépenses forfaitaires'!$D15,Listes!$A$54:$E$60,2,FALSE))),IF('Dépenses forfaitaires'!$E15>Listes!$E$53,('Dépenses forfaitaires'!$E15*(VLOOKUP('Dépenses forfaitaires'!$D15,Listes!$A$54:$E$60,5,FALSE))),('Dépenses forfaitaires'!$E15*(VLOOKUP('Dépenses forfaitaires'!$D15,Listes!$A$54:$E$60,3,FALSE)))+(VLOOKUP('Dépenses forfaitaires'!$D15,Listes!$A$54:$E$60,4,FALSE)))))) | O15: =IF($H15="","",IF($C15=Listes!$B$31,IF('Dépenses forfaitaires'!$E15<=Listes!$B$42,('Dépenses forfaitaires'!$E15*(VLOOKUP('Dépenses forfaitaires'!$D15,Listes!$A$43:$E$49,2,FALSE))),IF('Dépenses forfaitaires'!$E15>Listes!$D$42,('Dépenses forfaitaires'!$E15*(VLOOKUP('Dépenses forfaitaires'!$D15,Listes!$A$43:$E$49,5,FALSE))),('Dépenses forfaitaires'!$E15*(VLOOKUP('Dépenses forfaitaires'!$D15,Listes!$A$43:$E$49,3,FALSE)))+(VLOOKUP('Dépenses forfaitaires'!$D15,Listes!$A$43:$E$49,4,FALSE)))))) | P15: =IF($H15="","",IF($C15=Listes!$B$34,Listes!$I$31,IF($C15=Listes!$B$35,(VLOOKUP('Dépenses forfaitaires'!$F15,Listes!$E$31:$F$36,2,FALSE)),IF($C15=Listes!$B$33,IF('Dépenses forfaitaires'!$E15<=Listes!$A$64,'Dépenses forfaitaires'!$E15*Listes!$A$65,IF('Dépenses forfaitaires'!$E15>Listes!$D$64,'Dépenses forfaitaires'!$E15*Listes!$D$65,(('Dépenses forfaitaires'!$E15*Listes!$B$65)+Listes!$C$65))))))) | Q15: =IF($I15="","",($P15+$O15+$N15)*$I15)
A16: 10 | H16: =IF(C16="","",IF(C16="","",(VLOOKUP(C16,Listes!$B$31:$C$35,2,FALSE)))) | I16: =IF(H16="Frais de déplacement (barèmes kilométriques) ",1,"") | M16: =IF(H16="","",IF(H16="","",(VLOOKUP(H16,Listes!$C$31:$D$35,2,FALSE)))) | N16: =IF($H16="","",IF($C16=Listes!$B$32,IF('Dépenses forfaitaires'!$E16<=Listes!$B$53,('Dépenses forfaitaires'!$E16*(VLOOKUP('Dépenses forfaitaires'!$D16,Listes!$A$54:$E$60,2,FALSE))),IF('Dépenses forfaitaires'!$E16>Listes!$E$53,('Dépenses forfaitaires'!$E16*(VLOOKUP('Dépenses forfaitaires'!$D16,Listes!$A$54:$E$60,5,FALSE))),('Dépenses forfaitaires'!$E16*(VLOOKUP('Dépenses forfaitaires'!$D16,Listes!$A$54:$E$60,3,FALSE)))+(VLOOKUP('Dépenses forfaitaires'!$D16,Listes!$A$54:$E$60,4,FALSE)))))) | O16: =IF($H16="","",IF($C16=Listes!$B$31,IF('Dépenses forfaitaires'!$E16<=Listes!$B$42,('Dépenses forfaitaires'!$E16*(VLOOKUP('Dépenses forfaitaires'!$D16,Listes!$A$43:$E$49,2,FALSE))),IF('Dépenses forfaitaires'!$E16>Listes!$D$42,('Dépenses forfaitaires'!$E16*(VLOOKUP('Dépenses forfaitaires'!$D16,Listes!$A$43:$E$49,5,FALSE))),('Dépenses forfaitaires'!$E16*(VLOOKUP('Dépenses forfaitaires'!$D16,Listes!$A$43:$E$49,3,FALSE)))+(VLOOKUP('Dépenses forfaitaires'!$D16,Listes!$A$43:$E$49,4,FALSE)))))) | P16: =IF($H16="","",IF($C16=Listes!$B$34,Listes!$I$31,IF($C16=Listes!$B$35,(VLOOKUP('Dépenses forfaitaires'!$F16,Listes!$E$31:$F$36,2,FALSE)),IF($C16=Listes!$B$33,IF('Dépenses forfaitaires'!$E16<=Listes!$A$64,'Dépenses forfaitaires'!$E16*Listes!$A$65,IF('Dépenses forfaitaires'!$E16>Listes!$D$64,'Dépenses forfaitaires'!$E16*Listes!$D$65,(('Dépenses forfaitaires'!$E16*Listes!$B$65)+Listes!$C$65))))))) | Q16: =IF($I16="","",($P16+$O16+$N16)*$I16)
A17: 11 | H17: =IF(C17="","",IF(C17="","",(VLOOKUP(C17,Listes!$B$31:$C$35,2,FALSE)))) | I17: =IF(H17="Frais de déplacement (barèmes kilométriques) ",1,"") | M17: =IF(H17="","",IF(H17="","",(VLOOKUP(H17,Listes!$C$31:$D$35,2,FALSE)))) | N17: =IF($H17="","",IF($C17=Listes!$B$32,IF('Dépenses forfaitaires'!$E17<=Listes!$B$53,('Dépenses forfaitaires'!$E17*(VLOOKUP('Dépenses forfaitaires'!$D17,Listes!$A$54:$E$60,2,FALSE))),IF('Dépenses forfaitaires'!$E17>Listes!$E$53,('Dépenses forfaitaires'!$E17*(VLOOKUP('Dépenses forfaitaires'!$D17,Listes!$A$54:$E$60,5,FALSE))),('Dépenses forfaitaires'!$E17*(VLOOKUP('Dépenses forfaitaires'!$D17,Listes!$A$54:$E$60,3,FALSE)))+(VLOOKUP('Dépenses forfaitaires'!$D17,Listes!$A$54:$E$60,4,FALSE)))))) | O17: =IF($H17="","",IF($C17=Listes!$B$31,IF('Dépenses forfaitaires'!$E17<=Listes!$B$42,('Dépenses forfaitaires'!$E17*(VLOOKUP('Dépenses forfaitaires'!$D17,Listes!$A$43:$E$49,2,FALSE))),IF('Dépenses forfaitaires'!$E17>Listes!$D$42,('Dépenses forfaitaires'!$E17*(VLOOKUP('Dépenses forfaitaires'!$D17,Listes!$A$43:$E$49,5,FALSE))),('Dépenses forfaitaires'!$E17*(VLOOKUP('Dépenses forfaitaires'!$D17,Listes!$A$43:$E$49,3,FALSE)))+(VLOOKUP('Dépenses forfaitaires'!$D17,Listes!$A$43:$E$49,4,FALSE)))))) | P17: =IF($H17="","",IF($C17=Listes!$B$34,Listes!$I$31,IF($C17=Listes!$B$35,(VLOOKUP('Dépenses forfaitaires'!$F17,Listes!$E$31:$F$36,2,FALSE)),IF($C17=Listes!$B$33,IF('Dépenses forfaitaires'!$E17<=Listes!$A$64,'Dépenses forfaitaires'!$E17*Listes!$A$65,IF('Dépenses forfaitaires'!$E17>Listes!$D$64,'Dépenses forfaitaires'!$E17*Listes!$D$65,(('Dépenses forfaitaires'!$E17*Listes!$B$65)+Listes!$C$65))))))) | Q17: =IF($I17="","",($P17+$O17+$N17)*$I17)
A18: 12 | H18: =IF(C18="","",IF(C18="","",(VLOOKUP(C18,Listes!$B$31:$C$35,2,FALSE)))) | I18: =IF(H18="Frais de déplacement (barèmes kilométriques) ",1,"") | M18: =IF(H18="","",IF(H18="","",(VLOOKUP(H18,Listes!$C$31:$D$35,2,FALSE)))) | N18: =IF($H18="","",IF($C18=Listes!$B$32,IF('Dépenses forfaitaires'!$E18<=Listes!$B$53,('Dépenses forfaitaires'!$E18*(VLOOKUP('Dépenses forfaitaires'!$D18,Listes!$A$54:$E$60,2,FALSE))),IF('Dépenses forfaitaires'!$E18>Listes!$E$53,('Dépenses forfaitaires'!$E18*(VLOOKUP('Dépenses forfaitaires'!$D18,Listes!$A$54:$E$60,5,FALSE))),('Dépenses forfaitaires'!$E18*(VLOOKUP('Dépenses forfaitaires'!$D18,Listes!$A$54:$E$60,3,FALSE)))+(VLOOKUP('Dépenses forfaitaires'!$D18,Listes!$A$54:$E$60,4,FALSE)))))) | O18: =IF($H18="","",IF($C18=Listes!$B$31,IF('Dépenses forfaitaires'!$E18<=Listes!$B$42,('Dépenses forfaitaires'!$E18*(VLOOKUP('Dépenses forfaitaires'!$D18,Listes!$A$43:$E$49,2,FALSE))),IF('Dépenses forfaitaires'!$E18>Listes!$D$42,('Dépenses forfaitaires'!$E18*(VLOOKUP('Dépenses forfaitaires'!$D18,Listes!$A$43:$E$49,5,FALSE))),('Dépenses forfaitaires'!$E18*(VLOOKUP('Dépenses forfaitaires'!$D18,Listes!$A$43:$E$49,3,FALSE)))+(VLOOKUP('Dépenses forfaitaires'!$D18,Listes!$A$43:$E$49,4,FALSE)))))) | P18: =IF($H18="","",IF($C18=Listes!$B$34,Listes!$I$31,IF($C18=Listes!$B$35,(VLOOKUP('Dépenses forfaitaires'!$F18,Listes!$E$31:$F$36,2,FALSE)),IF($C18=Listes!$B$33,IF('Dépenses forfaitaires'!$E18<=Listes!$A$64,'Dépenses forfaitaires'!$E18*Listes!$A$65,IF('Dépenses forfaitaires'!$E18>Listes!$D$64,'Dépenses forfaitaires'!$E18*Listes!$D$65,(('Dépenses forfaitaires'!$E18*Listes!$B$65)+Listes!$C$65))))))) | Q18: =IF($I18="","",($P18+$O18+$N18)*$I18)
... A506: 500 | H506: =IF(C506="","",IF(C506="","",(VLOOKUP(C506,Listes!$B$31:$C$35,2,FALSE)))) | I506: =IF(H506="Frais de déplacement (barèmes kilométriques) ",1,"") | M506: =IF(H506="","",IF(H506="","",(VLOOKUP(H506,Listes!$C$31:$D$35,2,FALSE)))) | N506: =IF($H506="","",IF($C506=Listes!$B$32,IF('Dépenses forfaitaires'!$E506<=Listes!$B$53,('Dépenses forfaitaires'!$E506*(VLOOKUP('Dépenses forfaitaires'!$D506,Listes!$A$54:$E$60,2,FALSE))),IF('Dépenses forfaitaires'!$E506>Listes!$E$53,('Dépenses forfaitaires'!$E506*(VLOOKUP('Dépenses forfaitaires'!$D506,Listes!$A$54:$E$60,5,FALSE))),('Dépenses forfaitaires'!$E506*(VLOOKUP('Dépenses forfaitaires'!$D506,Listes!$A$54:$E$60,3,FALSE)))+(VLOOKUP('Dépenses forfaitaires'!$D506,Listes!$A$54:$E$60,4,FALSE)))))) | O506: =IF($H506="","",IF($C506=Listes!$B$31,IF('Dépenses forfaitaires'!$E506<=Listes!$B$42,('Dépenses forfaitaires'!$E506*(VLOOKUP('Dépenses forfaitaires'!$D506,Listes!$A$43:$E$49,2,FALSE))),IF('Dépenses forfaitaires'!$E506>Listes!$D$42,('Dépenses forfaitaires'!$E506*(VLOOKUP('Dépenses forfaitaires'!$D506,Listes!$A$43:$E$49,5,FALSE))),('Dépenses forfaitaires'!$E506*(VLOOKUP('Dépenses forfaitaires'!$D506,Listes!$A$43:$E$49,3,FALSE)))+(VLOOKUP('Dépenses forfaitaires'!$D506,Listes!$A$43:$E$49,4,FALSE)))))) | P506: =IF($H506="","",IF($C506=Listes!$B$34,Listes!$I$31,IF($C506=Listes!$B$35,(VLOOKUP('Dépenses forfaitaires'!$F506,Listes!$E$31:$F$36,2,FALSE)),IF($C506=Listes!$B$33,IF('Dépenses forfaitaires'!$E506<=Listes!$A$64,'Dépenses forfaitaires'!$E506*Listes!$A$65,IF('Dépenses forfaitaires'!$E506>Listes!$D$64,'Dépenses forfaitaires'!$E506*Listes!$D$65,(('Dépenses forfaitaires'!$E506*Listes!$B$65)+Listes!$C$65))))))) | Q506: =IF($I506="","",($P506+$O506+$N506)*$I506)
M507: TOTAL | Q507: =SUM(Q7:Q506) -> 0

Sheet Synthèse dépenses SI
A9: FEADER 2023-2027 MAYOTTE Fiche Intervention 77.07 - SOUTIEN AUX PROJETS PILOTES ET DEVELOPPEMENT DE NOUVEAUX PRODUITS, PRATIQUES, PROCEDES ET TECHNIQUES
A10: Nom ou raison sociale du porteur de projet | E10: ='Synthèse dépenses bénéficiaire'!E10:J10 -> 0
A11: Intitulé du projet | E11: ='Synthèse dépenses bénéficiaire'!E11:J11 -> 0
A12: N°dossier SAFRAN | E12: ='Synthèse dépenses bénéficiaire'!E12:J12 -> 0
A13: Demande de Paiement | E13: ='Synthèse dépenses bénéficiaire'!E13 -> 0
A14: Synthèse des dépenses liées au projet présenté
B16: Contrôle Bloquant
B17: =IF('DP_Instruction factures SI'!N4="","","Une ou plusieurs lignes ne sont pas instruites_Onglet DP Instruction sur factures SI")
B18: =IF('DP_Instruction rémunération SI'!U4="","","Une ou plusieurs lignes ne sont pas instruites_Onglet DP Instruction rémunération SI")
B19: =IF('DP_Instruction frais réels'!O4="","","Une ou plusieurs lignes ne sont pas instruites_Onglet DP Instruction frais réels")
B20: =IF('DP_Instruction Forfaitaires'!U4="","","Une ou plusieurs lignes ne sont pas instruites_Onglet DP Instruction forfaitaires")
B22: Type de dépenses | C22: Montant présenté | D22: Montant éligible | E22: Montant éligible retenu après règle de plafond | F22: Montant écarté
B23: Dépenses sur factures | C23: =IF(OR($B$17<>"",$B$18<>"",$B$19<>"",$B$20<>""),0,J57) -> 0 | D23: =IF(OR($B$17<>"",$B$18<>"",$B$19<>"",$B$20<>""),0,K57) -> 0 | E23: =IF(OR($B$17<>"",$B$18<>"",$B$19<>"",$B$20<>""),0,L57) -> 0 | F23: =IF(C23-E23<=0,0,C23-E23) -> 0
B24: Dépenses sur frais de personnel | C24: =IF(OR($B$17<>"",$B$18<>"",$B$19<>"",$B$20<>""),0,J63) -> 0 | D24: =IF(OR($B$17<>"",$B$18<>"",$B$19<>"",$B$20<>""),0,K63) -> 0 | E24: =IF(OR($B$17<>"",$B$18<>"",$B$19<>"",$B$20<>""),0,L63) -> 0 | F24: =IF(C24-E24<=0,0,C24-E24) -> 0
B25: Dépenses sur frais de structures | C25: =IF(OR($B$17<>"",$B$18<>"",$B$19<>"",$B$20<>""),0,J68) -> 0 | D25: =IF(OR($B$17<>"",$B$18<>"",$B$19<>"",$B$20<>""),0,K68) -> 0 | E25: =IF(OR($B$17<>"",$B$18<>"",$B$19<>"",$B$20<>""),0,L68) -> 0 | F25: =IF(C25-E25<=0,0,C25-E25) -> 0
B26: Dépenses sur frais réels | C26: =IF(OR($B$17<>"",$B$18<>"",$B$19<>"",$B$20<>""),0,J70) -> 0 | D26: =IF(OR($B$17<>"",$B$18<>"",$B$19<>"",$B$20<>""),0,K70) -> 0 | E26: =IF(OR($B$17<>"",$B$18<>"",$B$19<>"",$B$20<>""),0,L70) -> 0 | F26: =IF(C26-E26<=0,0,C26-E26) -> 0
B27: Dépenses forfaitaires | C27: =IF(OR($B$17<>"",$B$18<>"",$B$19<>"",$B$20<>""),0,J73) -> 0 | D27: =IF(OR($B$17<>"",$B$18<>"",$B$19<>"",$B$20<>""),0,K73) -> 0 | E27: =IF(OR($B$17<>"",$B$18<>"",$B$19<>"",$B$20<>""),0,L73) -> 0 | F27: =IF(C27-E27<=0,0,C27-E27) -> 0
B28: Total | C28: =SUM(C23:C27) -> 0 | D28: =SUM(D23:D27) -> 0 | E28: =SUM(E23:E27) -> 0 | F28: =SUM(F23:F27) -> 0
B31: DP en cours : répartition des dépenses de transfert et hors-transfert
B32: Catégories de dépenses et Sous-catégories de dépenses | C32: Montant "Transfert" | D32: Montant "Hors-Transfert" | E32: Montant "Transfert" après plafond achats de matériel | F32: Montant "Hors-Transfert" après plafond achats de matériel
B33: Dépenses sur factures - autres | C33: =SUMIFS('DP_Instruction factures SI'!$M$7:$M$506,'DP_Instruction factures SI'!$F$7:$F$506,"Transfert") -> 0 | D33: =SUMIFS('DP_Instruction factures SI'!$M$7:$M$506,'DP_Instruction factures SI'!$F$7:$F$506,"Hors-Transfert") -> 0 | E33: =SUM(E34:E38) -> 0 | F33: =SUM(F34:F38) -> 0
B34: Publicité européenne | C34: =SUMIFS('DP_Instruction factures SI'!$M$7:$M$506,'DP_Instruction factures SI'!$F$7:$F$506,"Transfert",'DP_Instruction factures SI'!$E$7:$E$506,"Publicité européenne") -> 0 | D34: =SUMIFS('DP_Instruction factures SI'!$M$7:$M$506,'DP_Instruction factures SI'!$F$7:$F$506,"Hors-Transfert",'DP_Instruction factures SI'!$E$7:$E$506,"Publicité européenne") -> 0 | E34: =SUMIFS('DP_Instruction factures SI'!$M$7:$M$506,'DP_Instruction factures SI'!$F$7:$F$506,"Transfert",'DP_Instruction factures SI'!$E$7:$E$506,"Publicité européenne") -> 0 | F34: =SUMIFS('DP_Instruction factures SI'!$M$7:$M$506,'DP_Instruction factures SI'!$F$7:$F$506,"Hors-Transfert",'DP_Instruction factures SI'!$E$7:$E$506,"Publicité européenne") -> 0
B35: Achat de matériel | C35: =SUMIFS('DP_Instruction factures SI'!$M$7:$M$506,'DP_Instruction factures SI'!$F$7:$F$506,"Transfert",'DP_Instruction factures SI'!$E$7:$E$506,"Achat de matériel") -> 0 | D35: =SUMIFS('DP_Instruction factures SI'!$M$7:$M$506,'DP_Instruction factures SI'!$F$7:$F$506,"Hors-Transfert",'DP_Instruction factures SI'!$E$7:$E$506,"Achat de matériel") -> 0 | E35: =IF(K59=0,0,MIN(C35,P58*(1-D35/K59))) -> 0 | F35: =IF(K59=0,0,MIN(D35,P58*(D35/K59))) -> 0
B36: Achat de prestation | C36: =SUMIFS('DP_Instruction factures SI'!$M$7:$M$506,'DP_Instruction factures SI'!$F$7:$F$506,"Transfert",'DP_Instruction factures SI'!$E$7:$E$506,"Achat de prestation ") -> 0 | D36: =SUMIFS('DP_Instruction factures SI'!$M$7:$M$506,'DP_Instruction factures SI'!$F$7:$F$506,"Hors-Transfert",'DP_Instruction factures SI'!$E$7:$E$506,"Achat de prestation ") -> 0 | E36: =SUMIFS('DP_Instruction factures SI'!$M$7:$M$506,'DP_Instruction factures SI'!$F$7:$F$506,"Transfert",'DP_Instruction factures SI'!$E$7:$E$506,"Achat de prestation ") -> 0 | F36: =SUMIFS('DP_Instruction factures SI'!$M$7:$M$506,'DP_Instruction factures SI'!$F$7:$F$506,"Hors-Transfert",'DP_Instruction factures SI'!$E$7:$E$506,"Achat de prestation ") -> 0
B37: Communication et promotion | C37: =SUMIFS('DP_Instruction factures SI'!$M$7:$M$506,'DP_Instruction factures SI'!$F$7:$F$506,"Transfert",'DP_Instruction factures SI'!$E$7:$E$506,"Communication et promotion") -> 0 | D37: =SUMIFS('DP_Instruction factures SI'!$M$7:$M$506,'DP_Instruction factures SI'!$F$7:$F$506,"Hors-Transfert",'DP_Instruction factures SI'!$E$7:$E$506,"Communication et promotion") -> 0 | E37: =SUMIFS('DP_Instruction factures SI'!$M$7:$M$506,'DP_Instruction factures SI'!$F$7:$F$506,"Transfert",'DP_Instruction factures SI'!$E$7:$E$506,"Communication et promotion") -> 0 | F37: =SUMIFS('DP_Instruction factures SI'!$M$7:$M$506,'DP_Instruction factures SI'!$F$7:$F$506,"Hors-Transfert",'DP_Instruction factures SI'!$E$7:$E$506,"Communication et promotion") -> 0
B38: Etude préalable | C38: =SUMIFS('DP_Instruction factures SI'!$M$7:$M$506,'DP_Instruction factures SI'!$F$7:$F$506,"Transfert",'DP_Instruction factures SI'!$E$7:$E$506,"Etude préalable") -> 0 | D38: =SUMIFS('DP_Instruction factures SI'!$M$7:$M$506,'DP_Instruction factures SI'!$F$7:$F$506,"Hors-Transfert",'DP_Instruction factures SI'!$E$7:$E$506,"Etude préalable") -> 0 | E38: =SUMIFS('DP_Instruction factures SI'!$M$7:$M$506,'DP_Instruction factures SI'!$F$7:$F$506,"Transfert",'DP_Instruction factures SI'!$E$7:$E$506,"Etude préalable") -> 0 | F38: =SUMIFS('DP_Instruction factures SI'!$M$7:$M$506,'DP_Instruction factures SI'!$F$7:$F$506,"Hors-Transfert",'DP_Instruction factures SI'!$E$7:$E$506,"Etude préalable") -> 0
B39: Dépenses sur frais de personnel | C39: =SUMIFS('DP_Instruction rémunération SI'!$X$7:$X$506,'DP_Instruction rémunération SI'!$F$7:$F$506,"Transfert") -> 0 | D39: =SUMIFS('DP_Instruction rémunération SI'!$X$7:$X$506,'DP_Instruction rémunération SI'!$F$7:$F$506,"Hors-Transfert") -> 0 | E39: =SUM(E40:E43) -> 0 | F39: =SUM(F40:F43) -> 0
B40: Salaire_chercheur | C40: =SUMIFS('DP_Instruction rémunération SI'!$X$7:$X$506,'DP_Instruction rémunération SI'!$F$7:$F$506,"Transfert",'DP_Instruction rémunération SI'!$E$7:$E$506,"Salaire_chercheur") -> 0 | D40: =SUMIFS('DP_Instruction rémunération SI'!$X$7:$X$506,'DP_Instruction rémunération SI'!$F$7:$F$506,"Hors-Transfert",'DP_Instruction rémunération SI'!$E$7:$E$506,"Salaire_chercheur") -> 0 | E40: =SUMIFS('DP_Instruction rémunération SI'!$X$7:$X$506,'DP_Instruction rémunération SI'!$F$7:$F$506,"Transfert",'DP_Instruction rémunération SI'!$E$7:$E$506,"Salaire_chercheur") -> 0 | F40: =SUMIFS('DP_Instruction rémunération SI'!$X$7:$X$506,'DP_Instruction rémunération SI'!$F$7:$F$506,"Hors-Transfert",'DP_Instruction rémunération SI'!$E$7:$E$506,"Salaire_chercheur") -> 0
B41: Salaire_directeur | C41: =SUMIFS('DP_Instruction rémunération SI'!$X$7:$X$506,'DP_Instruction rémunération SI'!$F$7:$F$506,"Transfert",'DP_Instruction rémunération SI'!$E$7:$E$506,"Salaire_directeur") -> 0 | D41: =SUMIFS('DP_Instruction rémunération SI'!$X$7:$X$506,'DP_Instruction rémunération SI'!$F$7:$F$506,"Hors-Transfert",'DP_Instruction rémunération SI'!$E$7:$E$506,"Salaire_directeur") -> 0 | E41: =SUMIFS('DP_Instruction rémunération SI'!$X$7:$X$506,'DP_Instruction rémunération SI'!$F$7:$F$506,"Transfert",'DP_Instruction rémunération SI'!$E$7:$E$506,"Salaire_directeur") -> 0 | F41: =SUMIFS('DP_Instruction rémunération SI'!$X$7:$X$506,'DP_Instruction rémunération SI'!$F$7:$F$506,"Hors-Transfert",'DP_Instruction rémunération SI'!$E$7:$E$506,"Salaire_directeur") -> 0
B42: Salaire_ingénieur | C42: =SUMIFS('DP_Instruction rémunération SI'!$X$7:$X$506,'DP_Instruction rémunération SI'!$F$7:$F$506,"Transfert",'DP_Instruction rémunération SI'!$E$7:$E$506,"Salaire_ingénieur") -> 0 | D42: =SUMIFS('DP_Instruction rémunération SI'!$X$7:$X$506,'DP_Instruction rémunération SI'!$F$7:$F$506,"Hors-Transfert",'DP_Instruction rémunération SI'!$E$7:$E$506,"Salaire_ingénieur") -> 0 | E42: =SUMIFS('DP_Instruction rémunération SI'!$X$7:$X$506,'DP_Instruction rémunération SI'!$F$7:$F$506,"Transfert",'DP_Instruction rémunération SI'!$E$7:$E$506,"Salaire_ingénieur") -> 0 | F42: =SUMIFS('DP_Instruction rémunération SI'!$X$7:$X$506,'DP_Instruction rémunération SI'!$F$7:$F$506,"Hors-Transfert",'DP_Instruction rémunération SI'!$E$7:$E$506,"Salaire_ingénieur") -> 0
B43: Salaire_technicien | C43: =SUMIFS('DP_Instruction rémunération SI'!$X$7:$X$506,'DP_Instruction rémunération SI'!$F$7:$F$506,"Transfert",'DP_Instruction rémunération SI'!$E$7:$E$506,"Salaire_technicien") -> 0 | D43: =SUMIFS('DP_Instruction rémunération SI'!$X$7:$X$506,'DP_Instruction rémunération SI'!$F$7:$F$506,"Hors-Transfert",'DP_Instruction rémunération SI'!$E$7:$E$506,"Salaire_technicien") -> 0 | E43: =SUMIFS('DP_Instruction rémunération SI'!$X$7:$X$506,'DP_Instruction rémunération SI'!$F$7:$F$506,"Transfert",'DP_Instruction rémunération SI'!$E$7:$E$506,"Salaire_technicien") -> 0 | F43: =SUMIFS('DP_Instruction rémunération SI'!$X$7:$X$506,'DP_Instruction rémunération SI'!$F$7:$F$506,"Hors-Transfert",'DP_Instruction rémunération SI'!$E$7:$E$506,"Salaire_technicien") -> 0
B44: Dépenses sur frais de structure | C44: =C45 -> 0 | D44: =D45 -> 0 | E44: =E45 -> 0 | F44: =F45 -> 0
B45: 15% des frais de personnel | C45: =IF(K69=0,0,C39*0.15) -> 0 | D45: =IF(K69=0,0,D39*0.15) -> 0 | E45: =IF(K69=0,0,E39*0.15) -> 0 | F45: =IF(K69=0,0,F39*0.15) -> 0
B46: Déplacements sur frais réels | C46: =SUMIFS('DP_Instruction frais réels'!$R$7:$R$506,'DP_Instruction frais réels'!$F$7:$F$506,"Transfert") -> 0 | D46: =SUMIFS('DP_Instruction frais réels'!$R$7:$R$506,'DP_Instruction frais réels'!$F$7:$F$506,"Hors-Transfert") -> 0 | E46: =SUM(E47:E48) -> 0 | F46: =SUM(F47:F48) -> 0
B47: Billets d'avion | C47: =SUMIFS('DP_Instruction frais réels'!$R$7:$R$506,'DP_Instruction frais réels'!$F$7:$F$506,"Transfert",'DP_Instruction frais réels'!$E$7:$E$506,"Billets d'avion") -> 0 | D47: =SUMIFS('DP_Instruction frais réels'!$R$7:$R$506,'DP_Instruction frais réels'!$F$7:$F$506,"Hors-Transfert",'DP_Instruction frais réels'!$E$7:$E$506,"Billets d'avion") -> 0 | E47: =SUMIFS('DP_Instruction frais réels'!$R$7:$R$506,'DP_Instruction frais réels'!$F$7:$F$506,"Transfert",'DP_Instruction frais réels'!$E$7:$E$506,"Billets d'avion") -> 0 | F47: =SUMIFS('DP_Instruction frais réels'!$R$7:$R$506,'DP_Instruction frais réels'!$F$7:$F$506,"Hors-Transfert",'DP_Instruction frais réels'!$E$7:$E$506,"Billets d'avion") -> 0
B48: Billets de train | C48: =SUMIFS('DP_Instruction frais réels'!$R$7:$R$506,'DP_Instruction frais réels'!$F$7:$F$506,"Transfert",'DP_Instruction frais réels'!$E$7:$E$506,"Billets de train") -> 0 | D48: =SUMIFS('DP_Instruction frais réels'!$R$7:$R$506,'DP_Instruction frais réels'!$F$7:$F$506,"Hors-Transfert",'DP_Instruction frais réels'!$E$7:$E$506,"Billets de train") -> 0 | E48: =SUMIFS('DP_Instruction frais réels'!$R$7:$R$506,'DP_Instruction frais réels'!$F$7:$F$506,"Transfert",'DP_Instruction frais réels'!$E$7:$E$506,"Billets de train") -> 0 | F48: =SUMIFS('DP_Instruction frais réels'!$R$7:$R$506,'DP_Instruction frais réels'!$F$7:$F$506,"Hors-Transfert",'DP_Instruction frais réels'!$E$7:$E$506,"Billets de train") -> 0
B49: Dépenses forfaitaires | C49: =SUMIFS('DP_Instruction Forfaitaires'!$T$7:$T$506,'DP_Instruction Forfaitaires'!$J$7:$J$506,"Transfert") -> 0 | D49: =SUMIFS('DP_Instruction Forfaitaires'!$T$7:$T$506,'DP_Instruction Forfaitaires'!$J$7:$J$506,"Hors-Transfert") -> 0 | E49: =SUM(E50:E52) -> 0 | F49: =SUM(F50:F52) -> 0
B50: Frais de déplacement (barèmes kilométriques) | C50: =SUMIFS('DP_Instruction Forfaitaires'!$T$7:$T$506,'DP_Instruction Forfaitaires'!$J$7:$J$506,"Transfert",'DP_Instruction Forfaitaires'!$H$7:$H$506,"Frais de déplacement (barèmes kilométriques) ") -> 0 | D50: =SUMIFS('DP_Instruction Forfaitaires'!$T$7:$T$506,'DP_Instruction Forfaitaires'!$J$7:$J$506,"Hors-Transfert",'DP_Instruction Forfaitaires'!$H$7:$H$506,"Frais de déplacement (barèmes kilométriques) ") -> 0 | E50: =SUMIFS('DP_Instruction Forfaitaires'!$T$7:$T$506,'DP_Instruction Forfaitaires'!$J$7:$J$506,"Transfert",'DP_Instruction Forfaitaires'!$H$7:$H$506,"Frais de déplacement (barèmes kilométriques) ") -> 0 | F50: =SUMIFS('DP_Instruction Forfaitaires'!$T$7:$T$506,'DP_Instruction Forfaitaires'!$J$7:$J$506,"Hors-Transfert",'DP_Instruction Forfaitaires'!$H$7:$H$506,"Frais de déplacement (barèmes kilométriques) ") -> 0
B51: Frais d'hébergement | C51: =SUMIFS('DP_Instruction Forfaitaires'!$T$7:$T$506,'DP_Instruction Forfaitaires'!$J$7:$J$506,"Transfert",'DP_Instruction Forfaitaires'!$H$7:$H$506,"Frais d'hébergement") -> 0 | D51: =SUMIFS('DP_Instruction Forfaitaires'!$T$7:$T$506,'DP_Instruction Forfaitaires'!$J$7:$J$506,"Hors-Transfert",'DP_Instruction Forfaitaires'!$H$7:$H$506,"Frais d'hébergement") -> 0 | E51: =SUMIFS('DP_Instruction Forfaitaires'!$T$7:$T$506,'DP_Instruction Forfaitaires'!$J$7:$J$506,"Transfert",'DP_Instruction Forfaitaires'!$H$7:$H$506,"Frais d'hébergement") -> 0 | F51: =SUMIFS('DP_Instruction Forfaitaires'!$T$7:$T$506,'DP_Instruction Forfaitaires'!$J$7:$J$506,"Hors-Transfert",'DP_Instruction Forfaitaires'!$H$7:$H$506,"Frais d'hébergement") -> 0
B52: Frais de restauration | C52: =SUMIFS('DP_Instruction Forfaitaires'!$T$7:$T$506,'DP_Instruction Forfaitaires'!$J$7:$J$506,"Transfert",'DP_Instruction Forfaitaires'!$H$7:$H$506,"Frais de restauration") -> 0 | D52: =SUMIFS('DP_Instruction Forfaitaires'!$T$7:$T$506,'DP_Instruction Forfaitaires'!$J$7:$J$506,"Hors-Transfert",'DP_Instruction Forfaitaires'!$H$7:$H$506,"Frais de restauration") -> 0 | E52: =SUMIFS('DP_Instruction Forfaitaires'!$T$7:$T$506,'DP_Instruction Forfaitaires'!$J$7:$J$506,"Transfert",'DP_Instruction Forfaitaires'!$H$7:$H$506,"Frais de restauration") -> 0 | F52: =SUMIFS('DP_Instruction Forfaitaires'!$T$7:$T$506,'DP_Instruction Forfaitaires'!$J$7:$J$506,"Hors-Transfert",'DP_Instruction Forfaitaires'!$H$7:$H$506,"Frais de restauration") -> 0
B53: TOTAL | C53: =+C33+C39+C44+C46+C49 -> 0 | D53: =+D33+D39+D44+D46+D49 -> 0 | E53: =+E33+E39+E44+E46+E49 -> 0 | F53: =+F33+F39+F44+F46+F49 -> 0
B55: Tableau synthèse des dépenses de la DP précédente | I55: Montant de la DP en cours
B56: Catégories de dépenses et Sous-catégories de dépenses | C56: Montant présenté cumulé | D56: Montant éligible | E56: Montant éligible "Transfert" | F56: Montant éligible "Hors-transfert" | G56: Montant éligible retenu cumulé | I56: Catégories de dépenses et Sous-catégories de dépenses | J56: Montant présenté | K56: Montant éligible | L56: Montant éligible retenu après plafond | M56: Règles de plafond | O56: Calcul de la règle de plafond des dépenses sur achats de matériels
B57: Dépenses sur factures - autres | I57: Dépenses sur factures - autres | J57: =SUM(J58:J62) -> 0 | K57: =SUM(K58:K62) -> 0 | L57: =SUM(L58:L62) -> 0 | O57: Montant Achat de matériel | P57: =K59 -> 0
B58: Publicité européenne | I58: Publicité européenne | J58: =SUMIF('DP_Instruction factures SI'!$E$7:$E$506,'Synthèse dépenses SI'!I58,'DP_Instruction factures SI'!$I$7:$I$506) -> 0 | K58: =SUMIF('DP_Instruction factures SI'!$E$7:$E$506,'Synthèse dépenses SI'!I58,'DP_Instruction factures SI'!$M$7:$M$506) -> 0 | L58: =K58 -> 0 | O58: Plafond "Achat de matériel" (20% du montant éligible retenu) | P58: =((K73+K70+K68+K63++K62+K61+K60+K58)*0.2)/0.8 -> 0
B59: Achat de matériel | I59: Achat de matériel | J59: =SUMIF('DP_Instruction factures SI'!$E$7:$E$506,'Synthèse dépenses SI'!I59,'DP_Instruction factures SI'!$I$7:$I$506) -> 0 | K59: =SUMIF('DP_Instruction factures SI'!$E$7:$E$506,'Synthèse dépenses SI'!I59,'DP_Instruction factures SI'!$M$7:$M$506) -> 0 | L59: =K59 -> 0
B60: Achat de prestation | I60: Achat de prestation | J60: =SUMIF('DP_Instruction factures SI'!$E$7:$E$506,'Synthèse dépenses SI'!I60,'DP_Instruction factures SI'!$I$7:$I$506) -> 0 | K60: =SUMIF('DP_Instruction factures SI'!$E$7:$E$506,'Synthèse dépenses SI'!I60,'DP_Instruction factures SI'!$M$7:$M$506) -> 0 | L60: =K60 -> 0 | O60: A appliquer uniquement au Solde
B61: Communication et promotion | I61: Communication et promotion | J61: =SUMIF('DP_Instruction factures SI'!$E$7:$E$506,'Synthèse dépenses SI'!I61,'DP_Instruction factures SI'!$I$7:$I$506) -> 0 | K61: =SUMIF('DP_Instruction factures SI'!$E$7:$E$506,'Synthèse dépenses SI'!I61,'DP_Instruction factures SI'!$M$7:$M$506) -> 0 | L61: =K61 -> 0 | O61: Calcul de la règle de plafond des dépenses sur les "Hors-Transfert"
B62: Etude préalable | I62: Etude préalable | J62: =SUMIF('DP_Instruction factures SI'!$E$7:$E$506,'Synthèse dépenses SI'!I62,'DP_Instruction factures SI'!$I$7:$I$506) -> 0 | K62: =SUMIF('DP_Instruction factures SI'!$E$7:$E$506,'Synthèse dépenses SI'!I62,'DP_Instruction factures SI'!$M$7:$M$506) -> 0 | L62: =K62 -> 0 | O62: Montant "Hors-Transfert" après plafond de materiel | P62: =F49+F46+F44+F39+F33 -> 0
B63: Dépenses sur frais de personnel | I63: Dépenses sur frais de personnel | J63: =SUM(J64:J67) -> 0 | K63: =SUM(K64:K67) -> 0 | L63: =SUM(L64:L67) -> 0 | O63: Montant ajusté "Hors-Transfert" | P63: =MIN(P62,((E49+E46+E44+E39+E33)*0.8/0.2)) -> 0
B64: Salaire_chercheur | I64: Salaire_chercheur | J64: =SUMIF('DP_Instruction rémunération SI'!$E$7:$E$506,'Synthèse dépenses SI'!I64,'DP_Instruction rémunération SI'!$M$7:$M$15) -> 0 | K64: =SUMIF('DP_Instruction rémunération SI'!$E$7:$E$506,'Synthèse dépenses SI'!I64,'DP_Instruction rémunération SI'!$T$7:$T$15) -> 0 | L64: =SUMIF('DP_Instruction rémunération SI'!$E$7:$E$506,'Synthèse dépenses SI'!I64,'DP_Instruction rémunération SI'!$X$7:$X$15) -> 0 | M64: Plafond 140 000 € par chercheur | P64: =IF(P62=0,0,MIN(P62/P63)) -> 0
B65: Salaire_directeur | I65: Salaire_directeur | J65: =SUMIF('DP_Instruction rémunération SI'!$E$7:$E$506,'Synthèse dépenses SI'!I65,'DP_Instruction rémunération SI'!$M$7:$M$15) -> 0 | K65: =SUMIF('DP_Instruction rémunération SI'!$E$7:$E$506,'Synthèse dépenses SI'!I65,'DP_Instruction rémunération SI'!$T$7:$T$15) -> 0 | L65: =SUMIF('DP_Instruction rémunération SI'!$E$7:$E$506,'Synthèse dépenses SI'!I65,'DP_Instruction rémunération SI'!$X$7:$X$15) -> 0 | M65: Plafond 110 000 € par directeur
B66: Salaire_ingénieur | I66: Salaire_ingénieur | J66: =SUMIF('DP_Instruction rémunération SI'!$E$7:$E$506,'Synthèse dépenses SI'!I66,'DP_Instruction rémunération SI'!$M$7:$M$15) -> 0 | K66: =SUMIF('DP_Instruction rémunération SI'!$E$7:$E$506,'Synthèse dépenses SI'!I66,'DP_Instruction rémunération SI'!$T$7:$T$15) -> 0 | L66: =SUMIF('DP_Instruction rémunération SI'!$E$7:$E$506,'Synthèse dépenses SI'!I66,'DP_Instruction rémunération SI'!$X$7:$X$15) -> 0 | M66: Plafond 80 000 € par ingénieur
B67: Salaire_technicien | I67: Salaire_technicien | J67: =SUMIF('DP_Instruction rémunération SI'!$E$7:$E$506,'Synthèse dépenses SI'!I67,'DP_Instruction rémunération SI'!$M$7:$M$15) -> 0 | K67: =SUMIF('DP_Instruction rémunération SI'!$E$7:$E$506,'Synthèse dépenses SI'!I67,'DP_Instruction rémunération SI'!$T$7:$T$15) -> 0 | L67: =SUMIF('DP_Instruction rémunération SI'!$E$7:$E$506,'Synthèse dépenses SI'!I67,'DP_Instruction rémunération SI'!$X$7:$X$15) -> 0 | M67: Plafond 60 000 € par technicien
B68: Dépenses sur frais de structure | I68: Dépenses sur frais de structure | J68: =J69 -> 0 | K68: =K69 -> 0 | L68: =$L$69 -> 0
B69: 15% des frais de personnel | I69: 15% des frais de personnel | J69: ='Synthèse dépenses bénéficiaire'!G29 -> 0 | K69: =IF(J69=0,0,K63*0.15) -> 0 | L69: =IF(J69=0,0,L63*0.15) -> 0
B70: Déplacements sur frais réels | I70: Déplacements sur frais réels | J70: =J71+J72 -> 0 | K70: =K71+K72 -> 0 | L70: =L71+L72 -> 0
B71: Billets d'avion | I71: Billets d'avion | J71: =SUMIF('DP_Instruction frais réels'!$E$7:$E$506,'Synthèse dépenses SI'!I71,'DP_Instruction frais réels'!$J$7:$J$506) -> 0 | K71: =SUMIF('DP_Instruction frais réels'!$E$7:$E$506,'Synthèse dépenses SI'!I71,'DP_Instruction frais réels'!$N$7:$N$506) -> 0 | L71: =SUMIF('DP_Instruction frais réels'!$E$7:$E$506,'Synthèse dépenses SI'!I71,'DP_Instruction frais réels'!$R$7:$R$506) -> 0 | M71: Plafond par billets d'avion
B72: Billets de train | I72: Billets de train | J72: =SUMIF('DP_Instruction frais réels'!$E$7:$E$506,'Synthèse dépenses SI'!I72,'DP_Instruction frais réels'!$J$7:$J$506) -> 0 | K72: =SUMIF('DP_Instruction frais réels'!$E$7:$E$506,'Synthèse dépenses SI'!I72,'DP_Instruction frais réels'!$R$7:$R$506) -> 0 | L72: =K72 -> 0
B73: Dépenses forfaitaires | I73: Dépenses forfaitaires | J73: =SUM(J74:J76) -> 0 | K73: =SUM(K74:K76) -> 0 | L73: =SUM(L74:L76) -> 0
B74: Frais de déplacement (barèmes kilométriques) | I74: Frais de déplacement (barèmes kilométriques) | J74: =SUMIF('DP_Instruction Forfaitaires'!$H$7:$H$506,'Synthèse dépenses SI'!I74,'DP_Instruction Forfaitaires'!$P$7:$P$506) -> 0 | K74: =SUMIF('DP_Instruction Forfaitaires'!$H$7:$H$506,'Synthèse dépenses SI'!I74,'DP_Instruction Forfaitaires'!$T$7:$T$506) -> 0 | L74: =K74 -> 0
B75: Frais d'hébergement | I75: Frais d'hébergement | J75: =SUMIF('DP_Instruction Forfaitaires'!$H$7:$H$506,'Synthèse dépenses SI'!I75,'DP_Instruction Forfaitaires'!$P$7:$P$506) -> 0 | K75: =SUMIF('DP_Instruction Forfaitaires'!$H$7:$H$506,'Synthèse dépenses SI'!I75,'DP_Instruction Forfaitaires'!$T$7:$T$506) -> 0 | L75: =K75 -> 0
B76: Frais de restauration | I76: Frais de restauration | J76: =SUMIF('DP_Instruction Forfaitaires'!$H$7:$H$506,'Synthèse dépenses SI'!I76,'DP_Instruction Forfaitaires'!$P$7:$P$506) -> 0 | K76: =SUMIF('DP_Instruction Forfaitaires'!$H$7:$H$506,'Synthèse dépenses SI'!I76,'DP_Instruction Forfaitaires'!$T$7:$T$506) -> 0 | L76: =K76 -> 0
B77: Total | C77: =C57+C63+C68+C70+C73 -> 0 | D77: =D57+D63+D68+D70+D73 -> 0 | E77: =E57+E63+E68+E70+E73 -> 0 | F77: =F57+F63+F68+F70+F73 -> 0 | G77: =G57+G63+G68+G70+G73 -> 0 | I77: Total | J77: =J57+J63+J68+J70+J73 -> 0 | K77: =K57+K63+K68+K70+K73 -> 0 | L77: =+L73+L70+L68+L63+L57 -> 0
B79: Synthèse dépenses en cumulé (tableau à copier dans la DP suivante)
B80: Catégories de dépenses et Sous-catégories de dépenses | C80: Montant présenté cumulé | D80: Montant éligible | E80: Montant éligible "Transfert" | F80: Montant éligible "Hors Transfert" | G80: Montant éligible retenu cumulé | I80: Calcul uniquement au Solde
B81: Dépenses sur factures - autres | C81: =SUM(C82:C86) -> 0 | D81: =SUM(D82:D86) -> 0 | E81: =SUM(E82:E86) -> 0 | F81: =SUM(F82:F86) -> 0 | G81: =SUM(G82:G86) -> 0
B82: Publicité européenne | C82: =C58+J58 -> 0 | D82: =D58+K58 -> 0 | E82: =E58+C34 -> 0 | F82: =F58+D34 -> 0 | G82: =G58+L58 -> 0 | I82: Calcul plafond des dépenses sur achats de matériels 20% (cumulé)
B83: Achat de matériel | C83: =C59+J59 -> 0 | D83: =D59+K59 -> 0 | E83: =E59+C35 -> 0 | F83: =F59+D35 -> 0 | G83: =G59+L59 -> 0 | I83: Montant Achat de matériel | J83: =+G83 -> 0
B84: Achat de prestation | C84: =C60+J60 -> 0 | D84: =D60+K60 -> 0 | E84: =E60+C36 -> 0 | F84: =F60+D36 -> 0 | G84: =G60+L60 -> 0 | I84: Plafond "Achat de matériel" (20% du montant éligible retenu) | J84: =((G97+G94+G92+G87+G86+G85+G84+G82)*0.2)/0.8 -> 0
B85: Communication et promotion | C85: =C61+J61 -> 0 | D85: =D61+K61 -> 0 | E85: =E61+C37 -> 0 | F85: =F61+D37 -> 0 | G85: =G61+L61 -> 0
B86: Etude préalable | C86: =C62+J62 -> 0 | D86: =D62+K62 -> 0 | E86: =E62+C38 -> 0 | F86: =F62+D38 -> 0 | G86: =G62+L62 -> 0 | I86: Calcul de la règle de plafond des dépenses sur les "Hors-Transfert"
B87: Dépenses sur frais de personnel | C87: =SUM(C88:C91) -> 0 | D87: =SUM(D88:D91) -> 0 | E87: =SUM(E88:E91) -> 0 | F87: =SUM(F88:F91) -> 0 | G87: =SUM(G88:G91) -> 0 | I87: Montant "Hors-Transfert" après plafond de materiel | J87: =K113 -> 0
B88: Salaire_chercheur | C88: =C64+J64 -> 0 | D88: =D64+K64 -> 0 | E88: =E64+C40 -> 0 | F88: =F64+D40 -> 0 | G88: =G64+L64 -> 0 | I88: Montant ajusté "Hors-Transfert" | J88: =IF(E13="Solde",MIN(K113,J113*0.8/0.2),"")
B89: Salaire_directeur | C89: =C65+J65 -> 0 | D89: =D65+K65 -> 0 | E89: =E65+C41 -> 0 | F89: =F65+D41 -> 0 | G89: =G65+L65 -> 0
B90: Salaire_ingénieur | C90: =C66+J66 -> 0 | D90: =D66+K66 -> 0 | E90: =E66+C42 -> 0 | F90: =F66+D42 -> 0 | G90: =G66+L66 -> 0
B91: Salaire_technicien | C91: =C67+J67 -> 0 | D91: =D67+K67 -> 0 | E91: =E67+C43 -> 0 | F91: =F67+D43 -> 0 | G91: =G67+L67 -> 0 | I91: Catégories de dépenses et Sous-catégories de dépenses | J91: Montant "Transfert" après plafond achats de matériel | K91: Montant "Hors-Transfert" après plafond achats de matériel | L91: Montant après plafond "Hors transfert" | M91: Montant éligible retenu cumulé après plafond
B92: Dépenses sur frais de structure | C92: =C93 -> 0 | D92: =D93 -> 0 | E92: =E93 -> 0 | F92: =F93 -> 0 | G92: =G93 -> 0
B93: 15% des frais de personnel | C93: =C69+J69 -> 0 | D93: =D69+K69 -> 0 | E93: =E69+C45 -> 0 | F93: =F69+D45 -> 0 | G93: =G69+L69 -> 0 | I93: Dépenses sur factures - autres | J93: =SUM(J94:J98) -> 0 | K93: =SUM(K94:K98) -> 0 | L93: =SUM(L94:L98) -> 0 | M93: =SUM(M94:M98) -> 0
B94: Déplacements sur frais réels | C94: =C95+C96 -> 0 | D94: =D95+D96 -> 0 | E94: =E95+E96 -> 0 | F94: =F95+F96 -> 0 | G94: =G95+G96 -> 0 | I94: Publicité européenne | J94: =E82 -> 0 | K94: =F82 -> 0 | L94: =IF($J$88<$K$113,$J$88/$K$113*K94,K94) -> 0 | M94: =J94+L94 -> 0
B95: Billets d'avion | C95: =C71+J71 -> 0 | D95: =D71+K71 -> 0 | E95: =E71+C47 -> 0 | F95: =F71+D47 -> 0 | G95: =G71+L71 -> 0 | I95: Achat de matériel | J95: =IF($J$84<$J$83,$J$84/$J$83*E83,E83) -> 0 | K95: =IF($J$84<$J$83,$J$84/$J$83*F83,F83) -> 0 | L95: =IF($J$88<$K$113,$J$88/$K$113*K95,K95) -> 0 | M95: =J95+L95 -> 0
B96: Billets de train | C96: =C72+J72 -> 0 | D96: =D72+K72 -> 0 | E96: =E72+C48 -> 0 | F96: =F72+D48 -> 0 | G96: =G72+L72 -> 0 | I96: Achat de prestation | J96: =E84 -> 0 | K96: =F84 -> 0 | L96: =IF($J$88<$K$113,$J$88/$K$113*K96,K96) -> 0 | M96: =J96+L96 -> 0
B97: Dépenses forfaitaires | C97: =SUM(C98:C100) -> 0 | D97: =SUM(D98:D100) -> 0 | E97: =SUM(E98:E100) -> 0 | F97: =SUM(F98:F100) -> 0 | G97: =SUM(G98:G100) -> 0 | I97: Communication et promotion | J97: =E85 -> 0 | K97: =F85 -> 0 | L97: =IF($J$88<$K$113,$J$88/$K$113*K97,K97) -> 0 | M97: =J97+L97 -> 0
B98: Frais de déplacement (barèmes kilométriques) | C98: =C74+J74 -> 0 | D98: =D74+K74 -> 0 | E98: =E74+C50 -> 0 | F98: =F74+D50 -> 0 | G98: =G74+L74 -> 0 | I98: Etude préalable | J98: =E86 -> 0 | K98: =F86 -> 0 | L98: =IF($J$88<$K$113,$J$88/$K$113*K98,K98) -> 0 | M98: =J98+L98 -> 0
B99: Frais d'hébergement | C99: =C75+J75 -> 0 | D99: =D75+K75 -> 0 | E99: =E75+C51 -> 0 | F99: =F75+D51 -> 0 | G99: =G75+L75 -> 0 | I99: Dépenses sur frais de personnel | J99: =SUM(J100:J103) -> 0 | K99: =SUM(K100:K103) -> 0 | L99: =SUM(L100:L103) -> 0 | M99: =SUM(M100:M103) -> 0
B100: Frais de restauration | C100: =C76+J76 -> 0 | D100: =D76+K76 -> 0 | E100: =E76+C52 -> 0 | F100: =F76+D52 -> 0 | G100: =G76+L76 -> 0 | I100: Salaire_chercheur | J100: =E88 -> 0 | K100: =F88 -> 0 | L100: =IF($J$88<$K$113,$J$88/$K$113*K100,K100) -> 0 | M100: =J100+L100 -> 0
B101: Total | C101: =C81+C87+C92+C94+C97 -> 0 | D101: =D81+D87+D92+D94+D97 -> 0 | E101: =E81+E87+E92+E94+E97 -> 0 | F101: =F81+F87+F92+F94+F97 -> 0 | G101: =G81+G87+G92+G94+G97 -> 0 | I101: Salaire_directeur | J101: =E89 -> 0 | K101: =F89 -> 0 | L101: =IF($J$88<$K$113,$J$88/$K$113*K101,K101) -> 0 | M101: =J101+L101 -> 0
I102: Salaire_ingénieur | J102: =E90 -> 0 | K102: =F90 -> 0 | L102: =IF($J$88<$K$113,$J$88/$K$113*K102,K102) -> 0 | M102: =J102+L102 -> 0
I103: Salaire_technicien | J103: =E91 -> 0 | K103: =F91 -> 0 | L103: =IF($J$88<$K$113,$J$88/$K$113*K103,K103) -> 0 | M103: =J103+L103 -> 0
B104: Tableau à recopier dans Safran (Saisir uniquement les sous-catégories) | I104: Dépenses sur frais de structure | J104: =J105 -> 0 | K104: =K105 -> 0 | L104: =L105 -> 0 | M104: =M105 -> 0
I105: 15% des frais de personnel | J105: =E93 -> 0 | K105: =F93 -> 0 | L105: =IF($J$88<$K$113,$J$88/$K$113*K105,K105) -> 0 | M105: =J105+L105 -> 0
B106: Catégories de dépenses et Sous-catégories de dépenses | C106: Montant présenté | D106: Montant éligible | E106: Montant éligible retenu | I106: Déplacements sur frais réels | J106: =J107+J108 -> 0 | K106: =K107+K108 -> 0 | L106: =L107+L108 -> 0 | M106: =M107+M108 -> 0
B107: Dépenses sur factures - autres | C107: =SUM(C108:C112) -> 0 | D107: =SUM(D108:D112) -> 0 | E107: =SUM(E108:E112) -> 0 | I107: Billets d'avion | J107: =E95 -> 0 | K107: =F95 -> 0 | L107: =IF($J$88<$K$113,$J$88/$K$113*K107,K107) -> 0 | M107: =J107+L107 -> 0
B108: Publicité européenne | C108: =J58 -> 0 | D108: =K58 -> 0 | E108: =IF($E$13<>"Solde",L58,J119) -> 0 | I108: Billets de train | J108: =E96 -> 0 | K108: =F96 -> 0 | L108: =IF($J$88<$K$113,$J$88/$K$113*K108,K108) -> 0 | M108: =J108+L108 -> 0
B109: Achat de matériel | C109: =J59 -> 0 | D109: =K59 -> 0 | E109: =IF($E$13<>"Solde",L59,J120) -> 0 | I109: Dépenses forfaitaires | J109: =SUM(J110:J112) -> 0 | K109: =SUM(K110:K112) -> 0 | L109: =SUM(L110:L112) -> 0 | M109: =SUM(M110:M112) -> 0
B110: Achat de prestation | C110: =J60 -> 0 | D110: =K60 -> 0 | E110: =IF($E$13<>"Solde",L60,J121) -> 0 | I110: Frais de déplacement (barèmes kilométriques) | J110: =E98 -> 0 | K110: =F98 -> 0 | L110: =IF($J$88<$K$113,$J$88/$K$113*K110,K110) -> 0 | M110: =+J110+L110 -> 0
B111: Communication et promotion | C111: =J61 -> 0 | D111: =K61 -> 0 | E111: =IF($E$13<>"Solde",L61,J122) -> 0 | I111: Frais d'hébergement | J111: =E99 -> 0 | K111: =F99 -> 0 | L111: =IF($J$88<$K$113,$J$88/$K$113*K111,K111) -> 0 | M111: =+J111+L111 -> 0
B112: Etude préalable | C112: =J62 -> 0 | D112: =K62 -> 0 | E112: =IF($E$13<>"Solde",L62,J123) -> 0 | I112: Frais de restauration | J112: =E100 -> 0 | K112: =F100 -> 0 | L112: =IF($J$88<$K$113,$J$88/$K$113*K112,K112) -> 0 | M112: =+J112+L112 -> 0
B113: Frais de personnel | C113: =SUM(C114:C117) -> 0 | D113: =SUM(D114:D117) -> 0 | E113: =SUM(E114:E117) -> 0 | I113: Total | J113: =J93+J99+J104+J106+J109 -> 0 | K113: =K93+K99+K104+K106+K109 -> 0 | L113: =L93+L99+L104+L106+L109 -> 0 | M113: =M93+M99+M104+M106+M109 -> 0
B114: Salaire_chercheur | C114: =J64 -> 0 | D114: =K64 -> 0 | E114: =IF($E$13<>"Solde",L64,J125) -> 0
...

Sheet DP_Instruction factures SI
A1: Service Instructeur
A2: Dépenses sur Factures Les colonnes marquées d'un " * " sont à remplir obligatoirement pour chaque ligne de dépense. Merci de ne pas modifier ce document.
A3: N° | B3: Description de la dépense * | C3: Dénomination du fournisseur * | D3: Identifiant du justificatif * | E3: Sous catégories de dépenses * | F3: Type de transfert * | G3: Date d'émission * | H3: Date d'acquittement * | I3: Montant HT présenté * | J3: Contrôle Date * | K3: Date d'émission * | L3: Date d'acquittement * | M3: Montant éligible (€ HT) * | N3: Motif inéligibilité | O3: Commentaire instructeur | P3: Message informatif | Q3: Ligne Instruite
B4: (nature de la dépense indiquée sur le justificatif de dépense. Ex : désignation de l'article, de l'objet…) | C4: (nom de l'entreprise, de la structure émettrice du justificatif) | D4: (information présente sur le justificatif joint. Ex: numéro de facture,...) | E4: Sélectionner la sous catégorie de dépenses | F4: Choisissez "Transfert" ou "Hors-Transfert" | G4: Date d'émission du justificatif | H4: Date d'acquittement du justificatif | I4: (montant hors taxes de la facture, en euros) | N4: =IF(R6>0,"Une ou plusieurs lignes ne sont pas instruites","")
A5: Exemple | B5: Imprimante | C5: Design Print | D5: 20240223-0001 | E5: Equipement bureau | F5: Transfert | G5: 45689 | H5: 45747 | I5: 2850 | J5: OK | K5: 45751 | L5: 45782 | M5: 2375 | N5: TVA inéligible | O5: La TVA est inéligible sur le PSN à Mayotte | Q5: Oui | R5: CRTL
H6: Total | I6: =SUM(I7:I506) -> 0 | L6: Total | M6: =SUM(M7:M506) -> 0 | R6: =SUM(R7:R506) -> 0
A7: 1 | B7: =IF('Dépenses sur factures'!B7="","",'Dépenses sur factures'!B7) | C7: =IF('Dépenses sur factures'!C7="","",'Dépenses sur factures'!C7) | D7: =IF('Dépenses sur factures'!D7="","",'Dépenses sur factures'!D7) | E7: =IF('Dépenses sur factures'!E7="","",'Dépenses sur factures'!E7) | F7: =IF('Dépenses sur factures'!F7="","",'Dépenses sur factures'!F7) | G7: =IF('Dépenses sur factures'!G7="","",'Dépenses sur factures'!G7) | H7: =IF('Dépenses sur factures'!H7="","",'Dépenses sur factures'!H7) | I7: =IF('Dépenses sur factures'!I7="","",'Dépenses sur factures'!I7) | K7: =IF(J7="KO","",IF(J7="","",G7)) | L7: =IF(J7="KO","",IF(J7="","",H7)) | P7: =IF(AND(OR(J7="KO",M7<>""),OR(J7="",K7="",L7="")),Listes!$A$68,IF(AND(M7="",J7<>""),Listes!$A$69,IF(AND(I7<M7,O7=""),Listes!$A$70,IF(AND(L7<K7,O7=""),Listes!$A$71,IF(AND(M7<>"",M7<I7,N7=""),Listes!$A$72,IF(AND(Q7="",OR(J7<>"",K7<>"",L7<>"")),Listes!$A$73,"")))))) | R7: =IF(AND(B7<>"",Q7<>"Oui"),1,0) -> 0
A8: 2 | B8: =IF('Dépenses sur factures'!B8="","",'Dépenses sur factures'!B8) | C8: =IF('Dépenses sur factures'!C8="","",'Dépenses sur factures'!C8) | D8: =IF('Dépenses sur factures'!D8="","",'Dépenses sur factures'!D8) | E8: =IF('Dépenses sur factures'!E8="","",'Dépenses sur factures'!E8) | F8: =IF('Dépenses sur factures'!F8="","",'Dépenses sur factures'!F8) | G8: =IF('Dépenses sur factures'!G8="","",'Dépenses sur factures'!G8) | H8: =IF('Dépenses sur factures'!H8="","",'Dépenses sur factures'!H8) | I8: =IF('Dépenses sur factures'!I8="","",'Dépenses sur factures'!I8) | K8: =IF(J8="KO","",IF(J8="","",G8)) | L8: =IF(J8="KO","",IF(J8="","",H8)) | P8: =IF(AND(OR(J8="KO",M8<>""),OR(J8="",K8="",L8="")),Listes!$A$68,IF(AND(M8="",J8<>""),Listes!$A$69,IF(AND(I8<M8,O8=""),Listes!$A$70,IF(AND(L8<K8,O8=""),Listes!$A$71,IF(AND(M8<>"",M8<I8,N8=""),Listes!$A$72,IF(AND(Q8="",OR(J8<>"",K8<>"",L8<>"")),Listes!$A$73,"")))))) | R8: =IF(AND(B8<>"",Q8<>"Oui"),1,0) -> 0
A9: 3 | B9: =IF('Dépenses sur factures'!B9="","",'Dépenses sur factures'!B9) | C9: =IF('Dépenses sur factures'!C9="","",'Dépenses sur factures'!C9) | D9: =IF('Dépenses sur factures'!D9="","",'Dépenses sur factures'!D9) | E9: =IF('Dépenses sur factures'!E9="","",'Dépenses sur factures'!E9) | F9: =IF('Dépenses sur factures'!F9="","",'Dépenses sur factures'!F9) | G9: =IF('Dépenses sur factures'!G9="","",'Dépenses sur factures'!G9) | H9: =IF('Dépenses sur factures'!H9="","",'Dépenses sur factures'!H9) | I9: =IF('Dépenses sur factures'!I9="","",'Dépenses sur factures'!I9) | K9: =IF(J9="KO","",IF(J9="","",G9)) | L9: =IF(J9="KO","",IF(J9="","",H9)) | P9: =IF(AND(OR(J9="KO",M9<>""),OR(J9="",K9="",L9="")),Listes!$A$68,IF(AND(M9="",J9<>""),Listes!$A$69,IF(AND(I9<M9,O9=""),Listes!$A$70,IF(AND(L9<K9,O9=""),Listes!$A$71,IF(AND(M9<>"",M9<I9,N9=""),Listes!$A$72,IF(AND(Q9="",OR(J9<>"",K9<>"",L9<>"")),Listes!$A$73,"")))))) | R9: =IF(AND(B9<>"",Q9<>"Oui"),1,0) -> 0
A10: 4 | B10: =IF('Dépenses sur factures'!B10="","",'Dépenses sur factures'!B10) | C10: =IF('Dépenses sur factures'!C10="","",'Dépenses sur factures'!C10) | D10: =IF('Dépenses sur factures'!D10="","",'Dépenses sur factures'!D10) | E10: =IF('Dépenses sur factures'!E10="","",'Dépenses sur factures'!E10) | F10: =IF('Dépenses sur factures'!F10="","",'Dépenses sur factures'!F10) | G10: =IF('Dépenses sur factures'!G10="","",'Dépenses sur factures'!G10) | H10: =IF('Dépenses sur factures'!H10="","",'Dépenses sur factures'!H10) | I10: =IF('Dépenses sur factures'!I10="","",'Dépenses sur factures'!I10) | K10: =IF(J10="KO","",IF(J10="","",G10)) | L10: =IF(J10="KO","",IF(J10="","",H10)) | P10: =IF(AND(OR(J10="KO",M10<>""),OR(J10="",K10="",L10="")),Listes!$A$68,IF(AND(M10="",J10<>""),Listes!$A$69,IF(AND(I10<M10,O10=""),Listes!$A$70,IF(AND(L10<K10,O10=""),Listes!$A$71,IF(AND(M10<>"",M10<I10,N10=""),Listes!$A$72,IF(AND(Q10="",OR(J10<>"",K10<>"",L10<>"")),Listes!$A$73,"")))))) | R10: =IF(AND(B10<>"",Q10<>"Oui"),1,0) -> 0
A11: 5 | B11: =IF('Dépenses sur factures'!B11="","",'Dépenses sur factures'!B11) | C11: =IF('Dépenses sur factures'!C11="","",'Dépenses sur factures'!C11) | D11: =IF('Dépenses sur factures'!D11="","",'Dépenses sur factures'!D11) | E11: =IF('Dépenses sur factures'!E11="","",'Dépenses sur factures'!E11) | F11: =IF('Dépenses sur factures'!F11="","",'Dépenses sur factures'!F11) | G11: =IF('Dépenses sur factures'!G11="","",'Dépenses sur factures'!G11) | H11: =IF('Dépenses sur factures'!H11="","",'Dépenses sur factures'!H11) | I11: =IF('Dépenses sur factures'!I11="","",'Dépenses sur factures'!I11) | K11: =IF(J11="KO","",IF(J11="","",G11)) | L11: =IF(J11="KO","",IF(J11="","",H11)) | P11: =IF(AND(OR(J11="KO",M11<>""),OR(J11="",K11="",L11="")),Listes!$A$68,IF(AND(M11="",J11<>""),Listes!$A$69,IF(AND(I11<M11,O11=""),Listes!$A$70,IF(AND(L11<K11,O11=""),Listes!$A$71,IF(AND(M11<>"",M11<I11,N11=""),Listes!$A$72,IF(AND(Q11="",OR(J11<>"",K11<>"",L11<>"")),Listes!$A$73,"")))))) | R11: =IF(AND(B11<>"",Q11<>"Oui"),1,0) -> 0
A12: 6 | B12: =IF('Dépenses sur factures'!B12="","",'Dépenses sur factures'!B12) | C12: =IF('Dépenses sur factures'!C12="","",'Dépenses sur factures'!C12) | D12: =IF('Dépenses sur factures'!D12="","",'Dépenses sur factures'!D12) | E12: =IF('Dépenses sur factures'!E12="","",'Dépenses sur factures'!E12) | F12: =IF('Dépenses sur factures'!F12="","",'Dépenses sur factures'!F12) | G12: =IF('Dépenses sur factures'!G12="","",'Dépenses sur factures'!G12) | H12: =IF('Dépenses sur factures'!H12="","",'Dépenses sur factures'!H12) | I12: =IF('Dépenses sur factures'!I12="","",'Dépenses sur factures'!I12) | K12: =IF(J12="KO","",IF(J12="","",G12)) | L12: =IF(J12="KO","",IF(J12="","",H12)) | P12: =IF(AND(OR(J12="KO",M12<>""),OR(J12="",K12="",L12="")),Listes!$A$68,IF(AND(M12="",J12<>""),Listes!$A$69,IF(AND(I12<M12,O12=""),Listes!$A$70,IF(AND(L12<K12,O12=""),Listes!$A$71,IF(AND(M12<>"",M12<I12,N12=""),Listes!$A$72,IF(AND(Q12="",OR(J12<>"",K12<>"",L12<>"")),Listes!$A$73,"")))))) | R12: =IF(AND(B12<>"",Q12<>"Oui"),1,0) -> 0
A13: 7 | B13: =IF('Dépenses sur factures'!B13="","",'Dépenses sur factures'!B13) | C13: =IF('Dépenses sur factures'!C13="","",'Dépenses sur factures'!C13) | D13: =IF('Dépenses sur factures'!D13="","",'Dépenses sur factures'!D13) | E13: =IF('Dépenses sur factures'!E13="","",'Dépenses sur factures'!E13) | F13: =IF('Dépenses sur factures'!F13="","",'Dépenses sur factures'!F13) | G13: =IF('Dépenses sur factures'!G13="","",'Dépenses sur factures'!G13) | H13: =IF('Dépenses sur factures'!H13="","",'Dépenses sur factures'!H13) | I13: =IF('Dépenses sur factures'!I13="","",'Dépenses sur factures'!I13) | K13: =IF(J13="KO","",IF(J13="","",G13)) | L13: =IF(J13="KO","",IF(J13="","",H13)) | P13: =IF(AND(OR(J13="KO",M13<>""),OR(J13="",K13="",L13="")),Listes!$A$68,IF(AND(M13="",J13<>""),Listes!$A$69,IF(AND(I13<M13,O13=""),Listes!$A$70,IF(AND(L13<K13,O13=""),Listes!$A$71,IF(AND(M13<>"",M13<I13,N13=""),Listes!$A$72,IF(AND(Q13="",OR(J13<>"",K13<>"",L13<>"")),Listes!$A$73,"")))))) | R13: =IF(AND(B13<>"",Q13<>"Oui"),1,0) -> 0
A14: 8 | B14: =IF('Dépenses sur factures'!B14="","",'Dépenses sur factures'!B14) | C14: =IF('Dépenses sur factures'!C14="","",'Dépenses sur factures'!C14) | D14: =IF('Dépenses sur factures'!D14="","",'Dépenses sur factures'!D14) | E14: =IF('Dépenses sur factures'!E14="","",'Dépenses sur factures'!E14) | F14: =IF('Dépenses sur factures'!F14="","",'Dépenses sur factures'!F14) | G14: =IF('Dépenses sur factures'!G14="","",'Dépenses sur factures'!G14) | H14: =IF('Dépenses sur factures'!H14="","",'Dépenses sur factures'!H14) | I14: =IF('Dépenses sur factures'!I14="","",'Dépenses sur factures'!I14) | K14: =IF(J14="KO","",IF(J14="","",G14)) | L14: =IF(J14="KO","",IF(J14="","",H14)) | P14: =IF(AND(OR(J14="KO",M14<>""),OR(J14="",K14="",L14="")),Listes!$A$68,IF(AND(M14="",J14<>""),Listes!$A$69,IF(AND(I14<M14,O14=""),Listes!$A$70,IF(AND(L14<K14,O14=""),Listes!$A$71,IF(AND(M14<>"",M14<I14,N14=""),Listes!$A$72,IF(AND(Q14="",OR(J14<>"",K14<>"",L14<>"")),Listes!$A$73,"")))))) | R14: =IF(AND(B14<>"",Q14<>"Oui"),1,0) -> 0
A15: 9 | B15: =IF('Dépenses sur factures'!B15="","",'Dépenses sur factures'!B15) | C15: =IF('Dépenses sur factures'!C15="","",'Dépenses sur factures'!C15) | D15: =IF('Dépenses sur factures'!D15="","",'Dépenses sur factures'!D15) | E15: =IF('Dépenses sur factures'!E15="","",'Dépenses sur factures'!E15) | F15: =IF('Dépenses sur factures'!F15="","",'Dépenses sur factures'!F15) | G15: =IF('Dépenses sur factures'!G15="","",'Dépenses sur factures'!G15) | H15: =IF('Dépenses sur factures'!H15="","",'Dépenses sur factures'!H15) | I15: =IF('Dépenses sur factures'!I15="","",'Dépenses sur factures'!I15) | K15: =IF(J15="KO","",IF(J15="","",G15)) | L15: =IF(J15="KO","",IF(J15="","",H15)) | P15: =IF(AND(OR(J15="KO",M15<>""),OR(J15="",K15="",L15="")),Listes!$A$68,IF(AND(M15="",J15<>""),Listes!$A$69,IF(AND(I15<M15,O15=""),Listes!$A$70,IF(AND(L15<K15,O15=""),Listes!$A$71,IF(AND(M15<>"",M15<I15,N15=""),Listes!$A$72,IF(AND(Q15="",OR(J15<>"",K15<>"",L15<>"")),Listes!$A$73,"")))))) | R15: =IF(AND(B15<>"",Q15<>"Oui"),1,0) -> 0
A16: 10 | B16: =IF('Dépenses sur factures'!B16="","",'Dépenses sur factures'!B16) | C16: =IF('Dépenses sur factures'!C16="","",'Dépenses sur factures'!C16) | D16: =IF('Dépenses sur factures'!D16="","",'Dépenses sur factures'!D16) | E16: =IF('Dépenses sur factures'!E16="","",'Dépenses sur factures'!E16) | F16: =IF('Dépenses sur factures'!F16="","",'Dépenses sur factures'!F16) | G16: =IF('Dépenses sur factures'!G16="","",'Dépenses sur factures'!G16) | H16: =IF('Dépenses sur factures'!H16="","",'Dépenses sur factures'!H16) | I16: =IF('Dépenses sur factures'!I16="","",'Dépenses sur factures'!I16) | K16: =IF(J16="KO","",IF(J16="","",G16)) | L16: =IF(J16="KO","",IF(J16="","",H16)) | P16: =IF(AND(OR(J16="KO",M16<>""),OR(J16="",K16="",L16="")),Listes!$A$68,IF(AND(M16="",J16<>""),Listes!$A$69,IF(AND(I16<M16,O16=""),Listes!$A$70,IF(AND(L16<K16,O16=""),Listes!$A$71,IF(AND(M16<>"",M16<I16,N16=""),Listes!$A$72,IF(AND(Q16="",OR(J16<>"",K16<>"",L16<>"")),Listes!$A$73,"")))))) | R16: =IF(AND(B16<>"",Q16<>"Oui"),1,0) -> 0
A17: 11 | B17: =IF('Dépenses sur factures'!B17="","",'Dépenses sur factures'!B17) | C17: =IF('Dépenses sur factures'!C17="","",'Dépenses sur factures'!C17) | D17: =IF('Dépenses sur factures'!D17="","",'Dépenses sur factures'!D17) | E17: =IF('Dépenses sur factures'!E17="","",'Dépenses sur factures'!E17) | F17: =IF('Dépenses sur factures'!F17="","",'Dépenses sur factures'!F17) | G17: =IF('Dépenses sur factures'!G17="","",'Dépenses sur factures'!G17) | H17: =IF('Dépenses sur factures'!H17="","",'Dépenses sur factures'!H17) | I17: =IF('Dépenses sur factures'!I17="","",'Dépenses sur factures'!I17) | K17: =IF(J17="KO","",IF(J17="","",G17)) | L17: =IF(J17="KO","",IF(J17="","",H17)) | P17: =IF(AND(OR(J17="KO",M17<>""),OR(J17="",K17="",L17="")),Listes!$A$68,IF(AND(M17="",J17<>""),Listes!$A$69,IF(AND(I17<M17,O17=""),Listes!$A$70,IF(AND(L17<K17,O17=""),Listes!$A$71,IF(AND(M17<>"",M17<I17,N17=""),Listes!$A$72,IF(AND(Q17="",OR(J17<>"",K17<>"",L17<>"")),Listes!$A$73,"")))))) | R17: =IF(AND(B17<>"",Q17<>"Oui"),1,0) -> 0
A18: 12 | B18: =IF('Dépenses sur factures'!B18="","",'Dépenses sur factures'!B18) | C18: =IF('Dépenses sur factures'!C18="","",'Dépenses sur factures'!C18) | D18: =IF('Dépenses sur factures'!D18="","",'Dépenses sur factures'!D18) | E18: =IF('Dépenses sur factures'!E18="","",'Dépenses sur factures'!E18) | F18: =IF('Dépenses sur factures'!F18="","",'Dépenses sur factures'!F18) | G18: =IF('Dépenses sur factures'!G18="","",'Dépenses sur factures'!G18) | H18: =IF('Dépenses sur factures'!H18="","",'Dépenses sur factures'!H18) | I18: =IF('Dépenses sur factures'!I18="","",'Dépenses sur factures'!I18) | K18: =IF(J18="KO","",IF(J18="","",G18)) | L18: =IF(J18="KO","",IF(J18="","",H18)) | P18: =IF(AND(OR(J18="KO",M18<>""),OR(J18="",K18="",L18="")),Listes!$A$68,IF(AND(M18="",J18<>""),Listes!$A$69,IF(AND(I18<M18,O18=""),Listes!$A$70,IF(AND(L18<K18,O18=""),Listes!$A$71,IF(AND(M18<>"",M18<I18,N18=""),Listes!$A$72,IF(AND(Q18="",OR(J18<>"",K18<>"",L18<>"")),Listes!$A$73,"")))))) | R18: =IF(AND(B18<>"",Q18<>"Oui"),1,0) -> 0
... A506: 500 | B506: =IF('Dépenses sur factures'!B506="","",'Dépenses sur factures'!B506) | C506: =IF('Dépenses sur factures'!C506="","",'Dépenses sur factures'!C506) | D506: =IF('Dépenses sur factures'!D506="","",'Dépenses sur factures'!D506) | E506: =IF('Dépenses sur factures'!E506="","",'Dépenses sur factures'!E506) | F506: =IF('Dépenses sur factures'!F506="","",'Dépenses sur factures'!F506) | G506: =IF('Dépenses sur factures'!G506="","",'Dépenses sur factures'!G506) | H506: =IF('Dépenses sur factures'!H506="","",'Dépenses sur factures'!H506) | I506: =IF('Dépenses sur factures'!I506="","",'Dépenses sur factures'!I506) | K506: =IF(J506="KO","",IF(J506="","",G506)) | L506: =IF(J506="KO","",IF(J506="","",H506)) | P506: =IF(AND(OR(J506="KO",M506<>""),OR(J506="",K506="",L506="")),Listes!$A$68,IF(AND(M506="",J506<>""),Listes!$A$69,IF(AND(I506<M506,O506=""),Listes!$A$70,IF(AND(L506<K506,O506=""),Listes!$A$71,IF(AND(M506<>"",M506<I506,N506=""),Listes!$A$72,IF(AND(Q506="",OR(J506<>"",K506<>"",L506<>"")),Listes!$A$73,"")))))) | R506: =IF(AND(B506<>"",Q506<>"Oui"),1,0) -> 0
M507: =SUM(M7:M506) -> 0

Sheet DP_Instruction rémunération SI
A1: Service Instructeur | AD1: Technicien | AE1: =SUMIFS(#REF!,$E$7:$E$506,"Salaire_technicien") -> #REF!
A2: Dépenses sur frais de personnel Les colonnes marquées d'un " * " sont à remplir obligatoirement pour chaque ligne de dépense. Merci de ne pas modifier ce document. | AD2: Ingénieur | AE2: =SUMIFS(#REF!,$E$7:$E$506,"Salaire_ingénieur") -> #REF!
A3: N° | B3: Description de l'intervention * | C3: Nom de l'intervenant * | D3: Qualification de l'intervenant * | E3: Sous catégories de dépenses * | F3: Type de transfert * | G3: Identifiant du justificatif * | H3: Date de début * | I3: Date de fin * | J3: Coût salarial sur la période * | K3: Temps de travail sur la période * | L3: Temps de travail sur l'opération * | M3: Montant HT demandé | N3: Contrôle Date * | O3: Date de début | P3: Date de fin | Q3: Coût salarial retenu sur la période * | R3: Temps de travail retenu sur la période * | S3: Temps de travail retenu sur l'opération * | T3: Montant éligible (€ HT) * | U3: Motif inéligibilité | V3: Commentaire instructeur | W3: Montant du plafond | X3: Montant éligible retenu (€ HT) * | Y3: Message informatif | Z3: Ligne Instruite | AD3: Chercheur | AE3: =SUMIFS(#REF!,$E$7:$E$506,"Salaire_Chercheur") -> #REF!
B4: Description de la mission de la personne | C4: Nom et prénom de la personne | D4: Diplôme, niveau d'etude, etc…. | E4: Sélectionner la sous-catégorie de dépense | F4: Choisissez "Transfert" ou "Hors-Transfert" | G4: Ex: Bulletin de paie,… | H4: Date de début de l'intervention | I4: Date de fin de l'intervention | J4: Les dépenses sur rémunérations sont calculées sur une base unique de 1607 heures par an. | Q4: Les dépenses sur rémunérations sont calculées sur une base unique de 1607 heures par an. | U4: =IF(AA6>0,"Une ou plusieurs lignes ne sont pas instruites","") | AD4: Directeur | AE4: =SUMIFS(#REF!,$E$7:$E$506,"Salaire_Directeur") -> #REF!
A5: Exemple | B5: Salaire du chargée de mission | C5: M. Salaire | D5: Ingénieur | E5: Salaire_chercheur | F5: Transfert | G5: Journal de paie | H5: 46023 | I5: 46387 | J5: 34000 | K5: 1607 | L5: 1607 | M5: =IF($E5="","",IF(OR(($J5=0),($K5=0)),0,$J5/$K5*$L5)) -> 34000 | N5: OK | O5: 46023 | P5: 46387 | Q5: 123562 | R5: 1607 | S5: 1607 | T5: 34000 | W5: 80000 | X5: 34000 | Z5: Oui | AA5: CRTL
L6: Total | M6: =SUM(M7:M506) -> 0 | S6: Total | T6: =SUM(T7:T506) -> 0 | W6: =SUM(W7:W506) -> 0 | X6: =SUM(X7:X506) -> 0 | AA6: =SUM(AA7:AA506) -> 0
A7: 1 | B7: =IF('Dépenses rémunération au réel'!$B7="","",'Dépenses rémunération au réel'!$B7) | C7: =IF('Dépenses rémunération au réel'!$C7="","",'Dépenses rémunération au réel'!$C7) | D7: =IF('Dépenses rémunération au réel'!$D7="","",'Dépenses rémunération au réel'!$D7) | E7: =IF('Dépenses rémunération au réel'!$E7="","",'Dépenses rémunération au réel'!$E7) | F7: =IF('Dépenses rémunération au réel'!$F7="","",'Dépenses rémunération au réel'!$F7) | G7: =IF('Dépenses rémunération au réel'!$G7="","",'Dépenses rémunération au réel'!$G7) | H7: =IF('Dépenses rémunération au réel'!$H7="","",'Dépenses rémunération au réel'!$H7) | I7: =IF('Dépenses rémunération au réel'!$I7="","",'Dépenses rémunération au réel'!$I7) | J7: =IF('Dépenses rémunération au réel'!$J7="","",'Dépenses rémunération au réel'!$J7) | K7: =IF('Dépenses rémunération au réel'!$K7="","",'Dépenses rémunération au réel'!$K7) | L7: =IF('Dépenses rémunération au réel'!$L7="","",'Dépenses rémunération au réel'!$L7) | M7: =IF('Dépenses rémunération au réel'!$M7=0,"",'Dépenses rémunération au réel'!$M7) | O7: =IF(N7="KO","",IF(N7="","",H7)) | P7: =IF(N7="KO","",IF(N7="","",I7)) | T7: =IF($Q7="","",IF(OR(($Q7=0),($R7=0)),0,Q7/R7*S7)) | W7: =IF(Q7="","",IF(E7="Salaire_chercheur",MIN(140000/1607*S7,140000),IF(E7="Salaire_directeur",MIN(110000/1607*S7,110000),IF(E7="Salaire_ingénieur",MIN(80000/1607*S7,80000),IF(E7="Salaire_technicien",MIN(60000/1607*S7,60000),""))))) | X7: =IF(Q7="","",MIN(T7,W7)) | Y7: =IF(AND(OR(N7="KO",M7<>""),OR(N7="",O7="",P7="")),Listes!$A$68,IF(AND(M7<T7,V7=""),Listes!$A$70,IF(AND(M7<>"",T7<M7,U7=""),Listes!$A$72,IF(AND(Z7="",OR(N7<>"",O7<>"",P7<>"",Q7<>"",R7<>"",S7<>"")),Listes!$A$73,"")))) | AA7: =IF(AND(B7<>"",Z7<>"Oui"),1,0) -> 0
A8: 2 | B8: =IF('Dépenses rémunération au réel'!$B8="","",'Dépenses rémunération au réel'!$B8) | C8: =IF('Dépenses rémunération au réel'!$C8="","",'Dépenses rémunération au réel'!$C8) | D8: =IF('Dépenses rémunération au réel'!$D8="","",'Dépenses rémunération au réel'!$D8) | E8: =IF('Dépenses rémunération au réel'!$E8="","",'Dépenses rémunération au réel'!$E8) | F8: =IF('Dépenses rémunération au réel'!$F8="","",'Dépenses rémunération au réel'!$F8) | G8: =IF('Dépenses rémunération au réel'!$G8="","",'Dépenses rémunération au réel'!$G8) | H8: =IF('Dépenses rémunération au réel'!$H8="","",'Dépenses rémunération au réel'!$H8) | I8: =IF('Dépenses rémunération au réel'!$I8="","",'Dépenses rémunération au réel'!$I8) | J8: =IF('Dépenses rémunération au réel'!$J8="","",'Dépenses rémunération au réel'!$J8) | K8: =IF('Dépenses rémunération au réel'!$K8="","",'Dépenses rémunération au réel'!$K8) | L8: =IF('Dépenses rémunération au réel'!$L8="","",'Dépenses rémunération au réel'!$L8) | M8: =IF('Dépenses rémunération au réel'!$M8=0,"",'Dépenses rémunération au réel'!$M8) | O8: =IF(N8="KO","",IF(N8="","",H8)) | P8: =IF(N8="KO","",IF(N8="","",I8)) | T8: =IF($Q8="","",IF(OR(($Q8=0),($R8=0)),0,Q8/R8*S8)) | W8: =IF(Q8="","",IF(E8="Salaire_chercheur",MIN(140000/1607*S8,140000),IF(E8="Salaire_directeur",MIN(110000/1607*S8,110000),IF(E8="Salaire_ingénieur",MIN(80000/1607*S8,80000),IF(E8="Salaire_technicien",MIN(60000/1607*S8,60000),""))))) | X8: =IF(Q8="","",MIN(T8,W8)) | AA8: =IF(AND(B8<>"",Z8<>"Oui"),1,0) -> 0
A9: 3 | B9: =IF('Dépenses rémunération au réel'!$B9="","",'Dépenses rémunération au réel'!$B9) | C9: =IF('Dépenses rémunération au réel'!$C9="","",'Dépenses rémunération au réel'!$C9) | D9: =IF('Dépenses rémunération au réel'!$D9="","",'Dépenses rémunération au réel'!$D9) | E9: =IF('Dépenses rémunération au réel'!$E9="","",'Dépenses rémunération au réel'!$E9) | F9: =IF('Dépenses rémunération au réel'!$F9="","",'Dépenses rémunération au réel'!$F9) | G9: =IF('Dépenses rémunération au réel'!$G9="","",'Dépenses rémunération au réel'!$G9) | H9: =IF('Dépenses rémunération au réel'!$H9="","",'Dépenses rémunération au réel'!$H9) | I9: =IF('Dépenses rémunération au réel'!$I9="","",'Dépenses rémunération au réel'!$I9) | J9: =IF('Dépenses rémunération au réel'!$J9="","",'Dépenses rémunération au réel'!$J9) | K9: =IF('Dépenses rémunération au réel'!$K9="","",'Dépenses rémunération au réel'!$K9) | L9: =IF('Dépenses rémunération au réel'!$L9="","",'Dépenses rémunération au réel'!$L9) | M9: =IF('Dépenses rémunération au réel'!$M9=0,"",'Dépenses rémunération au réel'!$M9) | O9: =IF(N9="KO","",IF(N9="","",H9)) | P9: =IF(N9="KO","",IF(N9="","",I9)) | T9: =IF($Q9="","",IF(OR(($Q9=0),($R9=0)),0,Q9/R9*S9)) | W9: =IF(Q9="","",IF(E9="Salaire_chercheur",MIN(140000/1607*S9,140000),IF(E9="Salaire_directeur",MIN(110000/1607*S9,110000),IF(E9="Salaire_ingénieur",MIN(80000/1607*S9,80000),IF(E9="Salaire_technicien",MIN(60000/1607*S9,60000),""))))) | X9: =IF(Q9="","",MIN(T9,W9)) | Y9: =IF(AND(OR(N9="KO",M9<>""),OR(N9="",O9="",P9="")),Listes!$A$68,IF(AND(M9<T9,V9=""),Listes!$A$70,IF(AND(M9<>"",T9<M9,U9=""),Listes!$A$72,IF(AND(Z9="",OR(N9<>"",O9<>"",P9<>"",Q9<>"",R9<>"",S9<>"")),Listes!$A$73,"")))) | AA9: =IF(AND(B9<>"",Z9<>"Oui"),1,0) -> 0
A10: 4 | B10: =IF('Dépenses rémunération au réel'!$B10="","",'Dépenses rémunération au réel'!$B10) | C10: =IF('Dépenses rémunération au réel'!$C10="","",'Dépenses rémunération au réel'!$C10) | D10: =IF('Dépenses rémunération au réel'!$D10="","",'Dépenses rémunération au réel'!$D10) | E10: =IF('Dépenses rémunération au réel'!$E10="","",'Dépenses rémunération au réel'!$E10) | F10: =IF('Dépenses rémunération au réel'!$F10="","",'Dépenses rémunération au réel'!$F10) | G10: =IF('Dépenses rémunération au réel'!$G10="","",'Dépenses rémunération au réel'!$G10) | H10: =IF('Dépenses rémunération au réel'!$H10="","",'Dépenses rémunération au réel'!$H10) | I10: =IF('Dépenses rémunération au réel'!$I10="","",'Dépenses rémunération au réel'!$I10) | J10: =IF('Dépenses rémunération au réel'!$J10="","",'Dépenses rémunération au réel'!$J10) | K10: =IF('Dépenses rémunération au réel'!$K10="","",'Dépenses rémunération au réel'!$K10) | L10: =IF('Dépenses rémunération au réel'!$L10="","",'Dépenses rémunération au réel'!$L10) | M10: =IF('Dépenses rémunération au réel'!$M10=0,"",'Dépenses rémunération au réel'!$M10) | O10: =IF(N10="KO","",IF(N10="","",H10)) | P10: =IF(N10="KO","",IF(N10="","",I10)) | T10: =IF($Q10="","",IF(OR(($Q10=0),($R10=0)),0,Q10/R10*S10)) | W10: =IF(Q10="","",IF(E10="Salaire_chercheur",MIN(140000/1607*S10,140000),IF(E10="Salaire_directeur",MIN(110000/1607*S10,110000),IF(E10="Salaire_ingénieur",MIN(80000/1607*S10,80000),IF(E10="Salaire_technicien",MIN(60000/1607*S10,60000),""))))) | X10: =IF(Q10="","",MIN(T10,W10)) | Y10: =IF(AND(OR(N10="KO",M10<>""),OR(N10="",O10="",P10="")),Listes!$A$68,IF(AND(M10<T10,V10=""),Listes!$A$70,IF(AND(M10<>"",T10<M10,U10=""),Listes!$A$72,IF(AND(Z10="",OR(N10<>"",O10<>"",P10<>"",Q10<>"",R10<>"",S10<>"")),Listes!$A$73,"")))) | AA10: =IF(AND(B10<>"",Z10<>"Oui"),1,0) -> 0
A11: 5 | B11: =IF('Dépenses rémunération au réel'!$B11="","",'Dépenses rémunération au réel'!$B11) | C11: =IF('Dépenses rémunération au réel'!$C11="","",'Dépenses rémunération au réel'!$C11) | D11: =IF('Dépenses rémunération au réel'!$D11="","",'Dépenses rémunération au réel'!$D11) | E11: =IF('Dépenses rémunération au réel'!$E11="","",'Dépenses rémunération au réel'!$E11) | F11: =IF('Dépenses rémunération au réel'!$F11="","",'Dépenses rémunération au réel'!$F11) | G11: =IF('Dépenses rémunération au réel'!$G11="","",'Dépenses rémunération au réel'!$G11) | H11: =IF('Dépenses rémunération au réel'!$H11="","",'Dépenses rémunération au réel'!$H11) | I11: =IF('Dépenses rémunération au réel'!$I11="","",'Dépenses rémunération au réel'!$I11) | J11: =IF('Dépenses rémunération au réel'!$J11="","",'Dépenses rémunération au réel'!$J11) | K11: =IF('Dépenses rémunération au réel'!$K11="","",'Dépenses rémunération au réel'!$K11) | L11: =IF('Dépenses rémunération au réel'!$L11="","",'Dépenses rémunération au réel'!$L11) | M11: =IF('Dépenses rémunération au réel'!$M11=0,"",'Dépenses rémunération au réel'!$M11) | O11: =IF(N11="KO","",IF(N11="","",H11)) | P11: =IF(N11="KO","",IF(N11="","",I11)) | T11: =IF($Q11="","",IF(OR(($Q11=0),($R11=0)),0,Q11/R11*S11)) | W11: =IF(Q11="","",IF(E11="Salaire_chercheur",MIN(140000/1607*S11,140000),IF(E11="Salaire_directeur",MIN(110000/1607*S11,110000),IF(E11="Salaire_ingénieur",MIN(80000/1607*S11,80000),IF(E11="Salaire_technicien",MIN(60000/1607*S11,60000),""))))) | X11: =IF(Q11="","",MIN(T11,W11)) | Y11: =IF(AND(OR(N11="KO",M11<>""),OR(N11="",O11="",P11="")),Listes!$A$68,IF(AND(M11<T11,V11=""),Listes!$A$70,IF(AND(M11<>"",T11<M11,U11=""),Listes!$A$72,IF(AND(Z11="",OR(N11<>"",O11<>"",P11<>"",Q11<>"",R11<>"",S11<>"")),Listes!$A$73,"")))) | AA11: =IF(AND(B11<>"",Z11<>"Oui"),1,0) -> 0
A12: 6 | B12: =IF('Dépenses rémunération au réel'!$B12="","",'Dépenses rémunération au réel'!$B12) | C12: =IF('Dépenses rémunération au réel'!$C12="","",'Dépenses rémunération au réel'!$C12) | D12: =IF('Dépenses rémunération au réel'!$D12="","",'Dépenses rémunération au réel'!$D12) | E12: =IF('Dépenses rémunération au réel'!$E12="","",'Dépenses rémunération au réel'!$E12) | F12: =IF('Dépenses rémunération au réel'!$F12="","",'Dépenses rémunération au réel'!$F12) | G12: =IF('Dépenses rémunération au réel'!$G12="","",'Dépenses rémunération au réel'!$G12) | H12: =IF('Dépenses rémunération au réel'!$H12="","",'Dépenses rémunération au réel'!$H12) | I12: =IF('Dépenses rémunération au réel'!$I12="","",'Dépenses rémunération au réel'!$I12) | J12: =IF('Dépenses rémunération au réel'!$J12="","",'Dépenses rémunération au réel'!$J12) | K12: =IF('Dépenses rémunération au réel'!$K12="","",'Dépenses rémunération au réel'!$K12) | L12: =IF('Dépenses rémunération au réel'!$L12="","",'Dépenses rémunération au réel'!$L12) | M12: =IF('Dépenses rémunération au réel'!$M12=0,"",'Dépenses rémunération au réel'!$M12) | O12: =IF(N12="KO","",IF(N12="","",H12)) | P12: =IF(N12="KO","",IF(N12="","",I12)) | T12: =IF($Q12="","",IF(OR(($Q12=0),($R12=0)),0,Q12/R12*S12)) | W12: =IF(Q12="","",IF(E12="Salaire_chercheur",MIN(140000/1607*S12,140000),IF(E12="Salaire_directeur",MIN(110000/1607*S12,110000),IF(E12="Salaire_ingénieur",MIN(80000/1607*S12,80000),IF(E12="Salaire_technicien",MIN(60000/1607*S12,60000),""))))) | X12: =IF(Q12="","",MIN(T12,W12)) | Y12: =IF(AND(OR(N12="KO",M12<>""),OR(N12="",O12="",P12="")),Listes!$A$68,IF(AND(M12<T12,V12=""),Listes!$A$70,IF(AND(M12<>"",T12<M12,U12=""),Listes!$A$72,IF(AND(Z12="",OR(N12<>"",O12<>"",P12<>"",Q12<>"",R12<>"",S12<>"")),Listes!$A$73,"")))) | AA12: =IF(AND(B12<>"",Z12<>"Oui"),1,0) -> 0
A13: 7 | B13: =IF('Dépenses rémunération au réel'!$B13="","",'Dépenses rémunération au réel'!$B13) | C13: =IF('Dépenses rémunération au réel'!$C13="","",'Dépenses rémunération au réel'!$C13) | D13: =IF('Dépenses rémunération au réel'!$D13="","",'Dépenses rémunération au réel'!$D13) | E13: =IF('Dépenses rémunération au réel'!$E13="","",'Dépenses rémunération au réel'!$E13) | F13: =IF('Dépenses rémunération au réel'!$F13="","",'Dépenses rémunération au réel'!$F13) | G13: =IF('Dépenses rémunération au réel'!$G13="","",'Dépenses rémunération au réel'!$G13) | H13: =IF('Dépenses rémunération au réel'!$H13="","",'Dépenses rémunération au réel'!$H13) | I13: =IF('Dépenses rémunération au réel'!$I13="","",'Dépenses rémunération au réel'!$I13) | J13: =IF('Dépenses rémunération au réel'!$J13="","",'Dépenses rémunération au réel'!$J13) | K13: =IF('Dépenses rémunération au réel'!$K13="","",'Dépenses rémunération au réel'!$K13) | L13: =IF('Dépenses rémunération au réel'!$L13="","",'Dépenses rémunération au réel'!$L13) | M13: =IF('Dépenses rémunération au réel'!$M13=0,"",'Dépenses rémunération au réel'!$M13) | O13: =IF(N13="KO","",IF(N13="","",H13)) | P13: =IF(N13="KO","",IF(N13="","",I13)) | T13: =IF($Q13="","",IF(OR(($Q13=0),($R13=0)),0,Q13/R13*S13)) | W13: =IF(Q13="","",IF(E13="Salaire_chercheur",MIN(140000/1607*S13,140000),IF(E13="Salaire_directeur",MIN(110000/1607*S13,110000),IF(E13="Salaire_ingénieur",MIN(80000/1607*S13,80000),IF(E13="Salaire_technicien",MIN(60000/1607*S13,60000),""))))) | X13: =IF(Q13="","",MIN(T13,W13)) | Y13: =IF(AND(OR(N13="KO",M13<>""),OR(N13="",O13="",P13="")),Listes!$A$68,IF(AND(M13<T13,V13=""),Listes!$A$70,IF(AND(M13<>"",T13<M13,U13=""),Listes!$A$72,IF(AND(Z13="",OR(N13<>"",O13<>"",P13<>"",Q13<>"",R13<>"",S13<>"")),Listes!$A$73,"")))) | AA13: =IF(AND(B13<>"",Z13<>"Oui"),1,0) -> 0
A14: 8 | B14: =IF('Dépenses rémunération au réel'!$B14="","",'Dépenses rémunération au réel'!$B14) | C14: =IF('Dépenses rémunération au réel'!$C14="","",'Dépenses rémunération au réel'!$C14) | D14: =IF('Dépenses rémunération au réel'!$D14="","",'Dépenses rémunération au réel'!$D14) | E14: =IF('Dépenses rémunération au réel'!$E14="","",'Dépenses rémunération au réel'!$E14) | F14: =IF('Dépenses rémunération au réel'!$F14="","",'Dépenses rémunération au réel'!$F14) | G14: =IF('Dépenses rémunération au réel'!$G14="","",'Dépenses rémunération au réel'!$G14) | H14: =IF('Dépenses rémunération au réel'!$H14="","",'Dépenses rémunération au réel'!$H14) | I14: =IF('Dépenses rémunération au réel'!$I14="","",'Dépenses rémunération au réel'!$I14) | J14: =IF('Dépenses rémunération au réel'!$J14="","",'Dépenses rémunération au réel'!$J14) | K14: =IF('Dépenses rémunération au réel'!$K14="","",'Dépenses rémunération au réel'!$K14) | L14: =IF('Dépenses rémunération au réel'!$L14="","",'Dépenses rémunération au réel'!$L14) | M14: =IF('Dépenses rémunération au réel'!$M14=0,"",'Dépenses rémunération au réel'!$M14) | O14: =IF(N14="KO","",IF(N14="","",H14)) | P14: =IF(N14="KO","",IF(N14="","",I14)) | T14: =IF($Q14="","",IF(OR(($Q14=0),($R14=0)),0,Q14/R14*S14)) | W14: =IF(Q14="","",IF(E14="Salaire_chercheur",MIN(140000/1607*S14,140000),IF(E14="Salaire_directeur",MIN(110000/1607*S14,110000),IF(E14="Salaire_ingénieur",MIN(80000/1607*S14,80000),IF(E14="Salaire_technicien",MIN(60000/1607*S14,60000),""))))) | X14: =IF(Q14="","",MIN(T14,W14)) | Y14: =IF(AND(OR(N14="KO",M14<>""),OR(N14="",O14="",P14="")),Listes!$A$68,IF(AND(M14<T14,V14=""),Listes!$A$70,IF(AND(M14<>"",T14<M14,U14=""),Listes!$A$72,IF(AND(Z14="",OR(N14<>"",O14<>"",P14<>"",Q14<>"",R14<>"",S14<>"")),Listes!$A$73,"")))) | AA14: =IF(AND(B14<>"",Z14<>"Oui"),1,0) -> 0
A15: 9 | B15: =IF('Dépenses rémunération au réel'!$B15="","",'Dépenses rémunération au réel'!$B15) | C15: =IF('Dépenses rémunération au réel'!$C15="","",'Dépenses rémunération au réel'!$C15) | D15: =IF('Dépenses rémunération au réel'!$D15="","",'Dépenses rémunération au réel'!$D15) | E15: =IF('Dépenses rémunération au réel'!$E15="","",'Dépenses rémunération au réel'!$E15) | F15: =IF('Dépenses rémunération au réel'!$F15="","",'Dépenses rémunération au réel'!$F15) | G15: =IF('Dépenses rémunération au réel'!$G15="","",'Dépenses rémunération au réel'!$G15) | H15: =IF('Dépenses rémunération au réel'!$H15="","",'Dépenses rémunération au réel'!$H15) | I15: =IF('Dépenses rémunération au réel'!$I15="","",'Dépenses rémunération au réel'!$I15) | J15: =IF('Dépenses rémunération au réel'!$J15="","",'Dépenses rémunération au réel'!$J15) | K15: =IF('Dépenses rémunération au réel'!$K15="","",'Dépenses rémunération au réel'!$K15) | L15: =IF('Dépenses rémunération au réel'!$L15="","",'Dépenses rémunération au réel'!$L15) | M15: =IF('Dépenses rémunération au réel'!$M15=0,"",'Dépenses rémunération au réel'!$M15) | O15: =IF(N15="KO","",IF(N15="","",H15)) | P15: =IF(N15="KO","",IF(N15="","",I15)) | T15: =IF($Q15="","",IF(OR(($Q15=0),($R15=0)),0,Q15/R15*S15)) | W15: =IF(Q15="","",IF(E15="Salaire_chercheur",MIN(140000/1607*S15,140000),IF(E15="Salaire_directeur",MIN(110000/1607*S15,110000),IF(E15="Salaire_ingénieur",MIN(80000/1607*S15,80000),IF(E15="Salaire_technicien",MIN(60000/1607*S15,60000),""))))) | X15: =IF(Q15="","",MIN(T15,W15)) | Y15: =IF(AND(OR(N15="KO",M15<>""),OR(N15="",O15="",P15="")),Listes!$A$68,IF(AND(M15<T15,V15=""),Listes!$A$70,IF(AND(M15<>"",T15<M15,U15=""),Listes!$A$72,IF(AND(Z15="",OR(N15<>"",O15<>"",P15<>"",Q15<>"",R15<>"",S15<>"")),Listes!$A$73,"")))) | AA15: =IF(AND(B15<>"",Z15<>"Oui"),1,0) -> 0
A16: 10 | B16: =IF('Dépenses rémunération au réel'!$B16="","",'Dépenses rémunération au réel'!$B16) | C16: =IF('Dépenses rémunération au réel'!$C16="","",'Dépenses rémunération au réel'!$C16) | D16: =IF('Dépenses rémunération au réel'!$D16="","",'Dépenses rémunération au réel'!$D16) | E16: =IF('Dépenses rémunération au réel'!$E16="","",'Dépenses rémunération au réel'!$E16) | F16: =IF('Dépenses rémunération au réel'!$F16="","",'Dépenses rémunération au réel'!$F16) | G16: =IF('Dépenses rémunération au réel'!$G16="","",'Dépenses rémunération au réel'!$G16) | H16: =IF('Dépenses rémunération au réel'!$H16="","",'Dépenses rémunération au réel'!$H16) | I16: =IF('Dépenses rémunération au réel'!$I16="","",'Dépenses rémunération au réel'!$I16) | J16: =IF('Dépenses rémunération au réel'!$J16="","",'Dépenses rémunération au réel'!$J16) | K16: =IF('Dépenses rémunération au réel'!$K16="","",'Dépenses rémunération au réel'!$K16) | L16: =IF('Dépenses rémunération au réel'!$L16="","",'Dépenses rémunération au réel'!$L16) | M16: =IF('Dépenses rémunération au réel'!$M16=0,"",'Dépenses rémunération au réel'!$M16) | O16: =IF(N16="KO","",IF(N16="","",H16)) | P16: =IF(N16="KO","",IF(N16="","",I16)) | T16: =IF($Q16="","",IF(OR(($Q16=0),($R16=0)),0,Q16/R16*S16)) | W16: =IF(Q16="","",IF(E16="Salaire_chercheur",MIN(140000/1607*S16,140000),IF(E16="Salaire_directeur",MIN(110000/1607*S16,110000),IF(E16="Salaire_ingénieur",MIN(80000/1607*S16,80000),IF(E16="Salaire_technicien",MIN(60000/1607*S16,60000),""))))) | X16: =IF(Q16="","",MIN(T16,W16)) | Y16: =IF(AND(OR(N16="KO",M16<>""),OR(N16="",O16="",P16="")),Listes!$A$68,IF(AND(M16<T16,V16=""),Listes!$A$70,IF(AND(M16<>"",T16<M16,U16=""),Listes!$A$72,IF(AND(Z16="",OR(N16<>"",O16<>"",P16<>"",Q16<>"",R16<>"",S16<>"")),Listes!$A$73,"")))) | AA16: =IF(AND(B16<>"",Z16<>"Oui"),1,0) -> 0
A17: 11 | B17: =IF('Dépenses rémunération au réel'!$B17="","",'Dépenses rémunération au réel'!$B17) | C17: =IF('Dépenses rémunération au réel'!$C17="","",'Dépenses rémunération au réel'!$C17) | D17: =IF('Dépenses rémunération au réel'!$D17="","",'Dépenses rémunération au réel'!$D17) | E17: =IF('Dépenses rémunération au réel'!$E17="","",'Dépenses rémunération au réel'!$E17) | F17: =IF('Dépenses rémunération au réel'!$F17="","",'Dépenses rémunération au réel'!$F17) | G17: =IF('Dépenses rémunération au réel'!$G17="","",'Dépenses rémunération au réel'!$G17) | H17: =IF('Dépenses rémunération au réel'!$H17="","",'Dépenses rémunération au réel'!$H17) | I17: =IF('Dépenses rémunération au réel'!$I17="","",'Dépenses rémunération au réel'!$I17) | J17: =IF('Dépenses rémunération au réel'!$J17="","",'Dépenses rémunération au réel'!$J17) | K17: =IF('Dépenses rémunération au réel'!$K17="","",'Dépenses rémunération au réel'!$K17) | L17: =IF('Dépenses rémunération au réel'!$L17="","",'Dépenses rémunération au réel'!$L17) | M17: =IF('Dépenses rémunération au réel'!$M17=0,"",'Dépenses rémunération au réel'!$M17) | O17: =IF(N17="KO","",IF(N17="","",H17)) | P17: =IF(N17="KO","",IF(N17="","",I17)) | T17: =IF($Q17="","",IF(OR(($Q17=0),($R17=0)),0,Q17/R17*S17)) | W17: =IF(Q17="","",IF(E17="Salaire_chercheur",MIN(140000/1607*S17,140000),IF(E17="Salaire_directeur",MIN(110000/1607*S17,110000),IF(E17="Salaire_ingénieur",MIN(80000/1607*S17,80000),IF(E17="Salaire_technicien",MIN(60000/1607*S17,60000),""))))) | X17: =IF(Q17="","",MIN(T17,W17)) | Y17: =IF(AND(OR(N17="KO",M17<>""),OR(N17="",O17="",P17="")),Listes!$A$68,IF(AND(M17<T17,V17=""),Listes!$A$70,IF(AND(M17<>"",T17<M17,U17=""),Listes!$A$72,IF(AND(Z17="",OR(N17<>"",O17<>"",P17<>"",Q17<>"",R17<>"",S17<>"")),Listes!$A$73,"")))) | AA17: =IF(AND(B17<>"",Z17<>"Oui"),1,0) -> 0
A18: 12 | B18: =IF('Dépenses rémunération au réel'!$B18="","",'Dépenses rémunération au réel'!$B18) | C18: =IF('Dépenses rémunération au réel'!$C18="","",'Dépenses rémunération au réel'!$C18) | D18: =IF('Dépenses rémunération au réel'!$D18="","",'Dépenses rémunération au réel'!$D18) | E18: =IF('Dépenses rémunération au réel'!$E18="","",'Dépenses rémunération au réel'!$E18) | F18: =IF('Dépenses rémunération au réel'!$F18="","",'Dépenses rémunération au réel'!$F18) | G18: =IF('Dépenses rémunération au réel'!$G18="","",'Dépenses rémunération au réel'!$G18) | H18: =IF('Dépenses rémunération au réel'!$H18="","",'Dépenses rémunération au réel'!$H18) | I18: =IF('Dépenses rémunération au réel'!$I18="","",'Dépenses rémunération au réel'!$I18) | J18: =IF('Dépenses rémunération au réel'!$J18="","",'Dépenses rémunération au réel'!$J18) | K18: =IF('Dépenses rémunération au réel'!$K18="","",'Dépenses rémunération au réel'!$K18) | L18: =IF('Dépenses rémunération au réel'!$L18="","",'Dépenses rémunération au réel'!$L18) | M18: =IF('Dépenses rémunération au réel'!$M18=0,"",'Dépenses rémunération au réel'!$M18) | O18: =IF(N18="KO","",IF(N18="","",H18)) | P18: =IF(N18="KO","",IF(N18="","",I18)) | T18: =IF($Q18="","",IF(OR(($Q18=0),($R18=0)),0,Q18/R18*S18)) | W18: =IF(Q18="","",IF(E18="Salaire_chercheur",MIN(140000/1607*S18,140000),IF(E18="Salaire_directeur",MIN(110000/1607*S18,110000),IF(E18="Salaire_ingénieur",MIN(80000/1607*S18,80000),IF(E18="Salaire_technicien",MIN(60000/1607*S18,60000),""))))) | X18: =IF(Q18="","",MIN(T18,W18)) | Y18: =IF(AND(OR(N18="KO",M18<>""),OR(N18="",O18="",P18="")),Listes!$A$68,IF(AND(M18<T18,V18=""),Listes!$A$70,IF(AND(M18<>"",T18<M18,U18=""),Listes!$A$72,IF(AND(Z18="",OR(N18<>"",O18<>"",P18<>"",Q18<>"",R18<>"",S18<>"")),Listes!$A$73,"")))) | AA18: =IF(AND(B18<>"",Z18<>"Oui"),1,0) -> 0
A19: 13 | B19: =IF('Dépenses rémunération au réel'!$B19="","",'Dépenses rémunération au réel'!$B19) | C19: =IF('Dépenses rémunération au réel'!$C19="","",'Dépenses rémunération au réel'!$C19) | D19: =IF('Dépenses rémunération au réel'!$D19="","",'Dépenses rémunération au réel'!$D19) | E19: =IF('Dépenses rémunération au réel'!$E19="","",'Dépenses rémunération au réel'!$E19) | F19: =IF('Dépenses rémunération au réel'!$F19="","",'Dépenses rémunération au réel'!$F19) | G19: =IF('Dépenses rémunération au réel'!$G19="","",'Dépenses rémunération au réel'!$G19) | H19: =IF('Dépenses rémunération au réel'!$H19="","",'Dépenses rémunération au réel'!$H19) | I19: =IF('Dépenses rémunération au réel'!$I19="","",'Dépenses rémunération au réel'!$I19) | J19: =IF('Dépenses rémunération au réel'!$J19="","",'Dépenses rémunération au réel'!$J19) | K19: =IF('Dépenses rémunération au réel'!$K19="","",'Dépenses rémunération au réel'!$K19) | L19: =IF('Dépenses rémunération au réel'!$L19="","",'Dépenses rémunération au réel'!$L19) | M19: =IF('Dépenses rémunération au réel'!$M19=0,"",'Dépenses rémunération au réel'!$M19) | O19: =IF(N19="KO","",IF(N19="","",H19)) | P19: =IF(N19="KO","",IF(N19="","",I19)) | T19: =IF($Q19="","",IF(OR(($Q19=0),($R19=0)),0,Q19/R19*S19)) | W19: =IF(Q19="","",IF(E19="Salaire_chercheur",MIN(140000/1607*S19,140000),IF(E19="Salaire_directeur",MIN(110000/1607*S19,110000),IF(E19="Salaire_ingénieur",MIN(80000/1607*S19,80000),IF(E19="Salaire_technicien",MIN(60000/1607*S19,60000),""))))) | X19: =IF(Q19="","",MIN(T19,W19)) | Y19: =IF(AND(OR(N19="KO",M19<>""),OR(N19="",O19="",P19="")),Listes!$A$68,IF(AND(M19<T19,V19=""),Listes!$A$70,IF(AND(M19<>"",T19<M19,U19=""),Listes!$A$72,IF(AND(Z19="",OR(N19<>"",O19<>"",P19<>"",Q19<>"",R19<>"",S19<>"")),Listes!$A$73,"")))) | AA19: =IF(AND(B19<>"",Z19<>"Oui"),1,0) -> 0
A20: 14 | B20: =IF('Dépenses rémunération au réel'!$B20="","",'Dépenses rémunération au réel'!$B20) | C20: =IF('Dépenses rémunération au réel'!$C20="","",'Dépenses rémunération au réel'!$C20) | D20: =IF('Dépenses rémunération au réel'!$D20="","",'Dépenses rémunération au réel'!$D20) | E20: =IF('Dépenses rémunération au réel'!$E20="","",'Dépenses rémunération au réel'!$E20) | F20: =IF('Dépenses rémunération au réel'!$F20="","",'Dépenses rémunération au réel'!$F20) | G20: =IF('Dépenses rémunération au réel'!$G20="","",'Dépenses rémunération au réel'!$G20) | H20: =IF('Dépenses rémunération au réel'!$H20="","",'Dépenses rémunération au réel'!$H20) | I20: =IF('Dépenses rémunération au réel'!$I20="","",'Dépenses rémunération au réel'!$I20) | J20: =IF('Dépenses rémunération au réel'!$J20="","",'Dépenses rémunération au réel'!$J20) | K20: =IF('Dépenses rémunération au réel'!$K20="","",'Dépenses rémunération au réel'!$K20) | L20: =IF('Dépenses rémunération au réel'!$L20="","",'Dépenses rémunération au réel'!$L20) | M20: =IF('Dépenses rémunération au réel'!$M20=0,"",'Dépenses rémunération au réel'!$M20) | O20: =IF(N20="KO","",IF(N20="","",H20)) | P20: =IF(N20="KO","",IF(N20="","",I20)) | T20: =IF($Q20="","",IF(OR(($Q20=0),($R20=0)),0,Q20/R20*S20)) | W20: =IF(Q20="","",IF(E20="Salaire_chercheur",MIN(140000/1607*S20,140000),IF(E20="Salaire_directeur",MIN(110000/1607*S20,110000),IF(E20="Salaire_ingénieur",MIN(80000/1607*S20,80000),IF(E20="Salaire_technicien",MIN(60000/1607*S20,60000),""))))) | X20: =IF(Q20="","",MIN(T20,W20)) | Y20: =IF(AND(OR(N20="KO",M20<>""),OR(N20="",O20="",P20="")),Listes!$A$68,IF(AND(M20<T20,V20=""),Listes!$A$70,IF(AND(M20<>"",T20<M20,U20=""),Listes!$A$72,IF(AND(Z20="",OR(N20<>"",O20<>"",P20<>"",Q20<>"",R20<>"",S20<>"")),Listes!$A$73,"")))) | AA20: =IF(AND(B20<>"",Z20<>"Oui"),1,0) -> 0
... A506: 500 | B506: =IF('Dépenses rémunération au réel'!$B506="","",'Dépenses rémunération au réel'!$B506) | C506: =IF('Dépenses rémunération au réel'!$C506="","",'Dépenses rémunération au réel'!$C506) | D506: =IF('Dépenses rémunération au réel'!$D506="","",'Dépenses rémunération au réel'!$D506) | E506: =IF('Dépenses rémunération au réel'!$E506="","",'Dépenses rémunération au réel'!$E506) | F506: =IF('Dépenses rémunération au réel'!$F506="","",'Dépenses rémunération au réel'!$F506) | G506: =IF('Dépenses rémunération au réel'!$G506="","",'Dépenses rémunération au réel'!$G506) | H506: =IF('Dépenses rémunération au réel'!$H506="","",'Dépenses rémunération au réel'!$H506) | I506: =IF('Dépenses rémunération au réel'!$I506="","",'Dépenses rémunération au réel'!$I506) | J506: =IF('Dépenses rémunération au réel'!$J506="","",'Dépenses rémunération au réel'!$J506) | K506: =IF('Dépenses rémunération au réel'!$K506="","",'Dépenses rémunération au réel'!$K506) | L506: =IF('Dépenses rémunération au réel'!$L506="","",'Dépenses rémunération au réel'!$L506) | M506: =IF('Dépenses rémunération au réel'!$M506=0,"",'Dépenses rémunération au réel'!$M506) | O506: =IF(N506="KO","",IF(N506="","",H506)) | P506: =IF(N506="KO","",IF(N506="","",I506)) | T506: =IF($Q506="","",IF(OR(($Q506=0),($R506=0)),0,Q506/R506*S506)) | W506: =IF(Q506="","",IF(E506="Salaire_chercheur",MIN(140000/1607*S506,140000),IF(E506="Salaire_directeur",MIN(110000/1607*S506,110000),IF(E506="Salaire_ingénieur",MIN(80000/1607*S506,80000),IF(E506="Salaire_technicien",MIN(60000/1607*S506,60000),""))))) | X506: =IF(Q506="","",MIN(T506,W506)) | Y506: =IF(AND(OR(N506="KO",M506<>""),OR(N506="",O506="",P506="")),Listes!$A$68,IF(AND(M506<T506,V506=""),Listes!$A$70,IF(AND(M506<>"",T506<M506,U506=""),Listes!$A$72,IF(AND(Z506="",OR(N506<>"",O506<>"",P506<>"",Q506<>"",R506<>"",S506<>"")),Listes!$A$73,"")))) | AA506: =IF(AND(B506<>"",Z506<>"Oui"),1,0) -> 0
S507: TOTAL | T507: =SUM(T7:T506) -> 0

Sheet DP_Instruction frais réels
A1: Service Instructeur
A2: Dépenses sur frais réels Les colonnes marquées d'un " * " sont à remplir obligatoirement pour chaque ligne de dépense. Merci de ne pas modifier ce document.
A3: N° | B3: Description du déplacement * | C3: Nom de l'agent * | D3: Identifiant du justificatif * | E3: Sous catégories de dépenses * | F3: Type de transfert * | G3: Nature du billet d'avion | H3: Date d'émission * | I3: Date d'acquittement * | J3: Montant HT demandé * | K3: Contrôle Date * | L3: Date d'émission * | M3: Date d'acquittement * | N3: Montant éligible (€ HT) * | O3: Motif inéligibilité | P3: Commentaire instructeur | Q3: Montant du plafonds pour les billets d'avion | R3: Montant éligible retenu (€ HT) * | S3: Message informatif | T3: Ligne Instruite
B4: (Veuillez saisir qu'un seul billet d'avion ou de train par ligne) | C4: (information présente sur le justificatif joint) | E4: Sélectionner la sous-catégorie de dépense | F4: Choisissez "Transfert" ou "Hors-Transfert" | G4: (Demandé uniquement pour les billets d'avion) | H4: Date d'émission du justificatif | I4: Date d'acquittement du justificatif | J4: (montant hors taxes) | O4: =IF(U6>0,"Une ou plusieurs lignes ne sont pas instruites","")
A5: Exemple | B5: Billets d'avion Aller - Retour Mayotte - Paris | C5: M. Avion | D5: OM 1412 | E5: Billets d'avion | F5: Transfert | G5: Aller - Retour Mayotte - Hexagone | H5: 46204 | I5: 46204 | J5: 2500 | K5: OK | L5: 46204 | M5: 46204 | N5: 2500 | P5: Application plafond billet d'avion Hexagone | Q5: 1900 | R5: 1900 | T5: Oui | U5: CRTL
I6: Total | J6: =SUM(J7:J506) -> 0 | M6: Total | N6: =SUM(N7:N506) -> 0 | Q6: Total | R6: =SUM(R7:R506) -> 0 | U6: =SUM(U7:U506) -> 0
A7: 1 | B7: =IF('Dépenses sur frais réels'!B7="","",'Dépenses sur frais réels'!B7) | C7: =IF('Dépenses sur frais réels'!C7="","",'Dépenses sur frais réels'!C7) | D7: =IF('Dépenses sur frais réels'!D7="","",'Dépenses sur frais réels'!D7) | E7: =IF('Dépenses sur frais réels'!E7="","",'Dépenses sur frais réels'!E7) | F7: =IF('Dépenses sur frais réels'!F7="","",'Dépenses sur frais réels'!F7) | G7: =IF('Dépenses sur frais réels'!G7="","",'Dépenses sur frais réels'!G7) | H7: =IF('Dépenses sur frais réels'!H7="","",'Dépenses sur frais réels'!H7) | I7: =IF('Dépenses sur frais réels'!I7="","",'Dépenses sur frais réels'!I7) | J7: =IF('Dépenses sur frais réels'!J7="","",'Dépenses sur frais réels'!J7) | L7: =IF(K7="","",IF(K7="KO","",H7)) | M7: =IF(K7="","",IF(K7="KO","",I7)) | Q7: =IF(G7="Aller - Retour Mayotte - Hexagone",IF(1900=0,"",1900),IF(G7="Aller - Retour Mayotte - La Réunion",IF(700=0,"",700),IF(G7="Aller - Retour Mayotte - Caraïbes",IF(2200=0,"",2200),IF(E7="Billets de train",IF(N7=0,"",""),IF(E7="",""))))) | R7: =IF(N7="", "", MIN(N7,Q7)) | S7: =IF(AND(OR(K7="KO",N7<>""),OR(K7="",L7="",M7="")),Listes!$A$68,IF(AND(N7="",K7<>""),Listes!$A$69,IF(AND(J7<N7,P7=""),Listes!$A$70,IF(AND(M7<L7,P7=""),Listes!$A$71,IF(AND(N7<J7,O7=""),Listes!$A$72,IF(AND(T7="",OR(K7<>"",L7<>"",M7<>"")),Listes!$A$73,"")))))) | U7: =IF(AND(B7<>"",T7<>"Oui"),1,0) -> 0 | V7: Montant total éligible retenu (€ HT)
A8: 2 | B8: =IF('Dépenses sur frais réels'!B8="","",'Dépenses sur frais réels'!B8) | C8: =IF('Dépenses sur frais réels'!C8="","",'Dépenses sur frais réels'!C8) | D8: =IF('Dépenses sur frais réels'!D8="","",'Dépenses sur frais réels'!D8) | E8: =IF('Dépenses sur frais réels'!E8="","",'Dépenses sur frais réels'!E8) | F8: =IF('Dépenses sur frais réels'!F8="","",'Dépenses sur frais réels'!F8) | G8: =IF('Dépenses sur frais réels'!G8="","",'Dépenses sur frais réels'!G8) | H8: =IF('Dépenses sur frais réels'!H8="","",'Dépenses sur frais réels'!H8) | I8: =IF('Dépenses sur frais réels'!I8="","",'Dépenses sur frais réels'!I8) | J8: =IF('Dépenses sur frais réels'!J8="","",'Dépenses sur frais réels'!J8) | L8: =IF(K8="","",IF(K8="KO","",H8)) | M8: =IF(K8="","",IF(K8="KO","",I8)) | Q8: =IF(G8="Aller - Retour Mayotte - Hexagone",IF(1900=0,"",1900),IF(G8="Aller - Retour Mayotte - La Réunion",IF(700=0,"",700),IF(G8="Aller - Retour Mayotte - Caraïbes",IF(2200=0,"",2200),IF(E8="Billets de train",IF(N8=0,"",""),IF(E8="",""))))) | R8: =IF(N8="", "", MIN(N8,Q8)) | S8: =IF(AND(OR(K8="KO",N8<>""),OR(K8="",L8="",M8="")),Listes!$A$68,IF(AND(N8="",K8<>""),Listes!$A$69,IF(AND(J8<N8,P8=""),Listes!$A$70,IF(AND(M8<L8,P8=""),Listes!$A$71,IF(AND(N8<J8,O8=""),Listes!$A$72,IF(AND(T8="",OR(K8<>"",L8<>"",M8<>"")),Listes!$A$73,"")))))) | U8: =IF(AND(B8<>"",T8<>"Oui"),1,0) -> 0 | V8: =SUMIFS($R$7:$R$506,$E$7:$E$506,"Billets d'avion") -> 0
A9: 3 | B9: =IF('Dépenses sur frais réels'!B9="","",'Dépenses sur frais réels'!B9) | C9: =IF('Dépenses sur frais réels'!C9="","",'Dépenses sur frais réels'!C9) | D9: =IF('Dépenses sur frais réels'!D9="","",'Dépenses sur frais réels'!D9) | E9: =IF('Dépenses sur frais réels'!E9="","",'Dépenses sur frais réels'!E9) | F9: =IF('Dépenses sur frais réels'!F9="","",'Dépenses sur frais réels'!F9) | G9: =IF('Dépenses sur frais réels'!G9="","",'Dépenses sur frais réels'!G9) | H9: =IF('Dépenses sur frais réels'!H9="","",'Dépenses sur frais réels'!H9) | I9: =IF('Dépenses sur frais réels'!I9="","",'Dépenses sur frais réels'!I9) | J9: =IF('Dépenses sur frais réels'!J9="","",'Dépenses sur frais réels'!J9) | L9: =IF(K9="","",IF(K9="KO","",H9)) | M9: =IF(K9="","",IF(K9="KO","",I9)) | Q9: =IF(G9="Aller - Retour Mayotte - Hexagone",IF(1900=0,"",1900),IF(G9="Aller - Retour Mayotte - La Réunion",IF(700=0,"",700),IF(G9="Aller - Retour Mayotte - Caraïbes",IF(2200=0,"",2200),IF(E9="Billets de train",IF(N9=0,"",""),IF(E9="",""))))) | R9: =IF(N9="", "", MIN(N9,Q9)) | S9: =IF(AND(OR(K9="KO",N9<>""),OR(K9="",L9="",M9="")),Listes!$A$68,IF(AND(N9="",K9<>""),Listes!$A$69,IF(AND(J9<N9,P9=""),Listes!$A$70,IF(AND(M9<L9,P9=""),Listes!$A$71,IF(AND(N9<J9,O9=""),Listes!$A$72,IF(AND(T9="",OR(K9<>"",L9<>"",M9<>"")),Listes!$A$73,"")))))) | U9: =IF(AND(B9<>"",T9<>"Oui"),1,0) -> 0
A10: 4 | B10: =IF('Dépenses sur frais réels'!B10="","",'Dépenses sur frais réels'!B10) | C10: =IF('Dépenses sur frais réels'!C10="","",'Dépenses sur frais réels'!C10) | D10: =IF('Dépenses sur frais réels'!D10="","",'Dépenses sur frais réels'!D10) | E10: =IF('Dépenses sur frais réels'!E10="","",'Dépenses sur frais réels'!E10) | F10: =IF('Dépenses sur frais réels'!F10="","",'Dépenses sur frais réels'!F10) | G10: =IF('Dépenses sur frais réels'!G10="","",'Dépenses sur frais réels'!G10) | H10: =IF('Dépenses sur frais réels'!H10="","",'Dépenses sur frais réels'!H10) | I10: =IF('Dépenses sur frais réels'!I10="","",'Dépenses sur frais réels'!I10) | J10: =IF('Dépenses sur frais réels'!J10="","",'Dépenses sur frais réels'!J10) | L10: =IF(K10="","",IF(K10="KO","",H10)) | M10: =IF(K10="","",IF(K10="KO","",I10)) | Q10: =IF(G10="Aller - Retour Mayotte - Hexagone",IF(1900=0,"",1900),IF(G10="Aller - Retour Mayotte - La Réunion",IF(700=0,"",700),IF(G10="Aller - Retour Mayotte - Caraïbes",IF(2200=0,"",2200),IF(E10="Billets de train",IF(N10=0,"",""),IF(E10="",""))))) | R10: =IF(N10="", "", MIN(N10,Q10)) | S10: =IF(AND(OR(K10="KO",N10<>""),OR(K10="",L10="",M10="")),Listes!$A$68,IF(AND(N10="",K10<>""),Listes!$A$69,IF(AND(J10<N10,P10=""),Listes!$A$70,IF(AND(M10<L10,P10=""),Listes!$A$71,IF(AND(N10<J10,O10=""),Listes!$A$72,IF(AND(T10="",OR(K10<>"",L10<>"",M10<>"")),Listes!$A$73,"")))))) | U10: =IF(AND(B10<>"",T10<>"Oui"),1,0) -> 0
A11: 5 | B11: =IF('Dépenses sur frais réels'!B11="","",'Dépenses sur frais réels'!B11) | C11: =IF('Dépenses sur frais réels'!C11="","",'Dépenses sur frais réels'!C11) | D11: =IF('Dépenses sur frais réels'!D11="","",'Dépenses sur frais réels'!D11) | E11: =IF('Dépenses sur frais réels'!E11="","",'Dépenses sur frais réels'!E11) | F11: =IF('Dépenses sur frais réels'!F11="","",'Dépenses sur frais réels'!F11) | G11: =IF('Dépenses sur frais réels'!G11="","",'Dépenses sur frais réels'!G11) | H11: =IF('Dépenses sur frais réels'!H11="","",'Dépenses sur frais réels'!H11) | I11: =IF('Dépenses sur frais réels'!I11="","",'Dépenses sur frais réels'!I11) | J11: =IF('Dépenses sur frais réels'!J11="","",'Dépenses sur frais réels'!J11) | L11: =IF(K11="","",IF(K11="KO","",H11)) | M11: =IF(K11="","",IF(K11="KO","",I11)) | Q11: =IF(G11="Aller - Retour Mayotte - Hexagone",IF(1900=0,"",1900),IF(G11="Aller - Retour Mayotte - La Réunion",IF(700=0,"",700),IF(G11="Aller - Retour Mayotte - Caraïbes",IF(2200=0,"",2200),IF(E11="Billets de train",IF(N11=0,"",""),IF(E11="",""))))) | R11: =IF(N11="", "", MIN(N11,Q11)) | S11: =IF(AND(OR(K11="KO",N11<>""),OR(K11="",L11="",M11="")),Listes!$A$68,IF(AND(N11="",K11<>""),Listes!$A$69,IF(AND(J11<N11,P11=""),Listes!$A$70,IF(AND(M11<L11,P11=""),Listes!$A$71,IF(AND(N11<J11,O11=""),Listes!$A$72,IF(AND(T11="",OR(K11<>"",L11<>"",M11<>"")),Listes!$A$73,"")))))) | U11: =IF(AND(B11<>"",T11<>"Oui"),1,0) -> 0
A12: 6 | B12: =IF('Dépenses sur frais réels'!B12="","",'Dépenses sur frais réels'!B12) | C12: =IF('Dépenses sur frais réels'!C12="","",'Dépenses sur frais réels'!C12) | D12: =IF('Dépenses sur frais réels'!D12="","",'Dépenses sur frais réels'!D12) | E12: =IF('Dépenses sur frais réels'!E12="","",'Dépenses sur frais réels'!E12) | F12: =IF('Dépenses sur frais réels'!F12="","",'Dépenses sur frais réels'!F12) | G12: =IF('Dépenses sur frais réels'!G12="","",'Dépenses sur frais réels'!G12) | H12: =IF('Dépenses sur frais réels'!H12="","",'Dépenses sur frais réels'!H12) | I12: =IF('Dépenses sur frais réels'!I12="","",'Dépenses sur frais réels'!I12) | J12: =IF('Dépenses sur frais réels'!J12="","",'Dépenses sur frais réels'!J12) | L12: =IF(K12="","",IF(K12="KO","",H12)) | M12: =IF(K12="","",IF(K12="KO","",I12)) | Q12: =IF(G12="Aller - Retour Mayotte - Hexagone",IF(1900=0,"",1900),IF(G12="Aller - Retour Mayotte - La Réunion",IF(700=0,"",700),IF(G12="Aller - Retour Mayotte - Caraïbes",IF(2200=0,"",2200),IF(E12="Billets de train",IF(N12=0,"",""),IF(E12="",""))))) | R12: =IF(N12="", "", MIN(N12,Q12)) | S12: =IF(AND(OR(K12="KO",N12<>""),OR(K12="",L12="",M12="")),Listes!$A$68,IF(AND(N12="",K12<>""),Listes!$A$69,IF(AND(J12<N12,P12=""),Listes!$A$70,IF(AND(M12<L12,P12=""),Listes!$A$71,IF(AND(N12<J12,O12=""),Listes!$A$72,IF(AND(T12="",OR(K12<>"",L12<>"",M12<>"")),Listes!$A$73,"")))))) | U12: =IF(AND(B12<>"",T12<>"Oui"),1,0) -> 0
A13: 7 | B13: =IF('Dépenses sur frais réels'!B13="","",'Dépenses sur frais réels'!B13) | C13: =IF('Dépenses sur frais réels'!C13="","",'Dépenses sur frais réels'!C13) | D13: =IF('Dépenses sur frais réels'!D13="","",'Dépenses sur frais réels'!D13) | E13: =IF('Dépenses sur frais réels'!E13="","",'Dépenses sur frais réels'!E13) | F13: =IF('Dépenses sur frais réels'!F13="","",'Dépenses sur frais réels'!F13) | G13: =IF('Dépenses sur frais réels'!G13="","",'Dépenses sur frais réels'!G13) | H13: =IF('Dépenses sur frais réels'!H13="","",'Dépenses sur frais réels'!H13) | I13: =IF('Dépenses sur frais réels'!I13="","",'Dépenses sur frais réels'!I13) | J13: =IF('Dépenses sur frais réels'!J13="","",'Dépenses sur frais réels'!J13) | L13: =IF(K13="","",IF(K13="KO","",H13)) | M13: =IF(K13="","",IF(K13="KO","",I13)) | Q13: =IF(G13="Aller - Retour Mayotte - Hexagone",IF(1900=0,"",1900),IF(G13="Aller - Retour Mayotte - La Réunion",IF(700=0,"",700),IF(G13="Aller - Retour Mayotte - Caraïbes",IF(2200=0,"",2200),IF(E13="Billets de train",IF(N13=0,"",""),IF(E13="",""))))) | R13: =IF(N13="", "", MIN(N13,Q13)) | S13: =IF(AND(OR(K13="KO",N13<>""),OR(K13="",L13="",M13="")),Listes!$A$68,IF(AND(N13="",K13<>""),Listes!$A$69,IF(AND(J13<N13,P13=""),Listes!$A$70,IF(AND(M13<L13,P13=""),Listes!$A$71,IF(AND(N13<J13,O13=""),Listes!$A$72,IF(AND(T13="",OR(K13<>"",L13<>"",M13<>"")),Listes!$A$73,"")))))) | U13: =IF(AND(B13<>"",T13<>"Oui"),1,0) -> 0
A14: 8 | B14: =IF('Dépenses sur frais réels'!B14="","",'Dépenses sur frais réels'!B14) | C14: =IF('Dépenses sur frais réels'!C14="","",'Dépenses sur frais réels'!C14) | D14: =IF('Dépenses sur frais réels'!D14="","",'Dépenses sur frais réels'!D14) | E14: =IF('Dépenses sur frais réels'!E14="","",'Dépenses sur frais réels'!E14) | F14: =IF('Dépenses sur frais réels'!F14="","",'Dépenses sur frais réels'!F14) | G14: =IF('Dépenses sur frais réels'!G14="","",'Dépenses sur frais réels'!G14) | H14: =IF('Dépenses sur frais réels'!H14="","",'Dépenses sur frais réels'!H14) | I14: =IF('Dépenses sur frais réels'!I14="","",'Dépenses sur frais réels'!I14) | J14: =IF('Dépenses sur frais réels'!J14="","",'Dépenses sur frais réels'!J14) | L14: =IF(K14="","",IF(K14="KO","",H14)) | M14: =IF(K14="","",IF(K14="KO","",I14)) | Q14: =IF(G14="Aller - Retour Mayotte - Hexagone",IF(1900=0,"",1900),IF(G14="Aller - Retour Mayotte - La Réunion",IF(700=0,"",700),IF(G14="Aller - Retour Mayotte - Caraïbes",IF(2200=0,"",2200),IF(E14="Billets de train",IF(N14=0,"",""),IF(E14="",""))))) | R14: =IF(N14="", "", MIN(N14,Q14)) | S14: =IF(AND(OR(K14="KO",N14<>""),OR(K14="",L14="",M14="")),Listes!$A$68,IF(AND(N14="",K14<>""),Listes!$A$69,IF(AND(J14<N14,P14=""),Listes!$A$70,IF(AND(M14<L14,P14=""),Listes!$A$71,IF(AND(N14<J14,O14=""),Listes!$A$72,IF(AND(T14="",OR(K14<>"",L14<>"",M14<>"")),Listes!$A$73,"")))))) | U14: =IF(AND(B14<>"",T14<>"Oui"),1,0) -> 0
A15: 9 | B15: =IF('Dépenses sur frais réels'!B15="","",'Dépenses sur frais réels'!B15) | C15: =IF('Dépenses sur frais réels'!C15="","",'Dépenses sur frais réels'!C15) | D15: =IF('Dépenses sur frais réels'!D15="","",'Dépenses sur frais réels'!D15) | E15: =IF('Dépenses sur frais réels'!E15="","",'Dépenses sur frais réels'!E15) | F15: =IF('Dépenses sur frais réels'!F15="","",'Dépenses sur frais réels'!F15) | G15: =IF('Dépenses sur frais réels'!G15="","",'Dépenses sur frais réels'!G15) | H15: =IF('Dépenses sur frais réels'!H15="","",'Dépenses sur frais réels'!H15) | I15: =IF('Dépenses sur frais réels'!I15="","",'Dépenses sur frais réels'!I15) | J15: =IF('Dépenses sur frais réels'!J15="","",'Dépenses sur frais réels'!J15) | L15: =IF(K15="","",IF(K15="KO","",H15)) | M15: =IF(K15="","",IF(K15="KO","",I15)) | Q15: =IF(G15="Aller - Retour Mayotte - Hexagone",IF(1900=0,"",1900),IF(G15="Aller - Retour Mayotte - La Réunion",IF(700=0,"",700),IF(G15="Aller - Retour Mayotte - Caraïbes",IF(2200=0,"",2200),IF(E15="Billets de train",IF(N15=0,"",""),IF(E15="",""))))) | R15: =IF(N15="", "", MIN(N15,Q15)) | S15: =IF(AND(OR(K15="KO",N15<>""),OR(K15="",L15="",M15="")),Listes!$A$68,IF(AND(N15="",K15<>""),Listes!$A$69,IF(AND(J15<N15,P15=""),Listes!$A$70,IF(AND(M15<L15,P15=""),Listes!$A$71,IF(AND(N15<J15,O15=""),Listes!$A$72,IF(AND(T15="",OR(K15<>"",L15<>"",M15<>"")),Listes!$A$73,"")))))) | U15: =IF(AND(B15<>"",T15<>"Oui"),1,0) -> 0
A16: 10 | B16: =IF('Dépenses sur frais réels'!B16="","",'Dépenses sur frais réels'!B16) | C16: =IF('Dépenses sur frais réels'!C16="","",'Dépenses sur frais réels'!C16) | D16: =IF('Dépenses sur frais réels'!D16="","",'Dépenses sur frais réels'!D16) | E16: =IF('Dépenses sur frais réels'!E16="","",'Dépenses sur frais réels'!E16) | F16: =IF('Dépenses sur frais réels'!F16="","",'Dépenses sur frais réels'!F16) | G16: =IF('Dépenses sur frais réels'!G16="","",'Dépenses sur frais réels'!G16) | H16: =IF('Dépenses sur frais réels'!H16="","",'Dépenses sur frais réels'!H16) | I16: =IF('Dépenses sur frais réels'!I16="","",'Dépenses sur frais réels'!I16) | J16: =IF('Dépenses sur frais réels'!J16="","",'Dépenses sur frais réels'!J16) | L16: =IF(K16="","",IF(K16="KO","",H16)) | M16: =IF(K16="","",IF(K16="KO","",I16)) | Q16: =IF(G16="Aller - Retour Mayotte - Hexagone",IF(1900=0,"",1900),IF(G16="Aller - Retour Mayotte - La Réunion",IF(700=0,"",700),IF(G16="Aller - Retour Mayotte - Caraïbes",IF(2200=0,"",2200),IF(E16="Billets de train",IF(N16=0,"",""),IF(E16="",""))))) | R16: =IF(N16="", "", MIN(N16,Q16)) | S16: =IF(AND(OR(K16="KO",N16<>""),OR(K16="",L16="",M16="")),Listes!$A$68,IF(AND(N16="",K16<>""),Listes!$A$69,IF(AND(J16<N16,P16=""),Listes!$A$70,IF(AND(M16<L16,P16=""),Listes!$A$71,IF(AND(N16<J16,O16=""),Listes!$A$72,IF(AND(T16="",OR(K16<>"",L16<>"",M16<>"")),Listes!$A$73,"")))))) | U16: =IF(AND(B16<>"",T16<>"Oui"),1,0) -> 0
A17: 11 | B17: =IF('Dépenses sur frais réels'!B17="","",'Dépenses sur frais réels'!B17) | C17: =IF('Dépenses sur frais réels'!C17="","",'Dépenses sur frais réels'!C17) | D17: =IF('Dépenses sur frais réels'!D17="","",'Dépenses sur frais réels'!D17) | E17: =IF('Dépenses sur frais réels'!E17="","",'Dépenses sur frais réels'!E17) | F17: =IF('Dépenses sur frais réels'!F17="","",'Dépenses sur frais réels'!F17) | G17: =IF('Dépenses sur frais réels'!G17="","",'Dépenses sur frais réels'!G17) | H17: =IF('Dépenses sur frais réels'!H17="","",'Dépenses sur frais réels'!H17) | I17: =IF('Dépenses sur frais réels'!I17="","",'Dépenses sur frais réels'!I17) | J17: =IF('Dépenses sur frais réels'!J17="","",'Dépenses sur frais réels'!J17) | L17: =IF(K17="","",IF(K17="KO","",H17)) | M17: =IF(K17="","",IF(K17="KO","",I17)) | Q17: =IF(G17="Aller - Retour Mayotte - Hexagone",IF(1900=0,"",1900),IF(G17="Aller - Retour Mayotte - La Réunion",IF(700=0,"",700),IF(G17="Aller - Retour Mayotte - Caraïbes",IF(2200=0,"",2200),IF(E17="Billets de train",IF(N17=0,"",""),IF(E17="",""))))) | R17: =IF(N17="", "", MIN(N17,Q17)) | S17: =IF(AND(OR(K17="KO",N17<>""),OR(K17="",L17="",M17="")),Listes!$A$68,IF(AND(N17="",K17<>""),Listes!$A$69,IF(AND(J17<N17,P17=""),Listes!$A$70,IF(AND(M17<L17,P17=""),Listes!$A$71,IF(AND(N17<J17,O17=""),Listes!$A$72,IF(AND(T17="",OR(K17<>"",L17<>"",M17<>"")),Listes!$A$73,"")))))) | U17: =IF(AND(B17<>"",T17<>"Oui"),1,0) -> 0
A18: 12 | B18: =IF('Dépenses sur frais réels'!B18="","",'Dépenses sur frais réels'!B18) | C18: =IF('Dépenses sur frais réels'!C18="","",'Dépenses sur frais réels'!C18) | D18: =IF('Dépenses sur frais réels'!D18="","",'Dépenses sur frais réels'!D18) | E18: =IF('Dépenses sur frais réels'!E18="","",'Dépenses sur frais réels'!E18) | F18: =IF('Dépenses sur frais réels'!F18="","",'Dépenses sur frais réels'!F18) | G18: =IF('Dépenses sur frais réels'!G18="","",'Dépenses sur frais réels'!G18) | H18: =IF('Dépenses sur frais réels'!H18="","",'Dépenses sur frais réels'!H18) | I18: =IF('Dépenses sur frais réels'!I18="","",'Dépenses sur frais réels'!I18) | J18: =IF('Dépenses sur frais réels'!J18="","",'Dépenses sur frais réels'!J18) | L18: =IF(K18="","",IF(K18="KO","",H18)) | M18: =IF(K18="","",IF(K18="KO","",I18)) | Q18: =IF(G18="Aller - Retour Mayotte - Hexagone",IF(1900=0,"",1900),IF(G18="Aller - Retour Mayotte - La Réunion",IF(700=0,"",700),IF(G18="Aller - Retour Mayotte - Caraïbes",IF(2200=0,"",2200),IF(E18="Billets de train",IF(N18=0,"",""),IF(E18="",""))))) | R18: =IF(N18="", "", MIN(N18,Q18)) | S18: =IF(AND(OR(K18="KO",N18<>""),OR(K18="",L18="",M18="")),Listes!$A$68,IF(AND(N18="",K18<>""),Listes!$A$69,IF(AND(J18<N18,P18=""),Listes!$A$70,IF(AND(M18<L18,P18=""),Listes!$A$71,IF(AND(N18<J18,O18=""),Listes!$A$72,IF(AND(T18="",OR(K18<>"",L18<>"",M18<>"")),Listes!$A$73,"")))))) | U18: =IF(AND(B18<>"",T18<>"Oui"),1,0) -> 0
A19: 13 | B19: =IF('Dépenses sur frais réels'!B19="","",'Dépenses sur frais réels'!B19) | C19: =IF('Dépenses sur frais réels'!C19="","",'Dépenses sur frais réels'!C19) | D19: =IF('Dépenses sur frais réels'!D19="","",'Dépenses sur frais réels'!D19) | E19: =IF('Dépenses sur frais réels'!E19="","",'Dépenses sur frais réels'!E19) | F19: =IF('Dépenses sur frais réels'!F19="","",'Dépenses sur frais réels'!F19) | G19: =IF('Dépenses sur frais réels'!G19="","",'Dépenses sur frais réels'!G19) | H19: =IF('Dépenses sur frais réels'!H19="","",'Dépenses sur frais réels'!H19) | I19: =IF('Dépenses sur frais réels'!I19="","",'Dépenses sur frais réels'!I19) | J19: =IF('Dépenses sur frais réels'!J19="","",'Dépenses sur frais réels'!J19) | L19: =IF(K19="","",IF(K19="KO","",H19)) | M19: =IF(K19="","",IF(K19="KO","",I19)) | Q19: =IF(G19="Aller - Retour Mayotte - Hexagone",IF(1900=0,"",1900),IF(G19="Aller - Retour Mayotte - La Réunion",IF(700=0,"",700),IF(G19="Aller - Retour Mayotte - Caraïbes",IF(2200=0,"",2200),IF(E19="Billets de train",IF(N19=0,"",""),IF(E19="",""))))) | R19: =IF(N19="", "", MIN(N19,Q19)) | S19: =IF(AND(OR(K19="KO",N19<>""),OR(K19="",L19="",M19="")),Listes!$A$68,IF(AND(N19="",K19<>""),Listes!$A$69,IF(AND(J19<N19,P19=""),Listes!$A$70,IF(AND(M19<L19,P19=""),Listes!$A$71,IF(AND(N19<J19,O19=""),Listes!$A$72,IF(AND(T19="",OR(K19<>"",L19<>"",M19<>"")),Listes!$A$73,"")))))) | U19: =IF(AND(B19<>"",T19<>"Oui"),1,0) -> 0
A20: 14 | B20: =IF('Dépenses sur frais réels'!B20="","",'Dépenses sur frais réels'!B20) | C20: =IF('Dépenses sur frais réels'!C20="","",'Dépenses sur frais réels'!C20) | D20: =IF('Dépenses sur frais réels'!D20="","",'Dépenses sur frais réels'!D20) | E20: =IF('Dépenses sur frais réels'!E20="","",'Dépenses sur frais réels'!E20) | F20: =IF('Dépenses sur frais réels'!F20="","",'Dépenses sur frais réels'!F20) | G20: =IF('Dépenses sur frais réels'!G20="","",'Dépenses sur frais réels'!G20) | H20: =IF('Dépenses sur frais réels'!H20="","",'Dépenses sur frais réels'!H20) | I20: =IF('Dépenses sur frais réels'!I20="","",'Dépenses sur frais réels'!I20) | J20: =IF('Dépenses sur frais réels'!J20="","",'Dépenses sur frais réels'!J20) | L20: =IF(K20="","",IF(K20="KO","",H20)) | M20: =IF(K20="","",IF(K20="KO","",I20)) | Q20: =IF(G20="Aller - Retour Mayotte - Hexagone",IF(1900=0,"",1900),IF(G20="Aller - Retour Mayotte - La Réunion",IF(700=0,"",700),IF(G20="Aller - Retour Mayotte - Caraïbes",IF(2200=0,"",2200),IF(E20="Billets de train",IF(N20=0,"",""),IF(E20="",""))))) | R20: =IF(N20="", "", MIN(N20,Q20)) | S20: =IF(AND(OR(K20="KO",N20<>""),OR(K20="",L20="",M20="")),Listes!$A$68,IF(AND(N20="",K20<>""),Listes!$A$69,IF(AND(J20<N20,P20=""),Listes!$A$70,IF(AND(M20<L20,P20=""),Listes!$A$71,IF(AND(N20<J20,O20=""),Listes!$A$72,IF(AND(T20="",OR(K20<>"",L20<>"",M20<>"")),Listes!$A$73,"")))))) | U20: =IF(AND(B20<>"",T20<>"Oui"),1,0) -> 0
... A506: 500 | B506: =IF('Dépenses sur frais réels'!B506="","",'Dépenses sur frais réels'!B506) | C506: =IF('Dépenses sur frais réels'!C506="","",'Dépenses sur frais réels'!C506) | D506: =IF('Dépenses sur frais réels'!D506="","",'Dépenses sur frais réels'!D506) | E506: =IF('Dépenses sur frais réels'!E506="","",'Dépenses sur frais réels'!E506) | F506: =IF('Dépenses sur frais réels'!F506="","",'Dépenses sur frais réels'!F506) | G506: =IF('Dépenses sur frais réels'!G506="","",'Dépenses sur frais réels'!G506) | H506: =IF('Dépenses sur frais réels'!H506="","",'Dépenses sur frais réels'!H506) | I506: =IF('Dépenses sur frais réels'!I506="","",'Dépenses sur frais réels'!I506) | J506: =IF('Dépenses sur frais réels'!J506="","",'Dépenses sur frais réels'!J506) | L506: =IF(K506="","",IF(K506="KO","",H506)) | M506: =IF(K506="","",IF(K506="KO","",I506)) | Q506: =IF(G506="Aller - Retour Mayotte - Hexagone",IF(1900=0,"",1900),IF(G506="Aller - Retour Mayotte - La Réunion",IF(700=0,"",700),IF(G506="Aller - Retour Mayotte - Caraïbes",IF(2200=0,"",2200),IF(E506="Billets de train",IF(N506=0,"",""),IF(E506="",""))))) | R506: =IF(N506="", "", MIN(N506,Q506)) | S506: =IF(AND(OR(K506="KO",N506<>""),OR(K506="",L506="",M506="")),Listes!$A$68,IF(AND(N506="",K506<>""),Listes!$A$69,IF(AND(J506<N506,P506=""),Listes!$A$70,IF(AND(M506<L506,P506=""),Listes!$A$71,IF(AND(N506<J506,O506=""),Listes!$A$72,IF(AND(T506="",OR(K506<>"",L506<>"",M506<>"")),Listes!$A$73,"")))))) | U506: =IF(AND(B506<>"",T506<>"Oui"),1,0) -> 0
J507: TOTAL | N507: =SUM(N7:N506) -> 0 | Q507: TOTAL | R507: =SUM(R7:R506) -> 0

Sheet DP_Instruction Forfaitaires
A1: Service Instructeur
A2: Dépenses forfaitaires Les colonnes marquées d'un " * " sont à remplir obligatoirement pour chaque ligne de dépense. Merci de ne pas modifier ce document.
A3: N° | B3: Description de l'intervention * | C3: Description du forfait * | D3: Puissance du véhicule | E3: Nombre de kilomètre réalisés | F3: Localisation des frais d'hébergement | G3: Identifiant du justificatif * | H3: Sous catégories de dépenses * | I3: Nombre d'intervention * | J3: Type de transfert * | K3: Date de début * | L3: Date de fin * | M3: Code barème | P3: Montant HT demandé | Q3: Contrôle Date * | R3: Date de début | S3: Date de fin | T3: Montant éligible (€ HT) * | U3: Motif inéligibilité | V3: Commentaire instructeur | W3: Message informatif | X3: Ligne Instruite
B4: (Veuillez précisez la nature du forfait demandé) | C4: (Veuillez choisir le forfait demandé) | D4: (Demandé uniquement pour les frais de déplacement) | F4: (Demandé uniquement pour les frais d'hébergement) | G4: (information présente sur le justificatif joint. Ex: note de frais,...) | H4: Sélectionner la sous-catégorie de dépense | I4: Pour les Frais de déplacement (barèmes kilométriques) merci de saisir 1 intervention | J4: Choisissez "Transfert" ou "Hors-Transfert" | M4: Ces 3 colonnes sont à masquer | P4: (Montant hors taxes) | U4: =IF(Y6>0,"Une ou plusieurs lignes ne sont pas instruites","")
A5: Exemple | B5: Déplacement Mamoudzou - Coconi | C5: Frais de déplacement Motocyclettes | D5: 3 CV | E5: 24 | G5: note de frais 2 | H5: Frais de déplacement (barèmes kilométriques) | I5: 1 | J5: Transfert | K5: 46204 | L5: 46204 | P5: 11.23 | Q5: OK | R5: 46204 | S5: 46204 | T5: 11.23 | V5: Déplacement MOTO Mamoudzou - Coconi | X5: Oui | Y5: CRTL
S6: Total | T6: =SUM(T7:T506) -> 0 | Y6: =SUM(Y7:Y506) -> 0
A7: 1 | B7: =IF('Dépenses forfaitaires'!B7="","",'Dépenses forfaitaires'!B7) | C7: =IF('Dépenses forfaitaires'!C7="","",'Dépenses forfaitaires'!C7) | D7: =IF('Dépenses forfaitaires'!D7="","",'Dépenses forfaitaires'!D7) | E7: =IF('Dépenses forfaitaires'!E7="","",'Dépenses forfaitaires'!E7) | F7: =IF('Dépenses forfaitaires'!F7="","",'Dépenses forfaitaires'!F7) | G7: =IF('Dépenses forfaitaires'!G7="","",'Dépenses forfaitaires'!G7) | H7: =IF('Dépenses forfaitaires'!H7="","",'Dépenses forfaitaires'!H7) | I7: =IF('Dépenses forfaitaires'!I7="","",'Dépenses forfaitaires'!I7) | ... L7: =IF('Dépenses forfaitaires'!L7="","",'Dépenses forfaitaires'!L7) | M7: =IF($H7="","",IF($C7=Listes!$B$32,IF('DP_Instruction Forfaitaires'!$E7<Listes!$B$53,('DP_Instruction Forfaitaires'!$E7*(VLOOKUP('DP_Instruction Forfaitaires'!$D7,Listes!$A$54:$E$60,2,FALSE))),IF('DP_Instruction Forfaitaires'!$E7>Listes!$E$53,('DP_Instruction Forfaitaires'!$E7*(VLOOKUP('DP_Instruction Forfaitaires'!$D7,Listes!$A$54:$E$60,5,FALSE))),('DP_Instruction Forfaitaires'!$E7*(VLOOKUP('DP_Instruction Forfaitaires'!$D7,Listes!$A$54:$E$60,3,FALSE))+(VLOOKUP('DP_Instruction Forfaitaires'!$D7,Listes!$A$54:$E$60,4,FALSE))))))) | N7: =IF($H7="","",IF($C7=Listes!$B$31,IF('DP_Instruction Forfaitaires'!$E7<Listes!$B$42,('DP_Instruction Forfaitaires'!$E7*(VLOOKUP('DP_Instruction Forfaitaires'!$D7,Listes!$A$43:$E$49,2,FALSE))),IF('DP_Instruction Forfaitaires'!$E7>Listes!$D$42,('DP_Instruction Forfaitaires'!$E7*(VLOOKUP('DP_Instruction Forfaitaires'!$D7,Listes!$A$43:$E$49,5,FALSE))),('DP_Instruction Forfaitaires'!$E7*(VLOOKUP('DP_Instruction Forfaitaires'!$D7,Listes!$A$43:$E$49,3,FALSE))+(VLOOKUP('DP_Instruction Forfaitaires'!$D7,Listes!$A$43:$E$49,4,FALSE))))))) | O7: =IF($H7="","",IF($C7=Listes!$B$34,Listes!$I$31,IF($C7=Listes!$B$35,(VLOOKUP('DP_Instruction Forfaitaires'!$F7,Listes!$E$31:$F$36,2,FALSE)),IF($C7=Listes!$B$33,IF('DP_Instruction Forfaitaires'!$E7<Listes!$A$64,'DP_Instruction Forfaitaires'!$E7*Listes!$A$65,IF('DP_Instruction Forfaitaires'!$E7>Listes!$D$64,'DP_Instruction Forfaitaires'!$E7*Listes!$D$65,(('DP_Instruction Forfaitaires'!$E7*Listes!$B$65)+Listes!$C$65))))))) | P7: =IF('Dépenses forfaitaires'!Q7="","",'Dépenses forfaitaires'!Q7) | R7: =IF(Q7="","",IF(Q7="KO","",K7)) | S7: =IF(Q7="","",IF(Q7="KO","",L7)) | W7: =IF(AND(OR(Q7="KO",T7<>""),OR(R7="",S7="",T7="")),Listes!$A$68,IF(AND(T7="",R7<>""),Listes!$A$69,IF(AND(P7<T7,V7=""),Listes!$A$70,IF(AND(R7>S7),Listes!$A$71,IF(AND(P7<>"",P7>T7,U7=""),Listes!$A$72,IF(AND(X7="",OR(Q7<>"",R7<>"",S7<>"")),Listes!$A$73,"")))))) | Y7: =IF(AND(B7<>"",X7<>"Oui"),1,0) -> 0
A8: 2 | B8: =IF('Dépenses forfaitaires'!B8="","",'Dépenses forfaitaires'!B8) | C8: =IF('Dépenses forfaitaires'!C8="","",'Dépenses forfaitaires'!C8) | D8: =IF('Dépenses forfaitaires'!D8="","",'Dépenses forfaitaires'!D8) | E8: =IF('Dépenses forfaitaires'!E8="","",'Dépenses forfaitaires'!E8) | F8: =IF('Dépenses forfaitaires'!F8="","",'Dépenses forfaitaires'!F8) | G8: =IF('Dépenses forfaitaires'!G8="","",'Dépenses forfaitaires'!G8) | H8: =IF('Dépenses forfaitaires'!H8="","",'Dépenses forfaitaires'!H8) | I8: =IF('Dépenses forfaitaires'!I8="","",'Dépenses forfaitaires'!I8) | ... L8: =IF('Dépenses forfaitaires'!L8="","",'Dépenses forfaitaires'!L8) | M8: =IF($H8="","",IF($C8=Listes!$B$32,IF('DP_Instruction Forfaitaires'!$E8<Listes!$B$53,('DP_Instruction Forfaitaires'!$E8*(VLOOKUP('DP_Instruction Forfaitaires'!$D8,Listes!$A$54:$E$60,2,FALSE))),IF('DP_Instruction Forfaitaires'!$E8>Listes!$E$53,('DP_Instruction Forfaitaires'!$E8*(VLOOKUP('DP_Instruction Forfaitaires'!$D8,Listes!$A$54:$E$60,5,FALSE))),('DP_Instruction Forfaitaires'!$E8*(VLOOKUP('DP_Instruction Forfaitaires'!$D8,Listes!$A$54:$E$60,3,FALSE))+(VLOOKUP('DP_Instruction Forfaitaires'!$D8,Listes!$A$54:$E$60,4,FALSE))))))) | N8: =IF($H8="","",IF($C8=Listes!$B$31,IF('DP_Instruction Forfaitaires'!$E8<Listes!$B$42,('DP_Instruction Forfaitaires'!$E8*(VLOOKUP('DP_Instruction Forfaitaires'!$D8,Listes!$A$43:$E$49,2,FALSE))),IF('DP_Instruction Forfaitaires'!$E8>Listes!$D$42,('DP_Instruction Forfaitaires'!$E8*(VLOOKUP('DP_Instruction Forfaitaires'!$D8,Listes!$A$43:$E$49,5,FALSE))),('DP_Instruction Forfaitaires'!$E8*(VLOOKUP('DP_Instruction Forfaitaires'!$D8,Listes!$A$43:$E$49,3,FALSE))+(VLOOKUP('DP_Instruction Forfaitaires'!$D8,Listes!$A$43:$E$49,4,FALSE))))))) | O8: =IF($H8="","",IF($C8=Listes!$B$34,Listes!$I$31,IF($C8=Listes!$B$35,(VLOOKUP('DP_Instruction Forfaitaires'!$F8,Listes!$E$31:$F$36,2,FALSE)),IF($C8=Listes!$B$33,IF('DP_Instruction Forfaitaires'!$E8<Listes!$A$64,'DP_Instruction Forfaitaires'!$E8*Listes!$A$65,IF('DP_Instruction Forfaitaires'!$E8>Listes!$D$64,'DP_Instruction Forfaitaires'!$E8*Listes!$D$65,(('DP_Instruction Forfaitaires'!$E8*Listes!$B$65)+Listes!$C$65))))))) | P8: =IF('Dépenses forfaitaires'!Q8="","",'Dépenses forfaitaires'!Q8) | R8: =IF(Q8="","",IF(Q8="KO","",K8)) | S8: =IF(Q8="","",IF(Q8="KO","",L8)) | T8: =IF($I8="","",($O8+$N8+$M8)*$I8) | W8: =IF(AND(OR(Q8="KO",T8<>""),OR(R8="",S8="",T8="")),Listes!$A$68,IF(AND(T8="",R8<>""),Listes!$A$69,IF(AND(P8<T8,V8=""),Listes!$A$70,IF(AND(R8>S8),Listes!$A$71,IF(AND(P8<>"",P8>T8,U8=""),Listes!$A$72,IF(AND(X8="",OR(Q8<>"",R8<>"",S8<>"")),Listes!$A$73,"")))))) | Y8: =IF(AND(B8<>"",X8<>"Oui"),1,0) -> 0
A9: 3 | B9: =IF('Dépenses forfaitaires'!B9="","",'Dépenses forfaitaires'!B9) | C9: =IF('Dépenses forfaitaires'!C9="","",'Dépenses forfaitaires'!C9) | D9: =IF('Dépenses forfaitaires'!D9="","",'Dépenses forfaitaires'!D9) | E9: =IF('Dépenses forfaitaires'!E9="","",'Dépenses forfaitaires'!E9) | F9: =IF('Dépenses forfaitaires'!F9="","",'Dépenses forfaitaires'!F9) | G9: =IF('Dépenses forfaitaires'!G9="","",'Dépenses forfaitaires'!G9) | H9: =IF('Dépenses forfaitaires'!H9="","",'Dépenses forfaitaires'!H9) | I9: =IF('Dépenses forfaitaires'!I9="","",'Dépenses forfaitaires'!I9) | ... L9: =IF('Dépenses forfaitaires'!L9="","",'Dépenses forfaitaires'!L9) | M9: =IF($H9="","",IF($C9=Listes!$B$32,IF('DP_Instruction Forfaitaires'!$E9<Listes!$B$53,('DP_Instruction Forfaitaires'!$E9*(VLOOKUP('DP_Instruction Forfaitaires'!$D9,Listes!$A$54:$E$60,2,FALSE))),IF('DP_Instruction Forfaitaires'!$E9>Listes!$E$53,('DP_Instruction Forfaitaires'!$E9*(VLOOKUP('DP_Instruction Forfaitaires'!$D9,Listes!$A$54:$E$60,5,FALSE))),('DP_Instruction Forfaitaires'!$E9*(VLOOKUP('DP_Instruction Forfaitaires'!$D9,Listes!$A$54:$E$60,3,FALSE))+(VLOOKUP('DP_Instruction Forfaitaires'!$D9,Listes!$A$54:$E$60,4,FALSE))))))) | N9: =IF($H9="","",IF($C9=Listes!$B$31,IF('DP_Instruction Forfaitaires'!$E9<Listes!$B$42,('DP_Instruction Forfaitaires'!$E9*(VLOOKUP('DP_Instruction Forfaitaires'!$D9,Listes!$A$43:$E$49,2,FALSE))),IF('DP_Instruction Forfaitaires'!$E9>Listes!$D$42,('DP_Instruction Forfaitaires'!$E9*(VLOOKUP('DP_Instruction Forfaitaires'!$D9,Listes!$A$43:$E$49,5,FALSE))),('DP_Instruction Forfaitaires'!$E9*(VLOOKUP('DP_Instruction Forfaitaires'!$D9,Listes!$A$43:$E$49,3,FALSE))+(VLOOKUP('DP_Instruction Forfaitaires'!$D9,Listes!$A$43:$E$49,4,FALSE))))))) | O9: =IF($H9="","",IF($C9=Listes!$B$34,Listes!$I$31,IF($C9=Listes!$B$35,(VLOOKUP('DP_Instruction Forfaitaires'!$F9,Listes!$E$31:$F$36,2,FALSE)),IF($C9=Listes!$B$33,IF('DP_Instruction Forfaitaires'!$E9<Listes!$A$64,'DP_Instruction Forfaitaires'!$E9*Listes!$A$65,IF('DP_Instruction Forfaitaires'!$E9>Listes!$D$64,'DP_Instruction Forfaitaires'!$E9*Listes!$D$65,(('DP_Instruction Forfaitaires'!$E9*Listes!$B$65)+Listes!$C$65))))))) | P9: =IF('Dépenses forfaitaires'!Q9="","",'Dépenses forfaitaires'!Q9) | R9: =IF(Q9="","",IF(Q9="KO","",K9)) | S9: =IF(Q9="","",IF(Q9="KO","",L9)) | T9: =IF($I9="","",($O9+$N9+$M9)*$I9) | W9: =IF(AND(OR(Q9="KO",T9<>""),OR(R9="",S9="",T9="")),Listes!$A$68,IF(AND(T9="",R9<>""),Listes!$A$69,IF(AND(P9<T9,V9=""),Listes!$A$70,IF(AND(R9>S9),Listes!$A$71,IF(AND(P9<>"",P9>T9,U9=""),Listes!$A$72,IF(AND(X9="",OR(Q9<>"",R9<>"",S9<>"")),Listes!$A$73,"")))))) | Y9: =IF(AND(B9<>"",X9<>"Oui"),1,0) -> 0
A10: 4 | B10: =IF('Dépenses forfaitaires'!B10="","",'Dépenses forfaitaires'!B10) | C10: =IF('Dépenses forfaitaires'!C10="","",'Dépenses forfaitaires'!C10) | D10: =IF('Dépenses forfaitaires'!D10="","",'Dépenses forfaitaires'!D10) | E10: =IF('Dépenses forfaitaires'!E10="","",'Dépenses forfaitaires'!E10) | F10: =IF('Dépenses forfaitaires'!F10="","",'Dépenses forfaitaires'!F10) | G10: =IF('Dépenses forfaitaires'!G10="","",'Dépenses forfaitaires'!G10) | H10: =IF('Dépenses forfaitaires'!H10="","",'Dépenses forfaitaires'!H10) | I10: =IF('Dépenses forfaitaires'!I10="","",'Dépenses forfaitaires'!I10) | ... L10: =IF('Dépenses forfaitaires'!L10="","",'Dépenses forfaitaires'!L10) | M10: =IF($H10="","",IF($C10=Listes!$B$32,IF('DP_Instruction Forfaitaires'!$E10<Listes!$B$53,('DP_Instruction Forfaitaires'!$E10*(VLOOKUP('DP_Instruction Forfaitaires'!$D10,Listes!$A$54:$E$60,2,FALSE))),IF('DP_Instruction Forfaitaires'!$E10>Listes!$E$53,('DP_Instruction Forfaitaires'!$E10*(VLOOKUP('DP_Instruction Forfaitaires'!$D10,Listes!$A$54:$E$60,5,FALSE))),('DP_Instruction Forfaitaires'!$E10*(VLOOKUP('DP_Instruction Forfaitaires'!$D10,Listes!$A$54:$E$60,3,FALSE))+(VLOOKUP('DP_Instruction Forfaitaires'!$D10,Listes!$A$54:$E$60,4,FALSE))))))) | N10: =IF($H10="","",IF($C10=Listes!$B$31,IF('DP_Instruction Forfaitaires'!$E10<Listes!$B$42,('DP_Instruction Forfaitaires'!$E10*(VLOOKUP('DP_Instruction Forfaitaires'!$D10,Listes!$A$43:$E$49,2,FALSE))),IF('DP_Instruction Forfaitaires'!$E10>Listes!$D$42,('DP_Instruction Forfaitaires'!$E10*(VLOOKUP('DP_Instruction Forfaitaires'!$D10,Listes!$A$43:$E$49,5,FALSE))),('DP_Instruction Forfaitaires'!$E10*(VLOOKUP('DP_Instruction Forfaitaires'!$D10,Listes!$A$43:$E$49,3,FALSE))+(VLOOKUP('DP_Instruction Forfaitaires'!$D10,Listes!$A$43:$E$49,4,FALSE))))))) | O10: =IF($H10="","",IF($C10=Listes!$B$34,Listes!$I$31,IF($C10=Listes!$B$35,(VLOOKUP('DP_Instruction Forfaitaires'!$F10,Listes!$E$31:$F$36,2,FALSE)),IF($C10=Listes!$B$33,IF('DP_Instruction Forfaitaires'!$E10<Listes!$A$64,'DP_Instruction Forfaitaires'!$E10*Listes!$A$65,IF('DP_Instruction Forfaitaires'!$E10>Listes!$D$64,'DP_Instruction Forfaitaires'!$E10*Listes!$D$65,(('DP_Instruction Forfaitaires'!$E10*Listes!$B$65)+Listes!$C$65))))))) | P10: =IF('Dépenses forfaitaires'!Q10="","",'Dépenses forfaitaires'!Q10) | R10: =IF(Q10="","",IF(Q10="KO","",K10)) | S10: =IF(Q10="","",IF(Q10="KO","",L10)) | T10: =IF($I10="","",($O10+$N10+$M10)*$I10) | W10: =IF(AND(OR(Q10="KO",T10<>""),OR(R10="",S10="",T10="")),Listes!$A$68,IF(AND(T10="",R10<>""),Listes!$A$69,IF(AND(P10<T10,V10=""),Listes!$A$70,IF(AND(R10>S10),Listes!$A$71,IF(AND(P10<>"",P10>T10,U10=""),Listes!$A$72,IF(AND(X10="",OR(Q10<>"",R10<>"",S10<>"")),Listes!$A$73,"")))))) | Y10: =IF(AND(B10<>"",X10<>"Oui"),1,0) -> 0
A11: 5 | B11: =IF('Dépenses forfaitaires'!B11="","",'Dépenses forfaitaires'!B11) | C11: =IF('Dépenses forfaitaires'!C11="","",'Dépenses forfaitaires'!C11) | D11: =IF('Dépenses forfaitaires'!D11="","",'Dépenses forfaitaires'!D11) | E11: =IF('Dépenses forfaitaires'!E11="","",'Dépenses forfaitaires'!E11) | F11: =IF('Dépenses forfaitaires'!F11="","",'Dépenses forfaitaires'!F11) | G11: =IF('Dépenses forfaitaires'!G11="","",'Dépenses forfaitaires'!G11) | H11: =IF('Dépenses forfaitaires'!H11="","",'Dépenses forfaitaires'!H11) | I11: =IF('Dépenses forfaitaires'!I11="","",'Dépenses forfaitaires'!I11) | ... L11: =IF('Dépenses forfaitaires'!L11="","",'Dépenses forfaitaires'!L11) | M11: =IF($H11="","",IF($C11=Listes!$B$32,IF('DP_Instruction Forfaitaires'!$E11<Listes!$B$53,('DP_Instruction Forfaitaires'!$E11*(VLOOKUP('DP_Instruction Forfaitaires'!$D11,Listes!$A$54:$E$60,2,FALSE))),IF('DP_Instruction Forfaitaires'!$E11>Listes!$E$53,('DP_Instruction Forfaitaires'!$E11*(VLOOKUP('DP_Instruction Forfaitaires'!$D11,Listes!$A$54:$E$60,5,FALSE))),('DP_Instruction Forfaitaires'!$E11*(VLOOKUP('DP_Instruction Forfaitaires'!$D11,Listes!$A$54:$E$60,3,FALSE))+(VLOOKUP('DP_Instruction Forfaitaires'!$D11,Listes!$A$54:$E$60,4,FALSE))))))) | N11: =IF($H11="","",IF($C11=Listes!$B$31,IF('DP_Instruction Forfaitaires'!$E11<Listes!$B$42,('DP_Instruction Forfaitaires'!$E11*(VLOOKUP('DP_Instruction Forfaitaires'!$D11,Listes!$A$43:$E$49,2,FALSE))),IF('DP_Instruction Forfaitaires'!$E11>Listes!$D$42,('DP_Instruction Forfaitaires'!$E11*(VLOOKUP('DP_Instruction Forfaitaires'!$D11,Listes!$A$43:$E$49,5,FALSE))),('DP_Instruction Forfaitaires'!$E11*(VLOOKUP('DP_Instruction Forfaitaires'!$D11,Listes!$A$43:$E$49,3,FALSE))+(VLOOKUP('DP_Instruction Forfaitaires'!$D11,Listes!$A$43:$E$49,4,FALSE))))))) | O11: =IF($H11="","",IF($C11=Listes!$B$34,Listes!$I$31,IF($C11=Listes!$B$35,(VLOOKUP('DP_Instruction Forfaitaires'!$F11,Listes!$E$31:$F$36,2,FALSE)),IF($C11=Listes!$B$33,IF('DP_Instruction Forfaitaires'!$E11<Listes!$A$64,'DP_Instruction Forfaitaires'!$E11*Listes!$A$65,IF('DP_Instruction Forfaitaires'!$E11>Listes!$D$64,'DP_Instruction Forfaitaires'!$E11*Listes!$D$65,(('DP_Instruction Forfaitaires'!$E11*Listes!$B$65)+Listes!$C$65))))))) | P11: =IF('Dépenses forfaitaires'!Q11="","",'Dépenses forfaitaires'!Q11) | R11: =IF(Q11="","",IF(Q11="KO","",K11)) | S11: =IF(Q11="","",IF(Q11="KO","",L11)) | T11: =IF($I11="","",($O11+$N11+$M11)*$I11) | W11: =IF(AND(OR(Q11="KO",T11<>""),OR(R11="",S11="",T11="")),Listes!$A$68,IF(AND(T11="",R11<>""),Listes!$A$69,IF(AND(P11<T11,V11=""),Listes!$A$70,IF(AND(R11>S11),Listes!$A$71,IF(AND(P11<>"",P11>T11,U11=""),Listes!$A$72,IF(AND(X11="",OR(Q11<>"",R11<>"",S11<>"")),Listes!$A$73,"")))))) | Y11: =IF(AND(B11<>"",X11<>"Oui"),1,0) -> 0
A12: 6 | B12: =IF('Dépenses forfaitaires'!B12="","",'Dépenses forfaitaires'!B12) | C12: =IF('Dépenses forfaitaires'!C12="","",'Dépenses forfaitaires'!C12) | D12: =IF('Dépenses forfaitaires'!D12="","",'Dépenses forfaitaires'!D12) | E12: =IF('Dépenses forfaitaires'!E12="","",'Dépenses forfaitaires'!E12) | F12: =IF('Dépenses forfaitaires'!F12="","",'Dépenses forfaitaires'!F12) | G12: =IF('Dépenses forfaitaires'!G12="","",'Dépenses forfaitaires'!G12) | H12: =IF('Dépenses forfaitaires'!H12="","",'Dépenses forfaitaires'!H12) | I12: =IF('Dépenses forfaitaires'!I12="","",'Dépenses forfaitaires'!I12) | ... L12: =IF('Dépenses forfaitaires'!L12="","",'Dépenses forfaitaires'!L12) | M12: =IF($H12="","",IF($C12=Listes!$B$32,IF('DP_Instruction Forfaitaires'!$E12<Listes!$B$53,('DP_Instruction Forfaitaires'!$E12*(VLOOKUP('DP_Instruction Forfaitaires'!$D12,Listes!$A$54:$E$60,2,FALSE))),IF('DP_Instruction Forfaitaires'!$E12>Listes!$E$53,('DP_Instruction Forfaitaires'!$E12*(VLOOKUP('DP_Instruction Forfaitaires'!$D12,Listes!$A$54:$E$60,5,FALSE))),('DP_Instruction Forfaitaires'!$E12*(VLOOKUP('DP_Instruction Forfaitaires'!$D12,Listes!$A$54:$E$60,3,FALSE))+(VLOOKUP('DP_Instruction Forfaitaires'!$D12,Listes!$A$54:$E$60,4,FALSE))))))) | N12: =IF($H12="","",IF($C12=Listes!$B$31,IF('DP_Instruction Forfaitaires'!$E12<Listes!$B$42,('DP_Instruction Forfaitaires'!$E12*(VLOOKUP('DP_Instruction Forfaitaires'!$D12,Listes!$A$43:$E$49,2,FALSE))),IF('DP_Instruction Forfaitaires'!$E12>Listes!$D$42,('DP_Instruction Forfaitaires'!$E12*(VLOOKUP('DP_Instruction Forfaitaires'!$D12,Listes!$A$43:$E$49,5,FALSE))),('DP_Instruction Forfaitaires'!$E12*(VLOOKUP('DP_Instruction Forfaitaires'!$D12,Listes!$A$43:$E$49,3,FALSE))+(VLOOKUP('DP_Instruction Forfaitaires'!$D12,Listes!$A$43:$E$49,4,FALSE))))))) | O12: =IF($H12="","",IF($C12=Listes!$B$34,Listes!$I$31,IF($C12=Listes!$B$35,(VLOOKUP('DP_Instruction Forfaitaires'!$F12,Listes!$E$31:$F$36,2,FALSE)),IF($C12=Listes!$B$33,IF('DP_Instruction Forfaitaires'!$E12<Listes!$A$64,'DP_Instruction Forfaitaires'!$E12*Listes!$A$65,IF('DP_Instruction Forfaitaires'!$E12>Listes!$D$64,'DP_Instruction Forfaitaires'!$E12*Listes!$D$65,(('DP_Instruction Forfaitaires'!$E12*Listes!$B$65)+Listes!$C$65))))))) | P12: =IF('Dépenses forfaitaires'!Q12="","",'Dépenses forfaitaires'!Q12) | R12: =IF(Q12="","",IF(Q12="KO","",K12)) | S12: =IF(Q12="","",IF(Q12="KO","",L12)) | T12: =IF($I12="","",($O12+$N12+$M12)*$I12) | W12: =IF(AND(OR(Q12="KO",T12<>""),OR(R12="",S12="",T12="")),Listes!$A$68,IF(AND(T12="",R12<>""),Listes!$A$69,IF(AND(P12<T12,V12=""),Listes!$A$70,IF(AND(R12>S12),Listes!$A$71,IF(AND(P12<>"",P12>T12,U12=""),Listes!$A$72,IF(AND(X12="",OR(Q12<>"",R12<>"",S12<>"")),Listes!$A$73,"")))))) | Y12: =IF(AND(B12<>"",X12<>"Oui"),1,0) -> 0
A13: 7 | B13: =IF('Dépenses forfaitaires'!B13="","",'Dépenses forfaitaires'!B13) | C13: =IF('Dépenses forfaitaires'!C13="","",'Dépenses forfaitaires'!C13) | D13: =IF('Dépenses forfaitaires'!D13="","",'Dépenses forfaitaires'!D13) | E13: =IF('Dépenses forfaitaires'!E13="","",'Dépenses forfaitaires'!E13) | F13: =IF('Dépenses forfaitaires'!F13="","",'Dépenses forfaitaires'!F13) | G13: =IF('Dépenses forfaitaires'!G13="","",'Dépenses forfaitaires'!G13) | H13: =IF('Dépenses forfaitaires'!H13="","",'Dépenses forfaitaires'!H13) | I13: =IF('Dépenses forfaitaires'!I13="","",'Dépenses forfaitaires'!I13) | ... L13: =IF('Dépenses forfaitaires'!L13="","",'Dépenses forfaitaires'!L13) | M13: =IF($H13="","",IF($C13=Listes!$B$32,IF('DP_Instruction Forfaitaires'!$E13<Listes!$B$53,('DP_Instruction Forfaitaires'!$E13*(VLOOKUP('DP_Instruction Forfaitaires'!$D13,Listes!$A$54:$E$60,2,FALSE))),IF('DP_Instruction Forfaitaires'!$E13>Listes!$E$53,('DP_Instruction Forfaitaires'!$E13*(VLOOKUP('DP_Instruction Forfaitaires'!$D13,Listes!$A$54:$E$60,5,FALSE))),('DP_Instruction Forfaitaires'!$E13*(VLOOKUP('DP_Instruction Forfaitaires'!$D13,Listes!$A$54:$E$60,3,FALSE))+(VLOOKUP('DP_Instruction Forfaitaires'!$D13,Listes!$A$54:$E$60,4,FALSE))))))) | N13: =IF($H13="","",IF($C13=Listes!$B$31,IF('DP_Instruction Forfaitaires'!$E13<Listes!$B$42,('DP_Instruction Forfaitaires'!$E13*(VLOOKUP('DP_Instruction Forfaitaires'!$D13,Listes!$A$43:$E$49,2,FALSE))),IF('DP_Instruction Forfaitaires'!$E13>Listes!$D$42,('DP_Instruction Forfaitaires'!$E13*(VLOOKUP('DP_Instruction Forfaitaires'!$D13,Listes!$A$43:$E$49,5,FALSE))),('DP_Instruction Forfaitaires'!$E13*(VLOOKUP('DP_Instruction Forfaitaires'!$D13,Listes!$A$43:$E$49,3,FALSE))+(VLOOKUP('DP_Instruction Forfaitaires'!$D13,Listes!$A$43:$E$49,4,FALSE))))))) | O13: =IF($H13="","",IF($C13=Listes!$B$34,Listes!$I$31,IF($C13=Listes!$B$35,(VLOOKUP('DP_Instruction Forfaitaires'!$F13,Listes!$E$31:$F$36,2,FALSE)),IF($C13=Listes!$B$33,IF('DP_Instruction Forfaitaires'!$E13<Listes!$A$64,'DP_Instruction Forfaitaires'!$E13*Listes!$A$65,IF('DP_Instruction Forfaitaires'!$E13>Listes!$D$64,'DP_Instruction Forfaitaires'!$E13*Listes!$D$65,(('DP_Instruction Forfaitaires'!$E13*Listes!$B$65)+Listes!$C$65))))))) | P13: =IF('Dépenses forfaitaires'!Q13="","",'Dépenses forfaitaires'!Q13) | R13: =IF(Q13="","",IF(Q13="KO","",K13)) | S13: =IF(Q13="","",IF(Q13="KO","",L13)) | T13: =IF($I13="","",($O13+$N13+$M13)*$I13) | W13: =IF(AND(OR(Q13="KO",T13<>""),OR(R13="",S13="",T13="")),Listes!$A$68,IF(AND(T13="",R13<>""),Listes!$A$69,IF(AND(P13<T13,V13=""),Listes!$A$70,IF(AND(R13>S13),Listes!$A$71,IF(AND(P13<>"",P13>T13,U13=""),Listes!$A$72,IF(AND(X13="",OR(Q13<>"",R13<>"",S13<>"")),Listes!$A$73,"")))))) | Y13: =IF(AND(B13<>"",X13<>"Oui"),1,0) -> 0
A14: 8 | B14: =IF('Dépenses forfaitaires'!B14="","",'Dépenses forfaitaires'!B14) | C14: =IF('Dépenses forfaitaires'!C14="","",'Dépenses forfaitaires'!C14) | D14: =IF('Dépenses forfaitaires'!D14="","",'Dépenses forfaitaires'!D14) | E14: =IF('Dépenses forfaitaires'!E14="","",'Dépenses forfaitaires'!E14) | F14: =IF('Dépenses forfaitaires'!F14="","",'Dépenses forfaitaires'!F14) | G14: =IF('Dépenses forfaitaires'!G14="","",'Dépenses forfaitaires'!G14) | H14: =IF('Dépenses forfaitaires'!H14="","",'Dépenses forfaitaires'!H14) | I14: =IF('Dépenses forfaitaires'!I14="","",'Dépenses forfaitaires'!I14) | ... L14: =IF('Dépenses forfaitaires'!L14="","",'Dépenses forfaitaires'!L14) | M14: =IF($H14="","",IF($C14=Listes!$B$32,IF('DP_Instruction Forfaitaires'!$E14<Listes!$B$53,('DP_Instruction Forfaitaires'!$E14*(VLOOKUP('DP_Instruction Forfaitaires'!$D14,Listes!$A$54:$E$60,2,FALSE))),IF('DP_Instruction Forfaitaires'!$E14>Listes!$E$53,('DP_Instruction Forfaitaires'!$E14*(VLOOKUP('DP_Instruction Forfaitaires'!$D14,Listes!$A$54:$E$60,5,FALSE))),('DP_Instruction Forfaitaires'!$E14*(VLOOKUP('DP_Instruction Forfaitaires'!$D14,Listes!$A$54:$E$60,3,FALSE))+(VLOOKUP('DP_Instruction Forfaitaires'!$D14,Listes!$A$54:$E$60,4,FALSE))))))) | N14: =IF($H14="","",IF($C14=Listes!$B$31,IF('DP_Instruction Forfaitaires'!$E14<Listes!$B$42,('DP_Instruction Forfaitaires'!$E14*(VLOOKUP('DP_Instruction Forfaitaires'!$D14,Listes!$A$43:$E$49,2,FALSE))),IF('DP_Instruction Forfaitaires'!$E14>Listes!$D$42,('DP_Instruction Forfaitaires'!$E14*(VLOOKUP('DP_Instruction Forfaitaires'!$D14,Listes!$A$43:$E$49,5,FALSE))),('DP_Instruction Forfaitaires'!$E14*(VLOOKUP('DP_Instruction Forfaitaires'!$D14,Listes!$A$43:$E$49,3,FALSE))+(VLOOKUP('DP_Instruction Forfaitaires'!$D14,Listes!$A$43:$E$49,4,FALSE))))))) | O14: =IF($H14="","",IF($C14=Listes!$B$34,Listes!$I$31,IF($C14=Listes!$B$35,(VLOOKUP('DP_Instruction Forfaitaires'!$F14,Listes!$E$31:$F$36,2,FALSE)),IF($C14=Listes!$B$33,IF('DP_Instruction Forfaitaires'!$E14<Listes!$A$64,'DP_Instruction Forfaitaires'!$E14*Listes!$A$65,IF('DP_Instruction Forfaitaires'!$E14>Listes!$D$64,'DP_Instruction Forfaitaires'!$E14*Listes!$D$65,(('DP_Instruction Forfaitaires'!$E14*Listes!$B$65)+Listes!$C$65))))))) | P14: =IF('Dépenses forfaitaires'!Q14="","",'Dépenses forfaitaires'!Q14) | R14: =IF(Q14="","",IF(Q14="KO","",K14)) | S14: =IF(Q14="","",IF(Q14="KO","",L14)) | T14: =IF($I14="","",($O14+$N14+$M14)*$I14) | W14: =IF(AND(OR(Q14="KO",T14<>""),OR(R14="",S14="",T14="")),Listes!$A$68,IF(AND(T14="",R14<>""),Listes!$A$69,IF(AND(P14<T14,V14=""),Listes!$A$70,IF(AND(R14>S14),Listes!$A$71,IF(AND(P14<>"",P14>T14,U14=""),Listes!$A$72,IF(AND(X14="",OR(Q14<>"",R14<>"",S14<>"")),Listes!$A$73,"")))))) | Y14: =IF(AND(B14<>"",X14<>"Oui"),1,0) -> 0
A15: 9 | B15: =IF('Dépenses forfaitaires'!B15="","",'Dépenses forfaitaires'!B15) | C15: =IF('Dépenses forfaitaires'!C15="","",'Dépenses forfaitaires'!C15) | D15: =IF('Dépenses forfaitaires'!D15="","",'Dépenses forfaitaires'!D15) | E15: =IF('Dépenses forfaitaires'!E15="","",'Dépenses forfaitaires'!E15) | F15: =IF('Dépenses forfaitaires'!F15="","",'Dépenses forfaitaires'!F15) | G15: =IF('Dépenses forfaitaires'!G15="","",'Dépenses forfaitaires'!G15) | H15: =IF('Dépenses forfaitaires'!H15="","",'Dépenses forfaitaires'!H15) | I15: =IF('Dépenses forfaitaires'!I15="","",'Dépenses forfaitaires'!I15) | ... L15: =IF('Dépenses forfaitaires'!L15="","",'Dépenses forfaitaires'!L15) | M15: =IF($H15="","",IF($C15=Listes!$B$32,IF('DP_Instruction Forfaitaires'!$E15<Listes!$B$53,('DP_Instruction Forfaitaires'!$E15*(VLOOKUP('DP_Instruction Forfaitaires'!$D15,Listes!$A$54:$E$60,2,FALSE))),IF('DP_Instruction Forfaitaires'!$E15>Listes!$E$53,('DP_Instruction Forfaitaires'!$E15*(VLOOKUP('DP_Instruction Forfaitaires'!$D15,Listes!$A$54:$E$60,5,FALSE))),('DP_Instruction Forfaitaires'!$E15*(VLOOKUP('DP_Instruction Forfaitaires'!$D15,Listes!$A$54:$E$60,3,FALSE))+(VLOOKUP('DP_Instruction Forfaitaires'!$D15,Listes!$A$54:$E$60,4,FALSE))))))) | N15: =IF($H15="","",IF($C15=Listes!$B$31,IF('DP_Instruction Forfaitaires'!$E15<Listes!$B$42,('DP_Instruction Forfaitaires'!$E15*(VLOOKUP('DP_Instruction Forfaitaires'!$D15,Listes!$A$43:$E$49,2,FALSE))),IF('DP_Instruction Forfaitaires'!$E15>Listes!$D$42,('DP_Instruction Forfaitaires'!$E15*(VLOOKUP('DP_Instruction Forfaitaires'!$D15,Listes!$A$43:$E$49,5,FALSE))),('DP_Instruction Forfaitaires'!$E15*(VLOOKUP('DP_Instruction Forfaitaires'!$D15,Listes!$A$43:$E$49,3,FALSE))+(VLOOKUP('DP_Instruction Forfaitaires'!$D15,Listes!$A$43:$E$49,4,FALSE))))))) | O15: =IF($H15="","",IF($C15=Listes!$B$34,Listes!$I$31,IF($C15=Listes!$B$35,(VLOOKUP('DP_Instruction Forfaitaires'!$F15,Listes!$E$31:$F$36,2,FALSE)),IF($C15=Listes!$B$33,IF('DP_Instruction Forfaitaires'!$E15<Listes!$A$64,'DP_Instruction Forfaitaires'!$E15*Listes!$A$65,IF('DP_Instruction Forfaitaires'!$E15>Listes!$D$64,'DP_Instruction Forfaitaires'!$E15*Listes!$D$65,(('DP_Instruction Forfaitaires'!$E15*Listes!$B$65)+Listes!$C$65))))))) | P15: =IF('Dépenses forfaitaires'!Q15="","",'Dépenses forfaitaires'!Q15) | R15: =IF(Q15="","",IF(Q15="KO","",K15)) | S15: =IF(Q15="","",IF(Q15="KO","",L15)) | T15: =IF($I15="","",($O15+$N15+$M15)*$I15) | W15: =IF(AND(OR(Q15="KO",T15<>""),OR(R15="",S15="",T15="")),Listes!$A$68,IF(AND(T15="",R15<>""),Listes!$A$69,IF(AND(P15<T15,V15=""),Listes!$A$70,IF(AND(R15>S15),Listes!$A$71,IF(AND(P15<>"",P15>T15,U15=""),Listes!$A$72,IF(AND(X15="",OR(Q15<>"",R15<>"",S15<>"")),Listes!$A$73,"")))))) | Y15: =IF(AND(B15<>"",X15<>"Oui"),1,0) -> 0
A16: 10 | B16: =IF('Dépenses forfaitaires'!B16="","",'Dépenses forfaitaires'!B16) | C16: =IF('Dépenses forfaitaires'!C16="","",'Dépenses forfaitaires'!C16) | D16: =IF('Dépenses forfaitaires'!D16="","",'Dépenses forfaitaires'!D16) | E16: =IF('Dépenses forfaitaires'!E16="","",'Dépenses forfaitaires'!E16) | F16: =IF('Dépenses forfaitaires'!F16="","",'Dépenses forfaitaires'!F16) | G16: =IF('Dépenses forfaitaires'!G16="","",'Dépenses forfaitaires'!G16) | H16: =IF('Dépenses forfaitaires'!H16="","",'Dépenses forfaitaires'!H16) | I16: =IF('Dépenses forfaitaires'!I16="","",'Dépenses forfaitaires'!I16) | ... L16: =IF('Dépenses forfaitaires'!L16="","",'Dépenses forfaitaires'!L16) | M16: =IF($H16="","",IF($C16=Listes!$B$32,IF('DP_Instruction Forfaitaires'!$E16<Listes!$B$53,('DP_Instruction Forfaitaires'!$E16*(VLOOKUP('DP_Instruction Forfaitaires'!$D16,Listes!$A$54:$E$60,2,FALSE))),IF('DP_Instruction Forfaitaires'!$E16>Listes!$E$53,('DP_Instruction Forfaitaires'!$E16*(VLOOKUP('DP_Instruction Forfaitaires'!$D16,Listes!$A$54:$E$60,5,FALSE))),('DP_Instruction Forfaitaires'!$E16*(VLOOKUP('DP_Instruction Forfaitaires'!$D16,Listes!$A$54:$E$60,3,FALSE))+(VLOOKUP('DP_Instruction Forfaitaires'!$D16,Listes!$A$54:$E$60,4,FALSE))))))) | N16: =IF($H16="","",IF($C16=Listes!$B$31,IF('DP_Instruction Forfaitaires'!$E16<Listes!$B$42,('DP_Instruction Forfaitaires'!$E16*(VLOOKUP('DP_Instruction Forfaitaires'!$D16,Listes!$A$43:$E$49,2,FALSE))),IF('DP_Instruction Forfaitaires'!$E16>Listes!$D$42,('DP_Instruction Forfaitaires'!$E16*(VLOOKUP('DP_Instruction Forfaitaires'!$D16,Listes!$A$43:$E$49,5,FALSE))),('DP_Instruction Forfaitaires'!$E16*(VLOOKUP('DP_Instruction Forfaitaires'!$D16,Listes!$A$43:$E$49,3,FALSE))+(VLOOKUP('DP_Instruction Forfaitaires'!$D16,Listes!$A$43:$E$49,4,FALSE))))))) | O16: =IF($H16="","",IF($C16=Listes!$B$34,Listes!$I$31,IF($C16=Listes!$B$35,(VLOOKUP('DP_Instruction Forfaitaires'!$F16,Listes!$E$31:$F$36,2,FALSE)),IF($C16=Listes!$B$33,IF('DP_Instruction Forfaitaires'!$E16<Listes!$A$64,'DP_Instruction Forfaitaires'!$E16*Listes!$A$65,IF('DP_Instruction Forfaitaires'!$E16>Listes!$D$64,'DP_Instruction Forfaitaires'!$E16*Listes!$D$65,(('DP_Instruction Forfaitaires'!$E16*Listes!$B$65)+Listes!$C$65))))))) | P16: =IF('Dépenses forfaitaires'!Q16="","",'Dépenses forfaitaires'!Q16) | R16: =IF(Q16="","",IF(Q16="KO","",K16)) | S16: =IF(Q16="","",IF(Q16="KO","",L16)) | T16: =IF($I16="","",($O16+$N16+$M16)*$I16) | W16: =IF(AND(OR(Q16="KO",T16<>""),OR(R16="",S16="",T16="")),Listes!$A$68,IF(AND(T16="",R16<>""),Listes!$A$69,IF(AND(P16<T16,V16=""),Listes!$A$70,IF(AND(R16>S16),Listes!$A$71,IF(AND(P16<>"",P16>T16,U16=""),Listes!$A$72,IF(AND(X16="",OR(Q16<>"",R16<>"",S16<>"")),Listes!$A$73,"")))))) | Y16: =IF(AND(B16<>"",X16<>"Oui"),1,0) -> 0
A17: 11 | B17: =IF('Dépenses forfaitaires'!B17="","",'Dépenses forfaitaires'!B17) | C17: =IF('Dépenses forfaitaires'!C17="","",'Dépenses forfaitaires'!C17) | D17: =IF('Dépenses forfaitaires'!D17="","",'Dépenses forfaitaires'!D17) | E17: =IF('Dépenses forfaitaires'!E17="","",'Dépenses forfaitaires'!E17) | F17: =IF('Dépenses forfaitaires'!F17="","",'Dépenses forfaitaires'!F17) | G17: =IF('Dépenses forfaitaires'!G17="","",'Dépenses forfaitaires'!G17) | H17: =IF('Dépenses forfaitaires'!H17="","",'Dépenses forfaitaires'!H17) | I17: =IF('Dépenses forfaitaires'!I17="","",'Dépenses forfaitaires'!I17) | ... L17: =IF('Dépenses forfaitaires'!L17="","",'Dépenses forfaitaires'!L17) | M17: =IF($H17="","",IF($C17=Listes!$B$32,IF('DP_Instruction Forfaitaires'!$E17<Listes!$B$53,('DP_Instruction Forfaitaires'!$E17*(VLOOKUP('DP_Instruction Forfaitaires'!$D17,Listes!$A$54:$E$60,2,FALSE))),IF('DP_Instruction Forfaitaires'!$E17>Listes!$E$53,('DP_Instruction Forfaitaires'!$E17*(VLOOKUP('DP_Instruction Forfaitaires'!$D17,Listes!$A$54:$E$60,5,FALSE))),('DP_Instruction Forfaitaires'!$E17*(VLOOKUP('DP_Instruction Forfaitaires'!$D17,Listes!$A$54:$E$60,3,FALSE))+(VLOOKUP('DP_Instruction Forfaitaires'!$D17,Listes!$A$54:$E$60,4,FALSE))))))) | N17: =IF($H17="","",IF($C17=Listes!$B$31,IF('DP_Instruction Forfaitaires'!$E17<Listes!$B$42,('DP_Instruction Forfaitaires'!$E17*(VLOOKUP('DP_Instruction Forfaitaires'!$D17,Listes!$A$43:$E$49,2,FALSE))),IF('DP_Instruction Forfaitaires'!$E17>Listes!$D$42,('DP_Instruction Forfaitaires'!$E17*(VLOOKUP('DP_Instruction Forfaitaires'!$D17,Listes!$A$43:$E$49,5,FALSE))),('DP_Instruction Forfaitaires'!$E17*(VLOOKUP('DP_Instruction Forfaitaires'!$D17,Listes!$A$43:$E$49,3,FALSE))+(VLOOKUP('DP_Instruction Forfaitaires'!$D17,Listes!$A$43:$E$49,4,FALSE))))))) | O17: =IF($H17="","",IF($C17=Listes!$B$34,Listes!$I$31,IF($C17=Listes!$B$35,(VLOOKUP('DP_Instruction Forfaitaires'!$F17,Listes!$E$31:$F$36,2,FALSE)),IF($C17=Listes!$B$33,IF('DP_Instruction Forfaitaires'!$E17<Listes!$A$64,'DP_Instruction Forfaitaires'!$E17*Listes!$A$65,IF('DP_Instruction Forfaitaires'!$E17>Listes!$D$64,'DP_Instruction Forfaitaires'!$E17*Listes!$D$65,(('DP_Instruction Forfaitaires'!$E17*Listes!$B$65)+Listes!$C$65))))))) | P17: =IF('Dépenses forfaitaires'!Q17="","",'Dépenses forfaitaires'!Q17) | R17: =IF(Q17="","",IF(Q17="KO","",K17)) | S17: =IF(Q17="","",IF(Q17="KO","",L17)) | T17: =IF($I17="","",($O17+$N17+$M17)*$I17) | W17: =IF(AND(OR(Q17="KO",T17<>""),OR(R17="",S17="",T17="")),Listes!$A$68,IF(AND(T17="",R17<>""),Listes!$A$69,IF(AND(P17<T17,V17=""),Listes!$A$70,IF(AND(R17>S17),Listes!$A$71,IF(AND(P17<>"",P17>T17,U17=""),Listes!$A$72,IF(AND(X17="",OR(Q17<>"",R17<>"",S17<>"")),Listes!$A$73,"")))))) | Y17: =IF(AND(B17<>"",X17<>"Oui"),1,0) -> 0
A18: 12 | B18: =IF('Dépenses forfaitaires'!B18="","",'Dépenses forfaitaires'!B18) | C18: =IF('Dépenses forfaitaires'!C18="","",'Dépenses forfaitaires'!C18) | D18: =IF('Dépenses forfaitaires'!D18="","",'Dépenses forfaitaires'!D18) | E18: =IF('Dépenses forfaitaires'!E18="","",'Dépenses forfaitaires'!E18) | F18: =IF('Dépenses forfaitaires'!F18="","",'Dépenses forfaitaires'!F18) | G18: =IF('Dépenses forfaitaires'!G18="","",'Dépenses forfaitaires'!G18) | H18: =IF('Dépenses forfaitaires'!H18="","",'Dépenses forfaitaires'!H18) | I18: =IF('Dépenses forfaitaires'!I18="","",'Dépenses forfaitaires'!I18) | ... L18: =IF('Dépenses forfaitaires'!L18="","",'Dépenses forfaitaires'!L18) | M18: =IF($H18="","",IF($C18=Listes!$B$32,IF('DP_Instruction Forfaitaires'!$E18<Listes!$B$53,('DP_Instruction Forfaitaires'!$E18*(VLOOKUP('DP_Instruction Forfaitaires'!$D18,Listes!$A$54:$E$60,2,FALSE))),IF('DP_Instruction Forfaitaires'!$E18>Listes!$E$53,('DP_Instruction Forfaitaires'!$E18*(VLOOKUP('DP_Instruction Forfaitaires'!$D18,Listes!$A$54:$E$60,5,FALSE))),('DP_Instruction Forfaitaires'!$E18*(VLOOKUP('DP_Instruction Forfaitaires'!$D18,Listes!$A$54:$E$60,3,FALSE))+(VLOOKUP('DP_Instruction Forfaitaires'!$D18,Listes!$A$54:$E$60,4,FALSE))))))) | N18: =IF($H18="","",IF($C18=Listes!$B$31,IF('DP_Instruction Forfaitaires'!$E18<Listes!$B$42,('DP_Instruction Forfaitaires'!$E18*(VLOOKUP('DP_Instruction Forfaitaires'!$D18,Listes!$A$43:$E$49,2,FALSE))),IF('DP_Instruction Forfaitaires'!$E18>Listes!$D$42,('DP_Instruction Forfaitaires'!$E18*(VLOOKUP('DP_Instruction Forfaitaires'!$D18,Listes!$A$43:$E$49,5,FALSE))),('DP_Instruction Forfaitaires'!$E18*(VLOOKUP('DP_Instruction Forfaitaires'!$D18,Listes!$A$43:$E$49,3,FALSE))+(VLOOKUP('DP_Instruction Forfaitaires'!$D18,Listes!$A$43:$E$49,4,FALSE))))))) | O18: =IF($H18="","",IF($C18=Listes!$B$34,Listes!$I$31,IF($C18=Listes!$B$35,(VLOOKUP('DP_Instruction Forfaitaires'!$F18,Listes!$E$31:$F$36,2,FALSE)),IF($C18=Listes!$B$33,IF('DP_Instruction Forfaitaires'!$E18<Listes!$A$64,'DP_Instruction Forfaitaires'!$E18*Listes!$A$65,IF('DP_Instruction Forfaitaires'!$E18>Listes!$D$64,'DP_Instruction Forfaitaires'!$E18*Listes!$D$65,(('DP_Instruction Forfaitaires'!$E18*Listes!$B$65)+Listes!$C$65))))))) | P18: =IF('Dépenses forfaitaires'!Q18="","",'Dépenses forfaitaires'!Q18) | R18: =IF(Q18="","",IF(Q18="KO","",K18)) | S18: =IF(Q18="","",IF(Q18="KO","",L18)) | T18: =IF($I18="","",($O18+$N18+$M18)*$I18) | W18: =IF(AND(OR(Q18="KO",T18<>""),OR(R18="",S18="",T18="")),Listes!$A$68,IF(AND(T18="",R18<>""),Listes!$A$69,IF(AND(P18<T18,V18=""),Listes!$A$70,IF(AND(R18>S18),Listes!$A$71,IF(AND(P18<>"",P18>T18,U18=""),Listes!$A$72,IF(AND(X18="",OR(Q18<>"",R18<>"",S18<>"")),Listes!$A$73,"")))))) | Y18: =IF(AND(B18<>"",X18<>"Oui"),1,0) -> 0
A19: 13 | B19: =IF('Dépenses forfaitaires'!B19="","",'Dépenses forfaitaires'!B19) | C19: =IF('Dépenses forfaitaires'!C19="","",'Dépenses forfaitaires'!C19) | D19: =IF('Dépenses forfaitaires'!D19="","",'Dépenses forfaitaires'!D19) | E19: =IF('Dépenses forfaitaires'!E19="","",'Dépenses forfaitaires'!E19) | F19: =IF('Dépenses forfaitaires'!F19="","",'Dépenses forfaitaires'!F19) | G19: =IF('Dépenses forfaitaires'!G19="","",'Dépenses forfaitaires'!G19) | H19: =IF('Dépenses forfaitaires'!H19="","",'Dépenses forfaitaires'!H19) | I19: =IF('Dépenses forfaitaires'!I19="","",'Dépenses forfaitaires'!I19) | ... L19: =IF('Dépenses forfaitaires'!L19="","",'Dépenses forfaitaires'!L19) | M19: =IF($H19="","",IF($C19=Listes!$B$32,IF('DP_Instruction Forfaitaires'!$E19<Listes!$B$53,('DP_Instruction Forfaitaires'!$E19*(VLOOKUP('DP_Instruction Forfaitaires'!$D19,Listes!$A$54:$E$60,2,FALSE))),IF('DP_Instruction Forfaitaires'!$E19>Listes!$E$53,('DP_Instruction Forfaitaires'!$E19*(VLOOKUP('DP_Instruction Forfaitaires'!$D19,Listes!$A$54:$E$60,5,FALSE))),('DP_Instruction Forfaitaires'!$E19*(VLOOKUP('DP_Instruction Forfaitaires'!$D19,Listes!$A$54:$E$60,3,FALSE))+(VLOOKUP('DP_Instruction Forfaitaires'!$D19,Listes!$A$54:$E$60,4,FALSE))))))) | N19: =IF($H19="","",IF($C19=Listes!$B$31,IF('DP_Instruction Forfaitaires'!$E19<Listes!$B$42,('DP_Instruction Forfaitaires'!$E19*(VLOOKUP('DP_Instruction Forfaitaires'!$D19,Listes!$A$43:$E$49,2,FALSE))),IF('DP_Instruction Forfaitaires'!$E19>Listes!$D$42,('DP_Instruction Forfaitaires'!$E19*(VLOOKUP('DP_Instruction Forfaitaires'!$D19,Listes!$A$43:$E$49,5,FALSE))),('DP_Instruction Forfaitaires'!$E19*(VLOOKUP('DP_Instruction Forfaitaires'!$D19,Listes!$A$43:$E$49,3,FALSE))+(VLOOKUP('DP_Instruction Forfaitaires'!$D19,Listes!$A$43:$E$49,4,FALSE))))))) | O19: =IF($H19="","",IF($C19=Listes!$B$34,Listes!$I$31,IF($C19=Listes!$B$35,(VLOOKUP('DP_Instruction Forfaitaires'!$F19,Listes!$E$31:$F$36,2,FALSE)),IF($C19=Listes!$B$33,IF('DP_Instruction Forfaitaires'!$E19<Listes!$A$64,'DP_Instruction Forfaitaires'!$E19*Listes!$A$65,IF('DP_Instruction Forfaitaires'!$E19>Listes!$D$64,'DP_Instruction Forfaitaires'!$E19*Listes!$D$65,(('DP_Instruction Forfaitaires'!$E19*Listes!$B$65)+Listes!$C$65))))))) | P19: =IF('Dépenses forfaitaires'!Q19="","",'Dépenses forfaitaires'!Q19) | R19: =IF(Q19="","",IF(Q19="KO","",K19)) | S19: =IF(Q19="","",IF(Q19="KO","",L19)) | T19: =IF($I19="","",($O19+$N19+$M19)*$I19) | W19: =IF(AND(OR(Q19="KO",T19<>""),OR(R19="",S19="",T19="")),Listes!$A$68,IF(AND(T19="",R19<>""),Listes!$A$69,IF(AND(P19<T19,V19=""),Listes!$A$70,IF(AND(R19>S19),Listes!$A$71,IF(AND(P19<>"",P19>T19,U19=""),Listes!$A$72,IF(AND(X19="",OR(Q19<>"",R19<>"",S19<>"")),Listes!$A$73,"")))))) | Y19: =IF(AND(B19<>"",X19<>"Oui"),1,0) -> 0
... A506: 500 | B506: =IF('Dépenses forfaitaires'!B506="","",'Dépenses forfaitaires'!B506) | C506: =IF('Dépenses forfaitaires'!C506="","",'Dépenses forfaitaires'!C506) | D506: =IF('Dépenses forfaitaires'!D506="","",'Dépenses forfaitaires'!D506) | E506: =IF('Dépenses forfaitaires'!E506="","",'Dépenses forfaitaires'!E506) | F506: =IF('Dépenses forfaitaires'!F506="","",'Dépenses forfaitaires'!F506) | G506: =IF('Dépenses forfaitaires'!G506="","",'Dépenses forfaitaires'!G506) | H506: =IF('Dépenses forfaitaires'!H506="","",'Dépenses forfaitaires'!H506) | I506: =IF('Dépenses forfaitaires'!I506="","",'Dépenses forfaitaires'!I506) | ... L506: =IF('Dépenses forfaitaires'!L506="","",'Dépenses forfaitaires'!L506) | M506: =IF($H506="","",IF($C506=Listes!$B$32,IF('DP_Instruction Forfaitaires'!$E506<Listes!$B$53,('DP_Instruction Forfaitaires'!$E506*(VLOOKUP('DP_Instruction Forfaitaires'!$D506,Listes!$A$54:$E$60,2,FALSE))),IF('DP_Instruction Forfaitaires'!$E506>Listes!$E$53,('DP_Instruction Forfaitaires'!$E506*(VLOOKUP('DP_Instruction Forfaitaires'!$D506,Listes!$A$54:$E$60,5,FALSE))),('DP_Instruction Forfaitaires'!$E506*(VLOOKUP('DP_Instruction Forfaitaires'!$D506,Listes!$A$54:$E$60,3,FALSE))+(VLOOKUP('DP_Instruction Forfaitaires'!$D506,Listes!$A$54:$E$60,4,FALSE))))))) | N506: =IF($H506="","",IF($C506=Listes!$B$31,IF('DP_Instruction Forfaitaires'!$E506<Listes!$B$42,('DP_Instruction Forfaitaires'!$E506*(VLOOKUP('DP_Instruction Forfaitaires'!$D506,Listes!$A$43:$E$49,2,FALSE))),IF('DP_Instruction Forfaitaires'!$E506>Listes!$D$42,('DP_Instruction Forfaitaires'!$E506*(VLOOKUP('DP_Instruction Forfaitaires'!$D506,Listes!$A$43:$E$49,5,FALSE))),('DP_Instruction Forfaitaires'!$E506*(VLOOKUP('DP_Instruction Forfaitaires'!$D506,Listes!$A$43:$E$49,3,FALSE))+(VLOOKUP('DP_Instruction Forfaitaires'!$D506,Listes!$A$43:$E$49,4,FALSE))))))) | O506: =IF($H506="","",IF($C506=Listes!$B$34,Listes!$I$31,IF($C506=Listes!$B$35,(VLOOKUP('DP_Instruction Forfaitaires'!$F506,Listes!$E$31:$F$36,2,FALSE)),IF($C506=Listes!$B$33,IF('DP_Instruction Forfaitaires'!$E506<Listes!$A$64,'DP_Instruction Forfaitaires'!$E506*Listes!$A$65,IF('DP_Instruction Forfaitaires'!$E506>Listes!$D$64,'DP_Instruction Forfaitaires'!$E506*Listes!$D$65,(('DP_Instruction Forfaitaires'!$E506*Listes!$B$65)+Listes!$C$65))))))) | P506: =IF('Dépenses forfaitaires'!Q506="","",'Dépenses forfaitaires'!Q506) | R506: =IF(Q506="","",IF(Q506="KO","",K506)) | S506: =IF(Q506="","",IF(Q506="KO","",L506)) | T506: =IF($I506="","",($O506+$N506+$M506)*$I506) | W506: =IF(AND(OR(Q506="KO",T506<>""),OR(R506="",S506="",T506="")),Listes!$A$68,IF(AND(T506="",R506<>""),Listes!$A$69,IF(AND(P506<T506,V506=""),Listes!$A$70,IF(AND(R506>S506),Listes!$A$71,IF(AND(P506<>"",P506>T506,U506=""),Listes!$A$72,IF(AND(X506="",OR(Q506<>"",R506<>"",S506<>"")),Listes!$A$73,"")))))) | Y506: =IF(AND(B506<>"",X506<>"Oui"),1,0) -> 0
J507: =IF('Dépenses forfaitaires'!J507="","",'Dépenses forfaitaires'!J507) | P507: TOTAL | T507: =SUM(T7:T506) -> 0

Sheet Listes
A1: Dépense sur devis | B1: Frais de personnel | C1: Déplacements sur frais réels
A2: Sous-catégorie de dépenses | B2: Sous-catégorie de dépenses | C2: Sous-catégorie de dépenses | E2: Boléen
A3: Publicité européenne | B3: Salaire_chercheur | C3: Billets d'avion | E3: Oui
A4: Achat de matériel | B4: Salaire_directeur | C4: Billets de train | E4: Non
A5: Achat de prestation | B5: Salaire_ingénieur
A6: Communication et promotion | B6: Salaire_technicien | J6: =Listes!G31:G33+Listes!G31+Listes!G31 -> #VALUE!
A7: Etude préalable
A10: Motif d'inégibilité | C10: Type de transfert
A11: Date acquittement non conforme DJ | C11: Transfert
A12: Défaut d'acquittement | C12: Hors-Transfert
A13: Intervenant non qualifié
A14: Justificatif non conforme
A15: Justificatif absent
A16: Nature de dépense inéligible
A17: Dépense non liée à l'opération
A18: Incohérence entre montant présenté et montant justifié
A19: TVA inéligible
A20: Auto-facturation
A21: Dépense retenue dans un autre dossier
A22: Matériel et équipement d'occasion
A23: Investissements de simple remplacement
A24: Maître d'oeuvre non agrée
... A26: Date antérieure au début d'éligibilité
A30: Puissance adminstrative du véhicule | B30: Description de l'intervention | C30: Unités de l'intervention | D30: Dépenses sur barèmes | E30: Frais d'hébergement | G30: Billets d'avion | H30: Plafond billet d'avion | I30: Frais de restauration
A31: 1 CV et moins | B31: Frais de déplacement Voitures | C31: Frais de déplacement (barèmes kilométriques) | D31: Kilomètres | E31: Paris | F31: 140 | G31: Aller - Retour Mayotte - Hexagone | H31: 1900 | I31: 20
A32: 2 CV | B32: Frais de déplacement Motocyclettes | C32: Frais de déplacement (barèmes kilométriques) | D32: Kilomètres | E32: Commune du Grand Paris | F32: 120 | G32: Aller - Retour Mayotte - La Réunion | H32: 700
A33: 3 CV | B33: Frais de déplacement Cyclomoteurs | C33: Frais de déplacement (barèmes kilométriques) | D33: Kilomètres | E33: Ville de + de 200 000 habitants | F33: 120 | G33: Aller - Retour Mayotte - Caraïbes | H33: 2200
A34: 4 CV | B34: Frais de restauration | C34: Frais de restauration | D34: Repas | E34: Mayotte / Outre-mer | F34: 120
A35: 5 CV | B35: Frais d'hébergement | C35: Frais d'hébergement | D35: Nuit(s) | E35: Autre ville / Commune | F35: 90
A36: 6 CV | E36: Travailleur handicapé en situation de mobilité réduite | F36: 150
A37: 7 CV et plus
A41: TARIF APPLICABLE AUX AUTOMOBILES
A42: Puissance administrative | B42: 5000 | C42: 5001 | D42: 20000 | E42: 20000
A43: 1 CV et moins | B43: 0.529 | C43: 0.316 | D43: 1065 | E43: 0.37
A44: 2 CV | B44: 0.529 | C44: 0.316 | D44: 1065 | E44: 0.37
A45: 3 CV | B45: 0.529 | C45: 0.316 | D45: 1065 | E45: 0.37
A46: 4 CV | B46: 0.606 | C46: 0.34 | D46: 1330 | E46: 0.407
A47: 5 CV | B47: 0.636 | C47: 0.357 | D47: 1395 | E47: 0.427
A48: 6 CV | B48: 0.665 | C48: 0.374 | D48: 1457 | E48: 0.447
A49: 7 CV et plus | B49: 0.697 | C49: 0.394 | D49: 1515 | E49: 0.47
A52: TARIF APPLICABLE AUX MOTOCYCLETTES
A53: Puissance administrative | B53: 3000 | C53: 3001 | D53: 6000 | E53: 6000
A54: 1 CV et moins | B54: 0.395 | C54: 0.099 | D54: 891 | E54: 0.248
A55: 2 CV | B55: 0.395 | C55: 0.099 | D55: 891 | E55: 0.248
A56: 3 CV | B56: 0.468 | C56: 0.082 | D56: 1158 | E56: 0.275
A57: 4 CV | B57: 0.468 | C57: 0.082 | D57: 1158 | E57: 0.275
A58: 5 CV | B58: 0.468 | C58: 0.082 | D58: 1158 | E58: 0.275
A59: 6 CV | B59: 0.606 | C59: 0.079 | D59: 1583 | E59: 0.343
A60: 7 CV et plus | B60: 0.606 | C60: 0.079 | D60: 1583 | E60: 0.343
A63: TARIF APPLICABLE AUX CYCLOMOTEURS
A64: 3000 | B64: 3001 | C64: 6000 | D64: 6000
A65: 0.315 | B65: 0.079 | C65: 711 | D65: 0.198
A67: Message informatif DP_Instruction factures SI
A68: Veuillez saisir les dates
A69: Veuillez saisir le Montant éligible
A70: Montant éligible est supérieur au Montant présenté, veuillez préciser le motif en commentaire
A71: La date d'acquittement est antérieur à la date d'émission
A72: Le Montant éligible est inférieur au Montant présenté, veuillez préciser le motif d'inéligibilité
A73: Valider l'instruction de la ligne de dépense
A76: Niveau d’étude - Poste | B76: Salaire brut c (1607 heures annuelles)
A77: Salaire_chercheur | B77: 140000
A78: Salaire_directeur | B78: 110000
A79: Salaire_ingénieur | B79: 80000
A80: Salaire_technicien | B80: 60000
A94: Objet demande de paiement
A95: Acompte 1
A96: Acompte 2
A97: Acompte 3
A98: Acompte 4
A99: Acompte 5
A100: Acompte 6
A101: Acompte 7
A102: Acompte 8
A103: Acompte 9
A104: Acompte 10
A105: Solde
... A110: KO
